Workbook
Name A4_: Jan!$D$6
Name Alimentação: Real!#REF!
Name FeiraSacolão: Real!#REF!
Name Janeiro: Real!$A$2:$O$77
Name Moradia: Real!#REF!
Name Outroscafés: Real!#REF!
Name Padaria: Real!#REF!
Name Refeiçãoforadecasa: Real!#REF!
Name Supermercado: Real!#REF!
Name Supermercado: Jan!$D$6

Sheet Instruções
B1: Orçamento Doméstico
B3: Por que elaborar um plano de orçamento doméstico ?
B6: 1) acompanhar a origem e destino das receitas (salário e rendimento adicional);
B7: 2) identificar o hábito de consumo e os bens e serviços essenciais;
B8: 3) controlar gastos para manter o equilíbrio financeiro;
B9: 4) prever os rendimentos para o mês à frente;
B10: 5) planejar e definir prioridades
B12: A elaboração do orçamento doméstico exige dedicação, porém, é necessária para quem tem planos e deseja ter mais tranquilidade para lidar com as contas e realizar projetos futuros.
B13: Estabelecer metas e envolver a família contribui para alcançar esse objetivo.
B17: Como utilizar a planilha de orçamento doméstico
B19: 1º passo: | C19: Para mudar o ano nas pastas digite o novo período aqui | I19: 2026
C20: Identifique a pasta correspondente ao mês de consumo conforme o nome indicado no rodapé da planilha.
C23: Ao iniciar o uso da planilha limpe as informações inseridas como exemplos nos campos autorizados para ilustrar a funcionalidade da ferramenta.
C24: As pastas que NÃO necessitam de preenchimento estão protegidas por senhas para evitar que as fórmulas sejam apagadas acidentalmente.
B25: 2º passo: | C25: A planilha está configurada em: Pastas com nome dos meses de consumo; pasta "Real" consolida as informações lançadas mensalmente; pasta "Previsão" para lançamento antecipado
C26: dos gastos previstos para todo o ano seguinte; pasta "C.Crédito" para acompanhamento das compras parceladas; pasta "Aplicações" para consolidar informações sobre investimentos;
C27: pasta "Real x Previsto" para comparar os gastos realizados e previstos e auxiliar na reoganização dos recursos; e pasta "Gráfico" para avaliar o desempenho e identificar origem e destino
C28: dos recursos .
C29: É importante antes de iniciar o ano, preencher a planilha de previsão, não precisa ser valores exatos, basta acompanhar a média de receita e despesas do ano anterior.
C30: Para auxiliar a identificação de onde a conta deve ser lançada, entre em qualquer mês e localize o botão e localize
C31: onde esta conta deve ser lançada e preencha todos os meses. Esta planilha será preenchida uma única vez, você gastará um tempinho a mais, porém, somente uma vez para preencher
C32: os campos, imagine como será sua vida financeira durante o ano todo.
C34: No dia-a-dia o preenchimento da planilha será mais rápido e fácil, após selecionar o mês em curso, preencha apenas os campos com fundo branco, cada conta ocupará uma linha.
C35: Serão preenchidas cinco campos: Código da conta, data, descritivo ou nome do fornecedor, valor e meio de pagamento.
C37: As informações mais revelantes sobre receita/despesa serão preenchidas nas pastas mensais. As pastas: "Real" e "Gráfico" serão preenchidas automaticamente, as pastas "C.Crédito" e
C38: "Aplicações" apresentam campos que devem ser preenchidos conforme a orientação indicada nas pastas.
B40: 3º passo: | C40: Nas pastas mensais, além do lançamento da conta (receita ou despesa), haverá um registro da movimentação financeira, através do saldo de pagamento das contas.
C41: A movimentação do saldo no mês, partirá do saldo anterior, que deverá ser preenchido ao iniciar o mês, o fluxo será atualizado a cada novo lançamento de conta. Para essa condição,
C42: a movimentação seguirá os meios de pagamento e respectivos canais (conta corrente, dinheiro e cartão de crédito).
C43: Para que os campos da movimentação do saldo no mês reconheça qual canal de pagamento foi utilizado, realize a (entrada/saída) ao lado do valor de cada conta com o botão
C44: e registre no campo correspondente o código do meio de pagamento.
C46: Preencha somente os campos vazios com fundo branco, cada despesa deverá ocupar uma linha, para saber qual o código correspondente.
C48: Antes de fazer o lançamento verifique o código da despesa. Ex.: Grupo Educação - Subgrupo Matrícula/Mensalidade = E1. Ao digitar o código o texto surgirá no campo indicado
C49: basta lançar o nome do estabelecimento, o valor e o meio de pagamento utilizado.
L50: Digite nos campos correspondentes o saldo final do mês anterior
L51: e saldo parcelado do cartão de crédito para próxima fatura
B57: 4º passo: | C57: As informações lançadas nos meses serão automaticamente transferedas para a pasta "Real" , nessa tabela será possível acompanhar tudo que foi recebido e gasto no ano.
C58: Logo abaixo da tabela com detalhamento das contas, está disponível o consolidado e o resumo do fluxo dos meios de pagamentos (entradas/saídas). O acompanhamento
C59: dessas duas planilhas é importante para a compreensão que não pagamos exatamente como recebemos e consumimos, portanto uma complementa a outra e auxilia na decisão
C60: de como consumir e administrar o risco de endividamento.
B72: 5º passo: | C72: A pasta "Previsto Ano" deve ser preenchida com a média simples das receitas e despesas realizadas nos últimos seis meses, mesmo que seja do ano anterior.
C73: Se não for possível, estime com base nos valores do mês atual e faça ajustes durante os primeiros meses do ano e procure se manter dentro do orçamento previsto.
B75: 6º passo: | C75: A pasta "C.Credito" deverá ser preenchida com os dados correspondentes aos lançamentos com parcelamento de compras no cartão, e projeção dos valores para os próximos meses.
B77: 7º passo: | C77: A pasta "Aplicações" tem o objetivo de estimular o consumidor a refletir o consumo e programar recursos para realizar gastos emergenciais ou projetos futuros. A estrutura da
C78: da pasta possibilita a inclusão de outros campos de acordo com as aplicações que cada usuário possui em função da grande variedade de investimentos existentes. O objetivo da
C79: tabela é estimular a formação de uma reserva, partindo da caderneta de poupança, acessível ao perfil de toda a população e de baixo risco.
C80: A planilha não realiza o cálculo de remuneração, mas a consolidação dos investimentos a partir dos registros obtidos em extratos para acompanhar ao longo do ano a composição do saldo.
C81: extratos dos bancos, o acompanhamento consolidado das contas.
C82: Juntamente com a tabela de aplicações financeiras foi projetada uma tabela bem simples identificada como "Projetos Futuros - quanto guardar para realizar..." a proposta é registrar
C83: projetos e planos futuros, muitos sem data determinada, mas que é possível projetar hoje o investimento necessário e programar a formação do saldo necessário para realizá-lo em
C84: algum momento futuro.
B86: 8º passo: | C86: A pasta "Real x Previsto" apresenta a comparação entre o real x previsto mensal e a participação percentual de cada grupo de despesa sobre a receita no mês. Esta tabela e também
C87: a pasta contendo os gráficos são preenchidas automaticmente, conforme a inclusão dos dados mensalmente.
B91: Natureza das despesas e o fluxo de caixa
B93: 1. Receita líquida: Correspondentes a todo o recurso financeiro que é disponibilizado na conta corrente como: salário líquido, 1/3 de férias, décimo terceiro salário, mesada,
B94: recebimento de aluguel, aposentadoria, restituição de IR, ou salário recebido durante o mês.
B95: 2. Detalhamento de Despesas: Foram criados nove grupos com as despesas mais frequentes , classificadas como fixas e variáveis, que envolvem as necessidades essenciais para a sobrevivência das pessoas e que fazem parte de seu cotidiano da maioria das famílias
B97: As despesas fixas são contas regulares, ou seja, ocorrem todos os meses e garantem a prestação de serviços contínuos e essenciais, como: fornecimento de energia elétrica, água, aluguel, prestação da casa, alimentação. Despesas que não podem ser interrompidas e possuem menor flexibilidade para administrar.
B99: As despesas variáveis são despesas de ocorrência eventual e consideradas não essenciais, ou seja, podem ter o seu consumo suspenso, reduzido, substituido e interrompido como: Gastos com lazer(cinema, teatro, restaurantes), gasolina, estacionamento, seguros, empréstimo.
B101: 3. Meio de pagamento utilizado: Corresponde aos canais utilizados para efetuar o pagamento das contas. Nesse caso, passa-se a observar a disponibilidade de dinheiro em conta para realizar os compromisso assumidos no mês, de acordo como a receita disponível e os gastos realizados.
B104: Atenção para os lançamento das despesas pagas com CARTÕES DE CRÉDITO. O uso do cartão de crédito possui algumas particularidades em função do uso no presente e o pagamento no futuro, com variações como compras parceladas e possibilidade de pagamento mínimo. Nesses casos, lance cada valor efetivamente pago nos meses correspondentes.
B106: Para fazer o lançamento no campo "Detalhamento de despesas" considere a forma de pagamento. Veja os exemplos: a. Compra sem parcelamento no cartão de crédito: Exemplo: Compras no supermercado, lance o valor pago com cartão direto no grupo Alimentação/supermercado. b. Compra parcelada no cartão de crédito: Exemplo: Uma geladeira que custa R$ 960,00 e foi adquirida em 10 parcelas sem juros, lance o valor equivalente a 1º parcela no campo Moradia/reforma casa/aquisição de bens, nos meses seguintes lance a parcela na pasta "C.Crédito" Parcelas no cartão de meses anteriores".
B108: 4. Fluxo de Caixa: Esse quadro não precisa ser preenchido é composto por fórmulas com os resultados dos lançamento realizados e resume toda a movimentação financeira do mês e indica as condições de saldo disponível ou a situação de uso do cheque especial. O fluxo considera o saldo do mês anterior juntamente com a receita líquida do mês e indica o saldo em caixa para os pagamentos a serem realizados (Receita - Despesa).
B111: DESAFIO DA POUPANÇA: Constituir uma reserva para emergências ou formar uma poupança para a realização de um projeto futuro, exemplo: (Viagem, compra de uma TV nova, reformar a casa) requer um dedicação e disciplina com os gastos e deve ser considerado como uma despesa, um compromisso permanente. A partir desse ponto, será possível juntar um pouco de dinheiro.
B112: 8. Comparativo no mês: Esta pasta permite acompanhar a relação entre as previsões estimadas e a situação real entre receita e despesa. Os gráficos são alimentados por fórmulas e são alterados de acordo com os dados lançados no campo Real. Através do gráfico é possível visualizar a participação que cada despesa tem na receita e também quais são os meios de pagamentos mais utilizados no mês. Estas informações são úteis no momento de revisão de gastos e planejamento de aquisição de bens e serviços de valores elevados.
B113: 9. Gráfico com participação das despesas: Os gráficos permitem um avaliação da destinação da renda e os meios de pagamento mais utilizados. Apresenta a concentração das maiores despesas e sinaliza desequilíbrios e necessidade de revisão de gastos. Os gráficos são alimentados por fórmulas e alterados de acordo com o lançamento da coluna (Real) do mês correspondente.

Sheet Jan
C1: Orçamento Doméstico
B2: Descritivo de Receitas e Despesas realizadas | F2: Janeiro | H2: =+Instruções!$I$19 -> 2026 | J2: Movimentação do saldo no mês
H3: Meio de pagamento | J3: Saldo do mês anterior
B4: Grupo de conta | C4: Sub-grupo de conta | D4: Cod. | E4: Data | F4: Descritivo | G4: Valor R$ | J4: C.Corrente (+ / -) | K4: Dinheiro (+ / -) | L4: C. de Crédito (+)
J5: -92.8 | L5: 220
A6: 1 | B6: =IF(IF(ISERROR(VLOOKUP(D6,Codigo!$B$4:$C$67,2,FALSE)),"",VLOOKUP(D6,Codigo!$B$4:$C$67,2,FALSE))=D6,"",VLOOKUP(D6,(Codigo!$B$4:$C$67),2,FALSE)) -> Receita | C6: =IF(IF(ISERROR(VLOOKUP(D6,Codigo!$B$4:$C$67,2,FALSE)),"",VLOOKUP(D6,Codigo!$B$4:$C$67,2,FALSE))=D6,"",VLOOKUP(D6,(Codigo!$B$2:$D$67),3,FALSE)) -> Aposentadoria | D6: R4 | E6: 40909 | F6: INSS | G6: 1000 | H6: DP | J6: =IF(H6="",(""),IF(H6="DP",(J5+G6),IF(H6="DB",(J5-G6),IF(H6="TR",(J5-G6),IF(H6="CH",(J5-G6),IF(H6="SQ",(J5-G6),J5)))))) -> 907.2 | K6: =IF(H6="",(""),IF(H6="SQ",(K5+G6),IF(H6="RD",(K5+G6),IF(H6="DI",(K5-G6),K5)))) -> 0 | L6: =IF(H6="",(""),IF(H6="CC",(L5+G6),IF(H6="PC",(L5+G6),L5))) -> 220
B7: =IF(IF(ISERROR(VLOOKUP(D7,Codigo!$B$4:$C$67,2,FALSE)),"",VLOOKUP(D7,Codigo!$B$4:$C$67,2,FALSE))=D7,"",VLOOKUP(D7,(Codigo!$B$4:$C$67),2,FALSE)) -> Alimentação | C7: =IF(IF(ISERROR(VLOOKUP(D7,Codigo!$B$4:$C$67,2,FALSE)),"",VLOOKUP(D7,Codigo!$B$4:$C$67,2,FALSE))=D7,"",VLOOKUP(D7,(Codigo!$B$2:$D$67),3,FALSE)) -> Supermercado | D7: a1 | E7: 41275 | F7: xx | G7: 500 | H7: DB | J7: =IF(H7="",(""),IF(H7="DP",(J6+G7),IF(H7="DB",(J6-G7),IF(H7="TR",(J6-G7),IF(H7="CH",(J6-G7),IF(H7="SQ",(J6-G7),J6)))))) -> 407.2 | K7: =IF(H7="",(""),IF(H7="SQ",(K6+G7),IF(H7="RD",(K6+G7),IF(H7="DI",(K6-G7),K6)))) -> 0 | L7: =IF(H7="",(""),IF(H7="CC",(L6+G7),IF(H7="PC",(L6+G7),L6))) -> 220
B8: =IF(IF(ISERROR(VLOOKUP(D8,Codigo!$B$4:$C$67,2,FALSE)),"",VLOOKUP(D8,Codigo!$B$4:$C$67,2,FALSE))=D8,"",VLOOKUP(D8,(Codigo!$B$4:$C$67),2,FALSE)) -> Serviços Financeiros | C8: =IF(IF(ISERROR(VLOOKUP(D8,Codigo!$B$4:$C$67,2,FALSE)),"",VLOOKUP(D8,Codigo!$B$4:$C$67,2,FALSE))=D8,"",VLOOKUP(D8,(Codigo!$B$2:$D$67),3,FALSE)) -> Previdência privada | D8: f3 | E8: 1 | F8: banco x | G8: 500 | H8: tr | J8: =IF(H8="",(""),IF(H8="DP",(J7+G8),IF(H8="DB",(J7-G8),IF(H8="TR",(J7-G8),IF(H8="CH",(J7-G8),IF(H8="SQ",(J7-G8),J7)))))) -> -92.8 | K8: =IF(H8="",(""),IF(H8="SQ",(K7+G8),IF(H8="RD",(K7+G8),IF(H8="DI",(K7-G8),K7)))) -> 0 | L8: =IF(H8="",(""),IF(H8="CC",(L7+G8),IF(H8="PC",(L7+G8),L7))) -> 220
B9: =IF(IF(ISERROR(VLOOKUP(D9,Codigo!$B$4:$C$67,2,FALSE)),"",VLOOKUP(D9,Codigo!$B$4:$C$67,2,FALSE))=D9,"",VLOOKUP(D9,(Codigo!$B$4:$C$67),2,FALSE)) -> Alimentação | C9: =IF(IF(ISERROR(VLOOKUP(D9,Codigo!$B$4:$C$67,2,FALSE)),"",VLOOKUP(D9,Codigo!$B$4:$C$67,2,FALSE))=D9,"",VLOOKUP(D9,(Codigo!$B$2:$D$67),3,FALSE)) -> Supermercado | D9: a1 | E9: 41275 | F9: Loja | G9: 650 | H9: cc | J9: =IF(H9="",(""),IF(H9="DP",(J8+G9),IF(H9="DB",(J8-G9),IF(H9="TR",(J8-G9),IF(H9="CH",(J8-G9),IF(H9="SQ",(J8-G9),J8)))))) -> -92.8 | K9: =IF(H9="",(""),IF(H9="SQ",(K8+G9),IF(H9="RD",(K8+G9),IF(H9="DI",(K8-G9),K8)))) -> 0 | L9: =IF(H9="",(""),IF(H9="CC",(L8+G9),IF(H9="PC",(L8+G9),L8))) -> 870
B10: =IF(IF(ISERROR(VLOOKUP(D10,Codigo!$B$4:$C$67,2,FALSE)),"",VLOOKUP(D10,Codigo!$B$4:$C$67,2,FALSE))=D10,"",VLOOKUP(D10,(Codigo!$B$4:$C$67),2,FALSE)) | C10: =IF(IF(ISERROR(VLOOKUP(D10,Codigo!$B$4:$C$67,2,FALSE)),"",VLOOKUP(D10,Codigo!$B$4:$C$67,2,FALSE))=D10,"",VLOOKUP(D10,(Codigo!$B$2:$D$67),3,FALSE)) | J10: =IF(H10="",(""),IF(H10="DP",(J9+G10),IF(H10="DB",(J9-G10),IF(H10="TR",(J9-G10),IF(H10="CH",(J9-G10),IF(H10="SQ",(J9-G10),J9)))))) | K10: =IF(H10="",(""),IF(H10="SQ",(K9+G10),IF(H10="RD",(K9+G10),IF(H10="DI",(K9-G10),K9)))) | L10: =IF(H10="",(""),IF(H10="CC",(L9+G10),IF(H10="PC",(L9+G10),L9)))
B11: =IF(IF(ISERROR(VLOOKUP(D11,Codigo!$B$4:$C$67,2,FALSE)),"",VLOOKUP(D11,Codigo!$B$4:$C$67,2,FALSE))=D11,"",VLOOKUP(D11,(Codigo!$B$4:$C$67),2,FALSE)) | C11: =IF(IF(ISERROR(VLOOKUP(D11,Codigo!$B$4:$C$67,2,FALSE)),"",VLOOKUP(D11,Codigo!$B$4:$C$67,2,FALSE))=D11,"",VLOOKUP(D11,(Codigo!$B$2:$D$67),3,FALSE)) | J11: =IF(H11="",(""),IF(H11="DP",(J10+G11),IF(H11="DB",(J10-G11),IF(H11="TR",(J10-G11),IF(H11="CH",(J10-G11),IF(H11="SQ",(J10-G11),J10)))))) | K11: =IF(H11="",(""),IF(H11="SQ",(K10+G11),IF(H11="RD",(K10+G11),IF(H11="DI",(K10-G11),K10)))) | L11: =IF(H11="",(""),IF(H11="CC",(L10+G11),IF(H11="PC",(L10+G11),L10)))
B12: =IF(IF(ISERROR(VLOOKUP(D12,Codigo!$B$4:$C$67,2,FALSE)),"",VLOOKUP(D12,Codigo!$B$4:$C$67,2,FALSE))=D12,"",VLOOKUP(D12,(Codigo!$B$4:$C$67),2,FALSE)) | C12: =IF(IF(ISERROR(VLOOKUP(D12,Codigo!$B$4:$C$67,2,FALSE)),"",VLOOKUP(D12,Codigo!$B$4:$C$67,2,FALSE))=D12,"",VLOOKUP(D12,(Codigo!$B$2:$D$67),3,FALSE)) | J12: =IF(H12="",(""),IF(H12="DP",(J11+G12),IF(H12="DB",(J11-G12),IF(H12="TR",(J11-G12),IF(H12="CH",(J11-G12),IF(H12="SQ",(J11-G12),J11)))))) | K12: =IF(H12="",(""),IF(H12="SQ",(K11+G12),IF(H12="RD",(K11+G12),IF(H12="DI",(K11-G12),K11)))) | L12: =IF(H12="",(""),IF(H12="CC",(L11+G12),IF(H12="PC",(L11+G12),L11)))
B13: =IF(IF(ISERROR(VLOOKUP(D13,Codigo!$B$4:$C$67,2,FALSE)),"",VLOOKUP(D13,Codigo!$B$4:$C$67,2,FALSE))=D13,"",VLOOKUP(D13,(Codigo!$B$4:$C$67),2,FALSE)) | C13: =IF(IF(ISERROR(VLOOKUP(D13,Codigo!$B$4:$C$67,2,FALSE)),"",VLOOKUP(D13,Codigo!$B$4:$C$67,2,FALSE))=D13,"",VLOOKUP(D13,(Codigo!$B$2:$D$67),3,FALSE)) | J13: =IF(H13="",(""),IF(H13="DP",(J12+G13),IF(H13="DB",(J12-G13),IF(H13="TR",(J12-G13),IF(H13="CH",(J12-G13),IF(H13="SQ",(J12-G13),J12)))))) | K13: =IF(H13="",(""),IF(H13="SQ",(K12+G13),IF(H13="RD",(K12+G13),IF(H13="DI",(K12-G13),K12)))) | L13: =IF(H13="",(""),IF(H13="CC",(L12+G13),IF(H13="PC",(L12+G13),L12)))
B14: =IF(IF(ISERROR(VLOOKUP(D14,Codigo!$B$4:$C$67,2,FALSE)),"",VLOOKUP(D14,Codigo!$B$4:$C$67,2,FALSE))=D14,"",VLOOKUP(D14,(Codigo!$B$4:$C$67),2,FALSE)) | C14: =IF(IF(ISERROR(VLOOKUP(D14,Codigo!$B$4:$C$67,2,FALSE)),"",VLOOKUP(D14,Codigo!$B$4:$C$67,2,FALSE))=D14,"",VLOOKUP(D14,(Codigo!$B$2:$D$67),3,FALSE)) | J14: =IF(H14="",(""),IF(H14="DP",(J13+G14),IF(H14="DB",(J13-G14),IF(H14="TR",(J13-G14),IF(H14="CH",(J13-G14),IF(H14="SQ",(J13-G14),J13)))))) | K14: =IF(H14="",(""),IF(H14="SQ",(K13+G14),IF(H14="RD",(K13+G14),IF(H14="DI",(K13-G14),K13)))) | L14: =IF(H14="",(""),IF(H14="CC",(L13+G14),IF(H14="PC",(L13+G14),L13)))
B15: =IF(IF(ISERROR(VLOOKUP(D15,Codigo!$B$4:$C$67,2,FALSE)),"",VLOOKUP(D15,Codigo!$B$4:$C$67,2,FALSE))=D15,"",VLOOKUP(D15,(Codigo!$B$4:$C$67),2,FALSE)) | C15: =IF(IF(ISERROR(VLOOKUP(D15,Codigo!$B$4:$C$67,2,FALSE)),"",VLOOKUP(D15,Codigo!$B$4:$C$67,2,FALSE))=D15,"",VLOOKUP(D15,(Codigo!$B$2:$D$67),3,FALSE)) | J15: =IF(H15="",(""),IF(H15="DP",(J14+G15),IF(H15="DB",(J14-G15),IF(H15="TR",(J14-G15),IF(H15="CH",(J14-G15),IF(H15="SQ",(J14-G15),J14)))))) | K15: =IF(H15="",(""),IF(H15="SQ",(K14+G15),IF(H15="RD",(K14+G15),IF(H15="DI",(K14-G15),K14)))) | L15: =IF(H15="",(""),IF(H15="CC",(L14+G15),IF(H15="PC",(L14+G15),L14)))
B16: =IF(IF(ISERROR(VLOOKUP(D16,Codigo!$B$4:$C$67,2,FALSE)),"",VLOOKUP(D16,Codigo!$B$4:$C$67,2,FALSE))=D16,"",VLOOKUP(D16,(Codigo!$B$4:$C$67),2,FALSE)) | C16: =IF(IF(ISERROR(VLOOKUP(D16,Codigo!$B$4:$C$67,2,FALSE)),"",VLOOKUP(D16,Codigo!$B$4:$C$67,2,FALSE))=D16,"",VLOOKUP(D16,(Codigo!$B$2:$D$67),3,FALSE)) | J16: =IF(H16="",(""),IF(H16="DP",(J15+G16),IF(H16="DB",(J15-G16),IF(H16="TR",(J15-G16),IF(H16="CH",(J15-G16),IF(H16="SQ",(J15-G16),J15)))))) | K16: =IF(H16="",(""),IF(H16="SQ",(K15+G16),IF(H16="RD",(K15+G16),IF(H16="DI",(K15-G16),K15)))) | L16: =IF(H16="",(""),IF(H16="CC",(L15+G16),IF(H16="PC",(L15+G16),L15)))
B17: =IF(IF(ISERROR(VLOOKUP(D17,Codigo!$B$4:$C$67,2,FALSE)),"",VLOOKUP(D17,Codigo!$B$4:$C$67,2,FALSE))=D17,"",VLOOKUP(D17,(Codigo!$B$4:$C$67),2,FALSE)) | C17: =IF(IF(ISERROR(VLOOKUP(D17,Codigo!$B$4:$C$67,2,FALSE)),"",VLOOKUP(D17,Codigo!$B$4:$C$67,2,FALSE))=D17,"",VLOOKUP(D17,(Codigo!$B$2:$D$67),3,FALSE)) | J17: =IF(H17="",(""),IF(H17="DP",(J16+G17),IF(H17="DB",(J16-G17),IF(H17="TR",(J16-G17),IF(H17="CH",(J16-G17),IF(H17="SQ",(J16-G17),J16)))))) | K17: =IF(H17="",(""),IF(H17="SQ",(K16+G17),IF(H17="RD",(K16+G17),IF(H17="DI",(K16-G17),K16)))) | L17: =IF(H17="",(""),IF(H17="CC",(L16+G17),IF(H17="PC",(L16+G17),L16)))
B18: =IF(IF(ISERROR(VLOOKUP(D18,Codigo!$B$4:$C$67,2,FALSE)),"",VLOOKUP(D18,Codigo!$B$4:$C$67,2,FALSE))=D18,"",VLOOKUP(D18,(Codigo!$B$4:$C$67),2,FALSE)) | C18: =IF(IF(ISERROR(VLOOKUP(D18,Codigo!$B$4:$C$67,2,FALSE)),"",VLOOKUP(D18,Codigo!$B$4:$C$67,2,FALSE))=D18,"",VLOOKUP(D18,(Codigo!$B$2:$D$67),3,FALSE)) | J18: =IF(H18="",(""),IF(H18="DP",(J17+G18),IF(H18="DB",(J17-G18),IF(H18="TR",(J17-G18),IF(H18="CH",(J17-G18),IF(H18="SQ",(J17-G18),J17)))))) | K18: =IF(H18="",(""),IF(H18="SQ",(K17+G18),IF(H18="RD",(K17+G18),IF(H18="DI",(K17-G18),K17)))) | L18: =IF(H18="",(""),IF(H18="CC",(L17+G18),IF(H18="PC",(L17+G18),L17)))
B19: =IF(IF(ISERROR(VLOOKUP(D19,Codigo!$B$4:$C$67,2,FALSE)),"",VLOOKUP(D19,Codigo!$B$4:$C$67,2,FALSE))=D19,"",VLOOKUP(D19,(Codigo!$B$4:$C$67),2,FALSE)) | C19: =IF(IF(ISERROR(VLOOKUP(D19,Codigo!$B$4:$C$67,2,FALSE)),"",VLOOKUP(D19,Codigo!$B$4:$C$67,2,FALSE))=D19,"",VLOOKUP(D19,(Codigo!$B$2:$D$67),3,FALSE)) | J19: =IF(H19="",(""),IF(H19="DP",(J18+G19),IF(H19="DB",(J18-G19),IF(H19="TR",(J18-G19),IF(H19="CH",(J18-G19),IF(H19="SQ",(J18-G19),J18)))))) | K19: =IF(H19="",(""),IF(H19="SQ",(K18+G19),IF(H19="RD",(K18+G19),IF(H19="DI",(K18-G19),K18)))) | L19: =IF(H19="",(""),IF(H19="CC",(L18+G19),IF(H19="PC",(L18+G19),L18)))
B20: =IF(IF(ISERROR(VLOOKUP(D20,Codigo!$B$4:$C$67,2,FALSE)),"",VLOOKUP(D20,Codigo!$B$4:$C$67,2,FALSE))=D20,"",VLOOKUP(D20,(Codigo!$B$4:$C$67),2,FALSE)) | C20: =IF(IF(ISERROR(VLOOKUP(D20,Codigo!$B$4:$C$67,2,FALSE)),"",VLOOKUP(D20,Codigo!$B$4:$C$67,2,FALSE))=D20,"",VLOOKUP(D20,(Codigo!$B$2:$D$67),3,FALSE)) | J20: =IF(H20="",(""),IF(H20="DP",(J19+G20),IF(H20="DB",(J19-G20),IF(H20="TR",(J19-G20),IF(H20="CH",(J19-G20),IF(H20="SQ",(J19-G20),J19)))))) | K20: =IF(H20="",(""),IF(H20="SQ",(K19+G20),IF(H20="RD",(K19+G20),IF(H20="DI",(K19-G20),K19)))) | L20: =IF(H20="",(""),IF(H20="CC",(L19+G20),IF(H20="PC",(L19+G20),L19)))
B21: =IF(IF(ISERROR(VLOOKUP(D21,Codigo!$B$4:$C$67,2,FALSE)),"",VLOOKUP(D21,Codigo!$B$4:$C$67,2,FALSE))=D21,"",VLOOKUP(D21,(Codigo!$B$4:$C$67),2,FALSE)) | C21: =IF(IF(ISERROR(VLOOKUP(D21,Codigo!$B$4:$C$67,2,FALSE)),"",VLOOKUP(D21,Codigo!$B$4:$C$67,2,FALSE))=D21,"",VLOOKUP(D21,(Codigo!$B$2:$D$67),3,FALSE)) | J21: =IF(H21="",(""),IF(H21="DP",(J20+G21),IF(H21="DB",(J20-G21),IF(H21="TR",(J20-G21),IF(H21="CH",(J20-G21),IF(H21="SQ",(J20-G21),J20)))))) | K21: =IF(H21="",(""),IF(H21="SQ",(K20+G21),IF(H21="RD",(K20+G21),IF(H21="DI",(K20-G21),K20)))) | L21: =IF(H21="",(""),IF(H21="CC",(L20+G21),IF(H21="PC",(L20+G21),L20)))
... B75: =IF(IF(ISERROR(VLOOKUP(D75,Codigo!$B$4:$C$67,2,FALSE)),"",VLOOKUP(D75,Codigo!$B$4:$C$67,2,FALSE))=D75,"",VLOOKUP(D75,(Codigo!$B$4:$C$67),2,FALSE)) | C75: =IF(IF(ISERROR(VLOOKUP(D75,Codigo!$B$4:$C$67,2,FALSE)),"",VLOOKUP(D75,Codigo!$B$4:$C$67,2,FALSE))=D75,"",VLOOKUP(D75,(Codigo!$B$2:$D$67),3,FALSE)) | J75: =IF(H75="",(""),IF(H75="DP",(J74+G75),IF(H75="DB",(J74-G75),IF(H75="TR",(J74-G75),IF(H75="CH",(J74-G75),IF(H75="SQ",(J74-G75),J74)))))) | K75: =IF(H75="",(""),IF(H75="SQ",(K74+G75),IF(H75="RD",(K74+G75),IF(H75="DI",(K74-G75),K74)))) | L75: =IF(H75="",(""),IF(H75="CC",(L74+G75),IF(H75="PC",(L74+G75),L74)))
F76: Saldo no mês | J76: =+J75 | K76: =+K75 | L76: =+L75
A213: 5
A214: 1

Sheet Fev
C1: Orçamento Doméstico
B2: Descritivo de Receitas e Despesas realizadas | F2: Fevereiro | H2: =+Instruções!$I$19 -> 2026 | J2: Movimentação do saldo no mês
H3: Meio de pagamento | J3: Saldo do mês anterior
B4: Grupo de conta | C4: Sub-grupo de conta | D4: Cod. | E4: Data | F4: Descritivo | G4: Valor R$ | J4: C.Corrente (+ / -) | K4: Dinheiro (+ / -) | L4: C. de Crédito (+)
A6: 1 | B6: =IF(IF(ISERROR(VLOOKUP(D6,Codigo!$B$4:$C$67,2,FALSE)),"",VLOOKUP(D6,Codigo!$B$4:$C$67,2,FALSE))=D6,"",VLOOKUP(D6,(Codigo!$B$4:$C$67),2,FALSE)) | C6: =IF(IF(ISERROR(VLOOKUP(D6,Codigo!$B$4:$C$67,2,FALSE)),"",VLOOKUP(D6,Codigo!$B$4:$C$67,2,FALSE))=D6,"",VLOOKUP(D6,(Codigo!$B$2:$D$67),3,FALSE)) | J6: =IF(H6="",(""),IF(H6="DP",(J5+G6),IF(H6="DB",(J5-G6),IF(H6="TR",(J5-G6),IF(H6="CH",(J5-G6),IF(H6="SQ",(J5-G6),J5)))))) | K6: =IF(H6="",(""),IF(H6="SQ",(K5+G6),IF(H6="RD",(K5+G6),IF(H6="DI",(K5-G6),K5)))) | L6: =IF(H6="",(""),IF(H6="CC",(L5+G6),IF(H6="PC",(L5+G6),L5)))
B7: =IF(IF(ISERROR(VLOOKUP(D7,Codigo!$B$4:$C$67,2,FALSE)),"",VLOOKUP(D7,Codigo!$B$4:$C$67,2,FALSE))=D7,"",VLOOKUP(D7,(Codigo!$B$4:$C$67),2,FALSE)) | C7: =IF(IF(ISERROR(VLOOKUP(D7,Codigo!$B$4:$C$67,2,FALSE)),"",VLOOKUP(D7,Codigo!$B$4:$C$67,2,FALSE))=D7,"",VLOOKUP(D7,(Codigo!$B$2:$D$67),3,FALSE)) | J7: =IF(H7="",(""),IF(H7="DP",(J6+G7),IF(H7="DB",(J6-G7),IF(H7="TR",(J6-G7),IF(H7="CH",(J6-G7),IF(H7="SQ",(J6-G7),J6)))))) | K7: =IF(H7="",(""),IF(H7="SQ",(K6+G7),IF(H7="RD",(K6+G7),IF(H7="DI",(K6-G7),K6)))) | L7: =IF(H7="",(""),IF(H7="CC",(L6+G7),IF(H7="PC",(L6+G7),L6)))
B8: =IF(IF(ISERROR(VLOOKUP(D8,Codigo!$B$4:$C$67,2,FALSE)),"",VLOOKUP(D8,Codigo!$B$4:$C$67,2,FALSE))=D8,"",VLOOKUP(D8,(Codigo!$B$4:$C$67),2,FALSE)) | C8: =IF(IF(ISERROR(VLOOKUP(D8,Codigo!$B$4:$C$67,2,FALSE)),"",VLOOKUP(D8,Codigo!$B$4:$C$67,2,FALSE))=D8,"",VLOOKUP(D8,(Codigo!$B$2:$D$67),3,FALSE)) | J8: =IF(H8="",(""),IF(H8="DP",(J7+G8),IF(H8="DB",(J7-G8),IF(H8="TR",(J7-G8),IF(H8="CH",(J7-G8),IF(H8="SQ",(J7-G8),J7)))))) | K8: =IF(H8="",(""),IF(H8="SQ",(K7+G8),IF(H8="RD",(K7+G8),IF(H8="DI",(K7-G8),K7)))) | L8: =IF(H8="",(""),IF(H8="CC",(L7+G8),IF(H8="PC",(L7+G8),L7)))
B9: =IF(IF(ISERROR(VLOOKUP(D9,Codigo!$B$4:$C$67,2,FALSE)),"",VLOOKUP(D9,Codigo!$B$4:$C$67,2,FALSE))=D9,"",VLOOKUP(D9,(Codigo!$B$4:$C$67),2,FALSE)) | C9: =IF(IF(ISERROR(VLOOKUP(D9,Codigo!$B$4:$C$67,2,FALSE)),"",VLOOKUP(D9,Codigo!$B$4:$C$67,2,FALSE))=D9,"",VLOOKUP(D9,(Codigo!$B$2:$D$67),3,FALSE)) | J9: =IF(H9="",(""),IF(H9="DP",(J8+G9),IF(H9="DB",(J8-G9),IF(H9="TR",(J8-G9),IF(H9="CH",(J8-G9),IF(H9="SQ",(J8-G9),J8)))))) | K9: =IF(H9="",(""),IF(H9="SQ",(K8+G9),IF(H9="RD",(K8+G9),IF(H9="DI",(K8-G9),K8)))) | L9: =IF(H9="",(""),IF(H9="CC",(L8+G9),IF(H9="PC",(L8+G9),L8)))
B10: =IF(IF(ISERROR(VLOOKUP(D10,Codigo!$B$4:$C$67,2,FALSE)),"",VLOOKUP(D10,Codigo!$B$4:$C$67,2,FALSE))=D10,"",VLOOKUP(D10,(Codigo!$B$4:$C$67),2,FALSE)) | C10: =IF(IF(ISERROR(VLOOKUP(D10,Codigo!$B$4:$C$67,2,FALSE)),"",VLOOKUP(D10,Codigo!$B$4:$C$67,2,FALSE))=D10,"",VLOOKUP(D10,(Codigo!$B$2:$D$67),3,FALSE)) | J10: =IF(H10="",(""),IF(H10="DP",(J9+G10),IF(H10="DB",(J9-G10),IF(H10="TR",(J9-G10),IF(H10="CH",(J9-G10),IF(H10="SQ",(J9-G10),J9)))))) | K10: =IF(H10="",(""),IF(H10="SQ",(K9+G10),IF(H10="RD",(K9+G10),IF(H10="DI",(K9-G10),K9)))) | L10: =IF(H10="",(""),IF(H10="CC",(L9+G10),IF(H10="PC",(L9+G10),L9)))
B11: =IF(IF(ISERROR(VLOOKUP(D11,Codigo!$B$4:$C$67,2,FALSE)),"",VLOOKUP(D11,Codigo!$B$4:$C$67,2,FALSE))=D11,"",VLOOKUP(D11,(Codigo!$B$4:$C$67),2,FALSE)) | C11: =IF(IF(ISERROR(VLOOKUP(D11,Codigo!$B$4:$C$67,2,FALSE)),"",VLOOKUP(D11,Codigo!$B$4:$C$67,2,FALSE))=D11,"",VLOOKUP(D11,(Codigo!$B$2:$D$67),3,FALSE)) | J11: =IF(H11="",(""),IF(H11="DP",(J10+G11),IF(H11="DB",(J10-G11),IF(H11="TR",(J10-G11),IF(H11="CH",(J10-G11),IF(H11="SQ",(J10-G11),J10)))))) | K11: =IF(H11="",(""),IF(H11="SQ",(K10+G11),IF(H11="RD",(K10+G11),IF(H11="DI",(K10-G11),K10)))) | L11: =IF(H11="",(""),IF(H11="CC",(L10+G11),IF(H11="PC",(L10+G11),L10)))
B12: =IF(IF(ISERROR(VLOOKUP(D12,Codigo!$B$4:$C$67,2,FALSE)),"",VLOOKUP(D12,Codigo!$B$4:$C$67,2,FALSE))=D12,"",VLOOKUP(D12,(Codigo!$B$4:$C$67),2,FALSE)) | C12: =IF(IF(ISERROR(VLOOKUP(D12,Codigo!$B$4:$C$67,2,FALSE)),"",VLOOKUP(D12,Codigo!$B$4:$C$67,2,FALSE))=D12,"",VLOOKUP(D12,(Codigo!$B$2:$D$67),3,FALSE)) | J12: =IF(H12="",(""),IF(H12="DP",(J11+G12),IF(H12="DB",(J11-G12),IF(H12="TR",(J11-G12),IF(H12="CH",(J11-G12),IF(H12="SQ",(J11-G12),J11)))))) | K12: =IF(H12="",(""),IF(H12="SQ",(K11+G12),IF(H12="RD",(K11+G12),IF(H12="DI",(K11-G12),K11)))) | L12: =IF(H12="",(""),IF(H12="CC",(L11+G12),IF(H12="PC",(L11+G12),L11)))
B13: =IF(IF(ISERROR(VLOOKUP(D13,Codigo!$B$4:$C$67,2,FALSE)),"",VLOOKUP(D13,Codigo!$B$4:$C$67,2,FALSE))=D13,"",VLOOKUP(D13,(Codigo!$B$4:$C$67),2,FALSE)) | C13: =IF(IF(ISERROR(VLOOKUP(D13,Codigo!$B$4:$C$67,2,FALSE)),"",VLOOKUP(D13,Codigo!$B$4:$C$67,2,FALSE))=D13,"",VLOOKUP(D13,(Codigo!$B$2:$D$67),3,FALSE)) | J13: =IF(H13="",(""),IF(H13="DP",(J12+G13),IF(H13="DB",(J12-G13),IF(H13="TR",(J12-G13),IF(H13="CH",(J12-G13),IF(H13="SQ",(J12-G13),J12)))))) | K13: =IF(H13="",(""),IF(H13="SQ",(K12+G13),IF(H13="RD",(K12+G13),IF(H13="DI",(K12-G13),K12)))) | L13: =IF(H13="",(""),IF(H13="CC",(L12+G13),IF(H13="PC",(L12+G13),L12)))
B14: =IF(IF(ISERROR(VLOOKUP(D14,Codigo!$B$4:$C$67,2,FALSE)),"",VLOOKUP(D14,Codigo!$B$4:$C$67,2,FALSE))=D14,"",VLOOKUP(D14,(Codigo!$B$4:$C$67),2,FALSE)) | C14: =IF(IF(ISERROR(VLOOKUP(D14,Codigo!$B$4:$C$67,2,FALSE)),"",VLOOKUP(D14,Codigo!$B$4:$C$67,2,FALSE))=D14,"",VLOOKUP(D14,(Codigo!$B$2:$D$67),3,FALSE)) | J14: =IF(H14="",(""),IF(H14="DP",(J13+G14),IF(H14="DB",(J13-G14),IF(H14="TR",(J13-G14),IF(H14="CH",(J13-G14),IF(H14="SQ",(J13-G14),J13)))))) | K14: =IF(H14="",(""),IF(H14="SQ",(K13+G14),IF(H14="RD",(K13+G14),IF(H14="DI",(K13-G14),K13)))) | L14: =IF(H14="",(""),IF(H14="CC",(L13+G14),IF(H14="PC",(L13+G14),L13)))
B15: =IF(IF(ISERROR(VLOOKUP(D15,Codigo!$B$4:$C$67,2,FALSE)),"",VLOOKUP(D15,Codigo!$B$4:$C$67,2,FALSE))=D15,"",VLOOKUP(D15,(Codigo!$B$4:$C$67),2,FALSE)) | C15: =IF(IF(ISERROR(VLOOKUP(D15,Codigo!$B$4:$C$67,2,FALSE)),"",VLOOKUP(D15,Codigo!$B$4:$C$67,2,FALSE))=D15,"",VLOOKUP(D15,(Codigo!$B$2:$D$67),3,FALSE)) | J15: =IF(H15="",(""),IF(H15="DP",(J14+G15),IF(H15="DB",(J14-G15),IF(H15="TR",(J14-G15),IF(H15="CH",(J14-G15),IF(H15="SQ",(J14-G15),J14)))))) | K15: =IF(H15="",(""),IF(H15="SQ",(K14+G15),IF(H15="RD",(K14+G15),IF(H15="DI",(K14-G15),K14)))) | L15: =IF(H15="",(""),IF(H15="CC",(L14+G15),IF(H15="PC",(L14+G15),L14)))
B16: =IF(IF(ISERROR(VLOOKUP(D16,Codigo!$B$4:$C$67,2,FALSE)),"",VLOOKUP(D16,Codigo!$B$4:$C$67,2,FALSE))=D16,"",VLOOKUP(D16,(Codigo!$B$4:$C$67),2,FALSE)) | C16: =IF(IF(ISERROR(VLOOKUP(D16,Codigo!$B$4:$C$67,2,FALSE)),"",VLOOKUP(D16,Codigo!$B$4:$C$67,2,FALSE))=D16,"",VLOOKUP(D16,(Codigo!$B$2:$D$67),3,FALSE)) | J16: =IF(H16="",(""),IF(H16="DP",(J15+G16),IF(H16="DB",(J15-G16),IF(H16="TR",(J15-G16),IF(H16="CH",(J15-G16),IF(H16="SQ",(J15-G16),J15)))))) | K16: =IF(H16="",(""),IF(H16="SQ",(K15+G16),IF(H16="RD",(K15+G16),IF(H16="DI",(K15-G16),K15)))) | L16: =IF(H16="",(""),IF(H16="CC",(L15+G16),IF(H16="PC",(L15+G16),L15)))
B17: =IF(IF(ISERROR(VLOOKUP(D17,Codigo!$B$4:$C$67,2,FALSE)),"",VLOOKUP(D17,Codigo!$B$4:$C$67,2,FALSE))=D17,"",VLOOKUP(D17,(Codigo!$B$4:$C$67),2,FALSE)) | C17: =IF(IF(ISERROR(VLOOKUP(D17,Codigo!$B$4:$C$67,2,FALSE)),"",VLOOKUP(D17,Codigo!$B$4:$C$67,2,FALSE))=D17,"",VLOOKUP(D17,(Codigo!$B$2:$D$67),3,FALSE)) | J17: =IF(H17="",(""),IF(H17="DP",(J16+G17),IF(H17="DB",(J16-G17),IF(H17="TR",(J16-G17),IF(H17="CH",(J16-G17),IF(H17="SQ",(J16-G17),J16)))))) | K17: =IF(H17="",(""),IF(H17="SQ",(K16+G17),IF(H17="RD",(K16+G17),IF(H17="DI",(K16-G17),K16)))) | L17: =IF(H17="",(""),IF(H17="CC",(L16+G17),IF(H17="PC",(L16+G17),L16)))
B18: =IF(IF(ISERROR(VLOOKUP(D18,Codigo!$B$4:$C$67,2,FALSE)),"",VLOOKUP(D18,Codigo!$B$4:$C$67,2,FALSE))=D18,"",VLOOKUP(D18,(Codigo!$B$4:$C$67),2,FALSE)) | C18: =IF(IF(ISERROR(VLOOKUP(D18,Codigo!$B$4:$C$67,2,FALSE)),"",VLOOKUP(D18,Codigo!$B$4:$C$67,2,FALSE))=D18,"",VLOOKUP(D18,(Codigo!$B$2:$D$67),3,FALSE)) | J18: =IF(H18="",(""),IF(H18="DP",(J17+G18),IF(H18="DB",(J17-G18),IF(H18="TR",(J17-G18),IF(H18="CH",(J17-G18),IF(H18="SQ",(J17-G18),J17)))))) | K18: =IF(H18="",(""),IF(H18="SQ",(K17+G18),IF(H18="RD",(K17+G18),IF(H18="DI",(K17-G18),K17)))) | L18: =IF(H18="",(""),IF(H18="CC",(L17+G18),IF(H18="PC",(L17+G18),L17)))
... B75: =IF(IF(ISERROR(VLOOKUP(D75,Codigo!$B$4:$C$67,2,FALSE)),"",VLOOKUP(D75,Codigo!$B$4:$C$67,2,FALSE))=D75,"",VLOOKUP(D75,(Codigo!$B$4:$C$67),2,FALSE)) | C75: =IF(IF(ISERROR(VLOOKUP(D75,Codigo!$B$4:$C$67,2,FALSE)),"",VLOOKUP(D75,Codigo!$B$4:$C$67,2,FALSE))=D75,"",VLOOKUP(D75,(Codigo!$B$2:$D$67),3,FALSE)) | J75: =IF(H75="",(""),IF(H75="DP",(J74+G75),IF(H75="DB",(J74-G75),IF(H75="TR",(J74-G75),IF(H75="CH",(J74-G75),IF(H75="SQ",(J74-G75),J74)))))) | K75: =IF(H75="",(""),IF(H75="SQ",(K74+G75),IF(H75="RD",(K74+G75),IF(H75="DI",(K74-G75),K74)))) | L75: =IF(H75="",(""),IF(H75="CC",(L74+G75),IF(H75="PC",(L74+G75),L74)))
F76: Saldo no mês | J76: =+J75 | K76: =+K75 | L76: =+L75
A213: 1
A214: 1

Sheet Mar
C1: Orçamento Doméstico
B2: Descritivo de Receitas e Despesas realizadas | F2: Março | H2: =+Instruções!$I$19 -> 2026 | J2: Movimentação do saldo no mês
H3: Meio de pagamento | J3: Saldo do mês anterior
B4: Grupo de conta | C4: Sub-grupo de conta | D4: Cod. | E4: Data | F4: Descritivo | G4: Valor R$ | J4: C.Corrente (+ / -) | K4: Dinheiro (+ / -) | L4: C. de Crédito (+)
A6: 1 | B6: =IF(IF(ISERROR(VLOOKUP(D6,Codigo!$B$4:$C$67,2,FALSE)),"",VLOOKUP(D6,Codigo!$B$4:$C$67,2,FALSE))=D6,"",VLOOKUP(D6,(Codigo!$B$4:$C$67),2,FALSE)) | C6: =IF(IF(ISERROR(VLOOKUP(D6,Codigo!$B$4:$C$67,2,FALSE)),"",VLOOKUP(D6,Codigo!$B$4:$C$67,2,FALSE))=D6,"",VLOOKUP(D6,(Codigo!$B$2:$D$67),3,FALSE)) | J6: =IF(H6="",(""),IF(H6="DP",(J5+G6),IF(H6="DB",(J5-G6),IF(H6="TR",(J5-G6),IF(H6="CH",(J5-G6),IF(H6="SQ",(J5-G6),J5)))))) | K6: =IF(H6="",(""),IF(H6="SQ",(K5+G6),IF(H6="RD",(K5+G6),IF(H6="DI",(K5-G6),K5)))) | L6: =IF(H6="",(""),IF(H6="CC",(L5+G6),IF(H6="PC",(L5+G6),L5)))
B7: =IF(IF(ISERROR(VLOOKUP(D7,Codigo!$B$4:$C$67,2,FALSE)),"",VLOOKUP(D7,Codigo!$B$4:$C$67,2,FALSE))=D7,"",VLOOKUP(D7,(Codigo!$B$4:$C$67),2,FALSE)) | C7: =IF(IF(ISERROR(VLOOKUP(D7,Codigo!$B$4:$C$67,2,FALSE)),"",VLOOKUP(D7,Codigo!$B$4:$C$67,2,FALSE))=D7,"",VLOOKUP(D7,(Codigo!$B$2:$D$67),3,FALSE)) | J7: =IF(H7="",(""),IF(H7="DP",(J6+G7),IF(H7="DB",(J6-G7),IF(H7="TR",(J6-G7),IF(H7="CH",(J6-G7),IF(H7="SQ",(J6-G7),J6)))))) | K7: =IF(H7="",(""),IF(H7="SQ",(K6+G7),IF(H7="RD",(K6+G7),IF(H7="DI",(K6-G7),K6)))) | L7: =IF(H7="",(""),IF(H7="CC",(L6+G7),IF(H7="PC",(L6+G7),L6)))
B8: =IF(IF(ISERROR(VLOOKUP(D8,Codigo!$B$4:$C$67,2,FALSE)),"",VLOOKUP(D8,Codigo!$B$4:$C$67,2,FALSE))=D8,"",VLOOKUP(D8,(Codigo!$B$4:$C$67),2,FALSE)) | C8: =IF(IF(ISERROR(VLOOKUP(D8,Codigo!$B$4:$C$67,2,FALSE)),"",VLOOKUP(D8,Codigo!$B$4:$C$67,2,FALSE))=D8,"",VLOOKUP(D8,(Codigo!$B$2:$D$67),3,FALSE)) | J8: =IF(H8="",(""),IF(H8="DP",(J7+G8),IF(H8="DB",(J7-G8),IF(H8="TR",(J7-G8),IF(H8="CH",(J7-G8),IF(H8="SQ",(J7-G8),J7)))))) | K8: =IF(H8="",(""),IF(H8="SQ",(K7+G8),IF(H8="RD",(K7+G8),IF(H8="DI",(K7-G8),K7)))) | L8: =IF(H8="",(""),IF(H8="CC",(L7+G8),IF(H8="PC",(L7+G8),L7)))
B9: =IF(IF(ISERROR(VLOOKUP(D9,Codigo!$B$4:$C$67,2,FALSE)),"",VLOOKUP(D9,Codigo!$B$4:$C$67,2,FALSE))=D9,"",VLOOKUP(D9,(Codigo!$B$4:$C$67),2,FALSE)) | C9: =IF(IF(ISERROR(VLOOKUP(D9,Codigo!$B$4:$C$67,2,FALSE)),"",VLOOKUP(D9,Codigo!$B$4:$C$67,2,FALSE))=D9,"",VLOOKUP(D9,(Codigo!$B$2:$D$67),3,FALSE)) | J9: =IF(H9="",(""),IF(H9="DP",(J8+G9),IF(H9="DB",(J8-G9),IF(H9="TR",(J8-G9),IF(H9="CH",(J8-G9),IF(H9="SQ",(J8-G9),J8)))))) | K9: =IF(H9="",(""),IF(H9="SQ",(K8+G9),IF(H9="RD",(K8+G9),IF(H9="DI",(K8-G9),K8)))) | L9: =IF(H9="",(""),IF(H9="CC",(L8+G9),IF(H9="PC",(L8+G9),L8)))
B10: =IF(IF(ISERROR(VLOOKUP(D10,Codigo!$B$4:$C$67,2,FALSE)),"",VLOOKUP(D10,Codigo!$B$4:$C$67,2,FALSE))=D10,"",VLOOKUP(D10,(Codigo!$B$4:$C$67),2,FALSE)) | C10: =IF(IF(ISERROR(VLOOKUP(D10,Codigo!$B$4:$C$67,2,FALSE)),"",VLOOKUP(D10,Codigo!$B$4:$C$67,2,FALSE))=D10,"",VLOOKUP(D10,(Codigo!$B$2:$D$67),3,FALSE)) | J10: =IF(H10="",(""),IF(H10="DP",(J9+G10),IF(H10="DB",(J9-G10),IF(H10="TR",(J9-G10),IF(H10="CH",(J9-G10),IF(H10="SQ",(J9-G10),J9)))))) | K10: =IF(H10="",(""),IF(H10="SQ",(K9+G10),IF(H10="RD",(K9+G10),IF(H10="DI",(K9-G10),K9)))) | L10: =IF(H10="",(""),IF(H10="CC",(L9+G10),IF(H10="PC",(L9+G10),L9)))
B11: =IF(IF(ISERROR(VLOOKUP(D11,Codigo!$B$4:$C$67,2,FALSE)),"",VLOOKUP(D11,Codigo!$B$4:$C$67,2,FALSE))=D11,"",VLOOKUP(D11,(Codigo!$B$4:$C$67),2,FALSE)) | C11: =IF(IF(ISERROR(VLOOKUP(D11,Codigo!$B$4:$C$67,2,FALSE)),"",VLOOKUP(D11,Codigo!$B$4:$C$67,2,FALSE))=D11,"",VLOOKUP(D11,(Codigo!$B$2:$D$67),3,FALSE)) | J11: =IF(H11="",(""),IF(H11="DP",(J10+G11),IF(H11="DB",(J10-G11),IF(H11="TR",(J10-G11),IF(H11="CH",(J10-G11),IF(H11="SQ",(J10-G11),J10)))))) | K11: =IF(H11="",(""),IF(H11="SQ",(K10+G11),IF(H11="RD",(K10+G11),IF(H11="DI",(K10-G11),K10)))) | L11: =IF(H11="",(""),IF(H11="CC",(L10+G11),IF(H11="PC",(L10+G11),L10)))
B12: =IF(IF(ISERROR(VLOOKUP(D12,Codigo!$B$4:$C$67,2,FALSE)),"",VLOOKUP(D12,Codigo!$B$4:$C$67,2,FALSE))=D12,"",VLOOKUP(D12,(Codigo!$B$4:$C$67),2,FALSE)) | C12: =IF(IF(ISERROR(VLOOKUP(D12,Codigo!$B$4:$C$67,2,FALSE)),"",VLOOKUP(D12,Codigo!$B$4:$C$67,2,FALSE))=D12,"",VLOOKUP(D12,(Codigo!$B$2:$D$67),3,FALSE)) | J12: =IF(H12="",(""),IF(H12="DP",(J11+G12),IF(H12="DB",(J11-G12),IF(H12="TR",(J11-G12),IF(H12="CH",(J11-G12),IF(H12="SQ",(J11-G12),J11)))))) | K12: =IF(H12="",(""),IF(H12="SQ",(K11+G12),IF(H12="RD",(K11+G12),IF(H12="DI",(K11-G12),K11)))) | L12: =IF(H12="",(""),IF(H12="CC",(L11+G12),IF(H12="PC",(L11+G12),L11)))
B13: =IF(IF(ISERROR(VLOOKUP(D13,Codigo!$B$4:$C$67,2,FALSE)),"",VLOOKUP(D13,Codigo!$B$4:$C$67,2,FALSE))=D13,"",VLOOKUP(D13,(Codigo!$B$4:$C$67),2,FALSE)) | C13: =IF(IF(ISERROR(VLOOKUP(D13,Codigo!$B$4:$C$67,2,FALSE)),"",VLOOKUP(D13,Codigo!$B$4:$C$67,2,FALSE))=D13,"",VLOOKUP(D13,(Codigo!$B$2:$D$67),3,FALSE)) | J13: =IF(H13="",(""),IF(H13="DP",(J12+G13),IF(H13="DB",(J12-G13),IF(H13="TR",(J12-G13),IF(H13="CH",(J12-G13),IF(H13="SQ",(J12-G13),J12)))))) | K13: =IF(H13="",(""),IF(H13="SQ",(K12+G13),IF(H13="RD",(K12+G13),IF(H13="DI",(K12-G13),K12)))) | L13: =IF(H13="",(""),IF(H13="CC",(L12+G13),IF(H13="PC",(L12+G13),L12)))
B14: =IF(IF(ISERROR(VLOOKUP(D14,Codigo!$B$4:$C$67,2,FALSE)),"",VLOOKUP(D14,Codigo!$B$4:$C$67,2,FALSE))=D14,"",VLOOKUP(D14,(Codigo!$B$4:$C$67),2,FALSE)) | C14: =IF(IF(ISERROR(VLOOKUP(D14,Codigo!$B$4:$C$67,2,FALSE)),"",VLOOKUP(D14,Codigo!$B$4:$C$67,2,FALSE))=D14,"",VLOOKUP(D14,(Codigo!$B$2:$D$67),3,FALSE)) | J14: =IF(H14="",(""),IF(H14="DP",(J13+G14),IF(H14="DB",(J13-G14),IF(H14="TR",(J13-G14),IF(H14="CH",(J13-G14),IF(H14="SQ",(J13-G14),J13)))))) | K14: =IF(H14="",(""),IF(H14="SQ",(K13+G14),IF(H14="RD",(K13+G14),IF(H14="DI",(K13-G14),K13)))) | L14: =IF(H14="",(""),IF(H14="CC",(L13+G14),IF(H14="PC",(L13+G14),L13)))
B15: =IF(IF(ISERROR(VLOOKUP(D15,Codigo!$B$4:$C$67,2,FALSE)),"",VLOOKUP(D15,Codigo!$B$4:$C$67,2,FALSE))=D15,"",VLOOKUP(D15,(Codigo!$B$4:$C$67),2,FALSE)) | C15: =IF(IF(ISERROR(VLOOKUP(D15,Codigo!$B$4:$C$67,2,FALSE)),"",VLOOKUP(D15,Codigo!$B$4:$C$67,2,FALSE))=D15,"",VLOOKUP(D15,(Codigo!$B$2:$D$67),3,FALSE)) | J15: =IF(H15="",(""),IF(H15="DP",(J14+G15),IF(H15="DB",(J14-G15),IF(H15="TR",(J14-G15),IF(H15="CH",(J14-G15),IF(H15="SQ",(J14-G15),J14)))))) | K15: =IF(H15="",(""),IF(H15="SQ",(K14+G15),IF(H15="RD",(K14+G15),IF(H15="DI",(K14-G15),K14)))) | L15: =IF(H15="",(""),IF(H15="CC",(L14+G15),IF(H15="PC",(L14+G15),L14)))
B16: =IF(IF(ISERROR(VLOOKUP(D16,Codigo!$B$4:$C$67,2,FALSE)),"",VLOOKUP(D16,Codigo!$B$4:$C$67,2,FALSE))=D16,"",VLOOKUP(D16,(Codigo!$B$4:$C$67),2,FALSE)) | C16: =IF(IF(ISERROR(VLOOKUP(D16,Codigo!$B$4:$C$67,2,FALSE)),"",VLOOKUP(D16,Codigo!$B$4:$C$67,2,FALSE))=D16,"",VLOOKUP(D16,(Codigo!$B$2:$D$67),3,FALSE)) | J16: =IF(H16="",(""),IF(H16="DP",(J15+G16),IF(H16="DB",(J15-G16),IF(H16="TR",(J15-G16),IF(H16="CH",(J15-G16),IF(H16="SQ",(J15-G16),J15)))))) | K16: =IF(H16="",(""),IF(H16="SQ",(K15+G16),IF(H16="RD",(K15+G16),IF(H16="DI",(K15-G16),K15)))) | L16: =IF(H16="",(""),IF(H16="CC",(L15+G16),IF(H16="PC",(L15+G16),L15)))
B17: =IF(IF(ISERROR(VLOOKUP(D17,Codigo!$B$4:$C$67,2,FALSE)),"",VLOOKUP(D17,Codigo!$B$4:$C$67,2,FALSE))=D17,"",VLOOKUP(D17,(Codigo!$B$4:$C$67),2,FALSE)) | C17: =IF(IF(ISERROR(VLOOKUP(D17,Codigo!$B$4:$C$67,2,FALSE)),"",VLOOKUP(D17,Codigo!$B$4:$C$67,2,FALSE))=D17,"",VLOOKUP(D17,(Codigo!$B$2:$D$67),3,FALSE)) | J17: =IF(H17="",(""),IF(H17="DP",(J16+G17),IF(H17="DB",(J16-G17),IF(H17="TR",(J16-G17),IF(H17="CH",(J16-G17),IF(H17="SQ",(J16-G17),J16)))))) | K17: =IF(H17="",(""),IF(H17="SQ",(K16+G17),IF(H17="RD",(K16+G17),IF(H17="DI",(K16-G17),K16)))) | L17: =IF(H17="",(""),IF(H17="CC",(L16+G17),IF(H17="PC",(L16+G17),L16)))
B18: =IF(IF(ISERROR(VLOOKUP(D18,Codigo!$B$4:$C$67,2,FALSE)),"",VLOOKUP(D18,Codigo!$B$4:$C$67,2,FALSE))=D18,"",VLOOKUP(D18,(Codigo!$B$4:$C$67),2,FALSE)) | C18: =IF(IF(ISERROR(VLOOKUP(D18,Codigo!$B$4:$C$67,2,FALSE)),"",VLOOKUP(D18,Codigo!$B$4:$C$67,2,FALSE))=D18,"",VLOOKUP(D18,(Codigo!$B$2:$D$67),3,FALSE)) | J18: =IF(H18="",(""),IF(H18="DP",(J17+G18),IF(H18="DB",(J17-G18),IF(H18="TR",(J17-G18),IF(H18="CH",(J17-G18),IF(H18="SQ",(J17-G18),J17)))))) | K18: =IF(H18="",(""),IF(H18="SQ",(K17+G18),IF(H18="RD",(K17+G18),IF(H18="DI",(K17-G18),K17)))) | L18: =IF(H18="",(""),IF(H18="CC",(L17+G18),IF(H18="PC",(L17+G18),L17)))
... B75: =IF(IF(ISERROR(VLOOKUP(D75,Codigo!$B$4:$C$67,2,FALSE)),"",VLOOKUP(D75,Codigo!$B$4:$C$67,2,FALSE))=D75,"",VLOOKUP(D75,(Codigo!$B$4:$C$67),2,FALSE)) | C75: =IF(IF(ISERROR(VLOOKUP(D75,Codigo!$B$4:$C$67,2,FALSE)),"",VLOOKUP(D75,Codigo!$B$4:$C$67,2,FALSE))=D75,"",VLOOKUP(D75,(Codigo!$B$2:$D$67),3,FALSE)) | J75: =IF(H75="",(""),IF(H75="DP",(J74+G75),IF(H75="DB",(J74-G75),IF(H75="TR",(J74-G75),IF(H75="CH",(J74-G75),IF(H75="SQ",(J74-G75),J74)))))) | K75: =IF(H75="",(""),IF(H75="SQ",(K74+G75),IF(H75="RD",(K74+G75),IF(H75="DI",(K74-G75),K74)))) | L75: =IF(H75="",(""),IF(H75="CC",(L74+G75),IF(H75="PC",(L74+G75),L74)))
F76: Saldo no mês | J76: =+J75 | K76: =+K75 | L76: =+L75
A213: 1
A214: 1

Sheet Abr
C1: Orçamento Doméstico
B2: Descritivo de Receitas e Despesas realizadas | F2: Abril | H2: =+Instruções!$I$19 -> 2026 | J2: Movimentação do saldo no mês
H3: Meio de pagamento | J3: Saldo do mês anterior
B4: Grupo de conta | C4: Sub-grupo de conta | D4: Cod. | E4: Data | F4: Descritivo | G4: Valor R$ | J4: C.Corrente (+ / -) | K4: Dinheiro (+ / -) | L4: C. de Crédito (+)
A6: 1 | B6: =IF(IF(ISERROR(VLOOKUP(D6,Codigo!$B$4:$C$67,2,FALSE)),"",VLOOKUP(D6,Codigo!$B$4:$C$67,2,FALSE))=D6,"",VLOOKUP(D6,(Codigo!$B$4:$C$67),2,FALSE)) | C6: =IF(IF(ISERROR(VLOOKUP(D6,Codigo!$B$4:$C$67,2,FALSE)),"",VLOOKUP(D6,Codigo!$B$4:$C$67,2,FALSE))=D6,"",VLOOKUP(D6,(Codigo!$B$2:$D$67),3,FALSE)) | J6: =IF(H6="",(""),IF(H6="DP",(J5+G6),IF(H6="DB",(J5-G6),IF(H6="TR",(J5-G6),IF(H6="CH",(J5-G6),IF(H6="SQ",(J5-G6),J5)))))) | K6: =IF(H6="",(""),IF(H6="SQ",(K5+G6),IF(H6="RD",(K5+G6),IF(H6="DI",(K5-G6),K5)))) | L6: =IF(H6="",(""),IF(H6="CC",(L5+G6),IF(H6="PC",(L5+G6),L5)))
B7: =IF(IF(ISERROR(VLOOKUP(D7,Codigo!$B$4:$C$67,2,FALSE)),"",VLOOKUP(D7,Codigo!$B$4:$C$67,2,FALSE))=D7,"",VLOOKUP(D7,(Codigo!$B$4:$C$67),2,FALSE)) | C7: =IF(IF(ISERROR(VLOOKUP(D7,Codigo!$B$4:$C$67,2,FALSE)),"",VLOOKUP(D7,Codigo!$B$4:$C$67,2,FALSE))=D7,"",VLOOKUP(D7,(Codigo!$B$2:$D$67),3,FALSE)) | J7: =IF(H7="",(""),IF(H7="DP",(J6+G7),IF(H7="DB",(J6-G7),IF(H7="TR",(J6-G7),IF(H7="CH",(J6-G7),IF(H7="SQ",(J6-G7),J6)))))) | K7: =IF(H7="",(""),IF(H7="SQ",(K6+G7),IF(H7="RD",(K6+G7),IF(H7="DI",(K6-G7),K6)))) | L7: =IF(H7="",(""),IF(H7="CC",(L6+G7),IF(H7="PC",(L6+G7),L6)))
B8: =IF(IF(ISERROR(VLOOKUP(D8,Codigo!$B$4:$C$67,2,FALSE)),"",VLOOKUP(D8,Codigo!$B$4:$C$67,2,FALSE))=D8,"",VLOOKUP(D8,(Codigo!$B$4:$C$67),2,FALSE)) | C8: =IF(IF(ISERROR(VLOOKUP(D8,Codigo!$B$4:$C$67,2,FALSE)),"",VLOOKUP(D8,Codigo!$B$4:$C$67,2,FALSE))=D8,"",VLOOKUP(D8,(Codigo!$B$2:$D$67),3,FALSE)) | J8: =IF(H8="",(""),IF(H8="DP",(J7+G8),IF(H8="DB",(J7-G8),IF(H8="TR",(J7-G8),IF(H8="CH",(J7-G8),IF(H8="SQ",(J7-G8),J7)))))) | K8: =IF(H8="",(""),IF(H8="SQ",(K7+G8),IF(H8="RD",(K7+G8),IF(H8="DI",(K7-G8),K7)))) | L8: =IF(H8="",(""),IF(H8="CC",(L7+G8),IF(H8="PC",(L7+G8),L7)))
B9: =IF(IF(ISERROR(VLOOKUP(D9,Codigo!$B$4:$C$67,2,FALSE)),"",VLOOKUP(D9,Codigo!$B$4:$C$67,2,FALSE))=D9,"",VLOOKUP(D9,(Codigo!$B$4:$C$67),2,FALSE)) | C9: =IF(IF(ISERROR(VLOOKUP(D9,Codigo!$B$4:$C$67,2,FALSE)),"",VLOOKUP(D9,Codigo!$B$4:$C$67,2,FALSE))=D9,"",VLOOKUP(D9,(Codigo!$B$2:$D$67),3,FALSE)) | J9: =IF(H9="",(""),IF(H9="DP",(J8+G9),IF(H9="DB",(J8-G9),IF(H9="TR",(J8-G9),IF(H9="CH",(J8-G9),IF(H9="SQ",(J8-G9),J8)))))) | K9: =IF(H9="",(""),IF(H9="SQ",(K8+G9),IF(H9="RD",(K8+G9),IF(H9="DI",(K8-G9),K8)))) | L9: =IF(H9="",(""),IF(H9="CC",(L8+G9),IF(H9="PC",(L8+G9),L8)))
B10: =IF(IF(ISERROR(VLOOKUP(D10,Codigo!$B$4:$C$67,2,FALSE)),"",VLOOKUP(D10,Codigo!$B$4:$C$67,2,FALSE))=D10,"",VLOOKUP(D10,(Codigo!$B$4:$C$67),2,FALSE)) | C10: =IF(IF(ISERROR(VLOOKUP(D10,Codigo!$B$4:$C$67,2,FALSE)),"",VLOOKUP(D10,Codigo!$B$4:$C$67,2,FALSE))=D10,"",VLOOKUP(D10,(Codigo!$B$2:$D$67),3,FALSE)) | J10: =IF(H10="",(""),IF(H10="DP",(J9+G10),IF(H10="DB",(J9-G10),IF(H10="TR",(J9-G10),IF(H10="CH",(J9-G10),IF(H10="SQ",(J9-G10),J9)))))) | K10: =IF(H10="",(""),IF(H10="SQ",(K9+G10),IF(H10="RD",(K9+G10),IF(H10="DI",(K9-G10),K9)))) | L10: =IF(H10="",(""),IF(H10="CC",(L9+G10),IF(H10="PC",(L9+G10),L9)))
B11: =IF(IF(ISERROR(VLOOKUP(D11,Codigo!$B$4:$C$67,2,FALSE)),"",VLOOKUP(D11,Codigo!$B$4:$C$67,2,FALSE))=D11,"",VLOOKUP(D11,(Codigo!$B$4:$C$67),2,FALSE)) | C11: =IF(IF(ISERROR(VLOOKUP(D11,Codigo!$B$4:$C$67,2,FALSE)),"",VLOOKUP(D11,Codigo!$B$4:$C$67,2,FALSE))=D11,"",VLOOKUP(D11,(Codigo!$B$2:$D$67),3,FALSE)) | J11: =IF(H11="",(""),IF(H11="DP",(J10+G11),IF(H11="DB",(J10-G11),IF(H11="TR",(J10-G11),IF(H11="CH",(J10-G11),IF(H11="SQ",(J10-G11),J10)))))) | K11: =IF(H11="",(""),IF(H11="SQ",(K10+G11),IF(H11="RD",(K10+G11),IF(H11="DI",(K10-G11),K10)))) | L11: =IF(H11="",(""),IF(H11="CC",(L10+G11),IF(H11="PC",(L10+G11),L10)))
B12: =IF(IF(ISERROR(VLOOKUP(D12,Codigo!$B$4:$C$67,2,FALSE)),"",VLOOKUP(D12,Codigo!$B$4:$C$67,2,FALSE))=D12,"",VLOOKUP(D12,(Codigo!$B$4:$C$67),2,FALSE)) | C12: =IF(IF(ISERROR(VLOOKUP(D12,Codigo!$B$4:$C$67,2,FALSE)),"",VLOOKUP(D12,Codigo!$B$4:$C$67,2,FALSE))=D12,"",VLOOKUP(D12,(Codigo!$B$2:$D$67),3,FALSE)) | J12: =IF(H12="",(""),IF(H12="DP",(J11+G12),IF(H12="DB",(J11-G12),IF(H12="TR",(J11-G12),IF(H12="CH",(J11-G12),IF(H12="SQ",(J11-G12),J11)))))) | K12: =IF(H12="",(""),IF(H12="SQ",(K11+G12),IF(H12="RD",(K11+G12),IF(H12="DI",(K11-G12),K11)))) | L12: =IF(H12="",(""),IF(H12="CC",(L11+G12),IF(H12="PC",(L11+G12),L11)))
B13: =IF(IF(ISERROR(VLOOKUP(D13,Codigo!$B$4:$C$67,2,FALSE)),"",VLOOKUP(D13,Codigo!$B$4:$C$67,2,FALSE))=D13,"",VLOOKUP(D13,(Codigo!$B$4:$C$67),2,FALSE)) | C13: =IF(IF(ISERROR(VLOOKUP(D13,Codigo!$B$4:$C$67,2,FALSE)),"",VLOOKUP(D13,Codigo!$B$4:$C$67,2,FALSE))=D13,"",VLOOKUP(D13,(Codigo!$B$2:$D$67),3,FALSE)) | J13: =IF(H13="",(""),IF(H13="DP",(J12+G13),IF(H13="DB",(J12-G13),IF(H13="TR",(J12-G13),IF(H13="CH",(J12-G13),IF(H13="SQ",(J12-G13),J12)))))) | K13: =IF(H13="",(""),IF(H13="SQ",(K12+G13),IF(H13="RD",(K12+G13),IF(H13="DI",(K12-G13),K12)))) | L13: =IF(H13="",(""),IF(H13="CC",(L12+G13),IF(H13="PC",(L12+G13),L12)))
B14: =IF(IF(ISERROR(VLOOKUP(D14,Codigo!$B$4:$C$67,2,FALSE)),"",VLOOKUP(D14,Codigo!$B$4:$C$67,2,FALSE))=D14,"",VLOOKUP(D14,(Codigo!$B$4:$C$67),2,FALSE)) | C14: =IF(IF(ISERROR(VLOOKUP(D14,Codigo!$B$4:$C$67,2,FALSE)),"",VLOOKUP(D14,Codigo!$B$4:$C$67,2,FALSE))=D14,"",VLOOKUP(D14,(Codigo!$B$2:$D$67),3,FALSE)) | J14: =IF(H14="",(""),IF(H14="DP",(J13+G14),IF(H14="DB",(J13-G14),IF(H14="TR",(J13-G14),IF(H14="CH",(J13-G14),IF(H14="SQ",(J13-G14),J13)))))) | K14: =IF(H14="",(""),IF(H14="SQ",(K13+G14),IF(H14="RD",(K13+G14),IF(H14="DI",(K13-G14),K13)))) | L14: =IF(H14="",(""),IF(H14="CC",(L13+G14),IF(H14="PC",(L13+G14),L13)))
B15: =IF(IF(ISERROR(VLOOKUP(D15,Codigo!$B$4:$C$67,2,FALSE)),"",VLOOKUP(D15,Codigo!$B$4:$C$67,2,FALSE))=D15,"",VLOOKUP(D15,(Codigo!$B$4:$C$67),2,FALSE)) | C15: =IF(IF(ISERROR(VLOOKUP(D15,Codigo!$B$4:$C$67,2,FALSE)),"",VLOOKUP(D15,Codigo!$B$4:$C$67,2,FALSE))=D15,"",VLOOKUP(D15,(Codigo!$B$2:$D$67),3,FALSE)) | J15: =IF(H15="",(""),IF(H15="DP",(J14+G15),IF(H15="DB",(J14-G15),IF(H15="TR",(J14-G15),IF(H15="CH",(J14-G15),IF(H15="SQ",(J14-G15),J14)))))) | K15: =IF(H15="",(""),IF(H15="SQ",(K14+G15),IF(H15="RD",(K14+G15),IF(H15="DI",(K14-G15),K14)))) | L15: =IF(H15="",(""),IF(H15="CC",(L14+G15),IF(H15="PC",(L14+G15),L14)))
B16: =IF(IF(ISERROR(VLOOKUP(D16,Codigo!$B$4:$C$67,2,FALSE)),"",VLOOKUP(D16,Codigo!$B$4:$C$67,2,FALSE))=D16,"",VLOOKUP(D16,(Codigo!$B$4:$C$67),2,FALSE)) | C16: =IF(IF(ISERROR(VLOOKUP(D16,Codigo!$B$4:$C$67,2,FALSE)),"",VLOOKUP(D16,Codigo!$B$4:$C$67,2,FALSE))=D16,"",VLOOKUP(D16,(Codigo!$B$2:$D$67),3,FALSE)) | J16: =IF(H16="",(""),IF(H16="DP",(J15+G16),IF(H16="DB",(J15-G16),IF(H16="TR",(J15-G16),IF(H16="CH",(J15-G16),IF(H16="SQ",(J15-G16),J15)))))) | K16: =IF(H16="",(""),IF(H16="SQ",(K15+G16),IF(H16="RD",(K15+G16),IF(H16="DI",(K15-G16),K15)))) | L16: =IF(H16="",(""),IF(H16="CC",(L15+G16),IF(H16="PC",(L15+G16),L15)))
B17: =IF(IF(ISERROR(VLOOKUP(D17,Codigo!$B$4:$C$67,2,FALSE)),"",VLOOKUP(D17,Codigo!$B$4:$C$67,2,FALSE))=D17,"",VLOOKUP(D17,(Codigo!$B$4:$C$67),2,FALSE)) | C17: =IF(IF(ISERROR(VLOOKUP(D17,Codigo!$B$4:$C$67,2,FALSE)),"",VLOOKUP(D17,Codigo!$B$4:$C$67,2,FALSE))=D17,"",VLOOKUP(D17,(Codigo!$B$2:$D$67),3,FALSE)) | J17: =IF(H17="",(""),IF(H17="DP",(J16+G17),IF(H17="DB",(J16-G17),IF(H17="TR",(J16-G17),IF(H17="CH",(J16-G17),IF(H17="SQ",(J16-G17),J16)))))) | K17: =IF(H17="",(""),IF(H17="SQ",(K16+G17),IF(H17="RD",(K16+G17),IF(H17="DI",(K16-G17),K16)))) | L17: =IF(H17="",(""),IF(H17="CC",(L16+G17),IF(H17="PC",(L16+G17),L16)))
B18: =IF(IF(ISERROR(VLOOKUP(D18,Codigo!$B$4:$C$67,2,FALSE)),"",VLOOKUP(D18,Codigo!$B$4:$C$67,2,FALSE))=D18,"",VLOOKUP(D18,(Codigo!$B$4:$C$67),2,FALSE)) | C18: =IF(IF(ISERROR(VLOOKUP(D18,Codigo!$B$4:$C$67,2,FALSE)),"",VLOOKUP(D18,Codigo!$B$4:$C$67,2,FALSE))=D18,"",VLOOKUP(D18,(Codigo!$B$2:$D$67),3,FALSE)) | J18: =IF(H18="",(""),IF(H18="DP",(J17+G18),IF(H18="DB",(J17-G18),IF(H18="TR",(J17-G18),IF(H18="CH",(J17-G18),IF(H18="SQ",(J17-G18),J17)))))) | K18: =IF(H18="",(""),IF(H18="SQ",(K17+G18),IF(H18="RD",(K17+G18),IF(H18="DI",(K17-G18),K17)))) | L18: =IF(H18="",(""),IF(H18="CC",(L17+G18),IF(H18="PC",(L17+G18),L17)))
... B75: =IF(IF(ISERROR(VLOOKUP(D75,Codigo!$B$4:$C$67,2,FALSE)),"",VLOOKUP(D75,Codigo!$B$4:$C$67,2,FALSE))=D75,"",VLOOKUP(D75,(Codigo!$B$4:$C$67),2,FALSE)) | C75: =IF(IF(ISERROR(VLOOKUP(D75,Codigo!$B$4:$C$67,2,FALSE)),"",VLOOKUP(D75,Codigo!$B$4:$C$67,2,FALSE))=D75,"",VLOOKUP(D75,(Codigo!$B$2:$D$67),3,FALSE)) | J75: =IF(H75="",(""),IF(H75="DP",(J74+G75),IF(H75="DB",(J74-G75),IF(H75="TR",(J74-G75),IF(H75="CH",(J74-G75),IF(H75="SQ",(J74-G75),J74)))))) | K75: =IF(H75="",(""),IF(H75="SQ",(K74+G75),IF(H75="RD",(K74+G75),IF(H75="DI",(K74-G75),K74)))) | L75: =IF(H75="",(""),IF(H75="CC",(L74+G75),IF(H75="PC",(L74+G75),L74)))
F76: Saldo no mês | J76: =+J75 | K76: =+K75 | L76: =+L75
A213: 1
A214: 1

Sheet Mai
C1: Orçamento Doméstico
B2: Descritivo de Receitas e Despesas realizadas | F2: Maio | H2: =+Instruções!$I$19 -> 2026 | J2: Movimentação do saldo no mês
H3: Meio de pagamento | J3: Saldo do mês anterior
B4: Grupo de conta | C4: Sub-grupo de conta | D4: Cod. | E4: Data | F4: Descritivo | G4: Valor R$ | J4: C.Corrente (+ / -) | K4: Dinheiro (+ / -) | L4: C. de Crédito (+)
A6: 1 | B6: =IF(IF(ISERROR(VLOOKUP(D6,Codigo!$B$4:$C$67,2,FALSE)),"",VLOOKUP(D6,Codigo!$B$4:$C$67,2,FALSE))=D6,"",VLOOKUP(D6,(Codigo!$B$4:$C$67),2,FALSE)) | C6: =IF(IF(ISERROR(VLOOKUP(D6,Codigo!$B$4:$C$67,2,FALSE)),"",VLOOKUP(D6,Codigo!$B$4:$C$67,2,FALSE))=D6,"",VLOOKUP(D6,(Codigo!$B$2:$D$67),3,FALSE)) | J6: =IF(H6="",(""),IF(H6="DP",(J5+G6),IF(H6="DB",(J5-G6),IF(H6="TR",(J5-G6),IF(H6="CH",(J5-G6),IF(H6="SQ",(J5-G6),J5)))))) | K6: =IF(H6="",(""),IF(H6="SQ",(K5+G6),IF(H6="RD",(K5+G6),IF(H6="DI",(K5-G6),K5)))) | L6: =IF(H6="",(""),IF(H6="CC",(L5+G6),IF(H6="PC",(L5+G6),L5)))
B7: =IF(IF(ISERROR(VLOOKUP(D7,Codigo!$B$4:$C$67,2,FALSE)),"",VLOOKUP(D7,Codigo!$B$4:$C$67,2,FALSE))=D7,"",VLOOKUP(D7,(Codigo!$B$4:$C$67),2,FALSE)) | C7: =IF(IF(ISERROR(VLOOKUP(D7,Codigo!$B$4:$C$67,2,FALSE)),"",VLOOKUP(D7,Codigo!$B$4:$C$67,2,FALSE))=D7,"",VLOOKUP(D7,(Codigo!$B$2:$D$67),3,FALSE)) | J7: =IF(H7="",(""),IF(H7="DP",(J6+G7),IF(H7="DB",(J6-G7),IF(H7="TR",(J6-G7),IF(H7="CH",(J6-G7),IF(H7="SQ",(J6-G7),J6)))))) | K7: =IF(H7="",(""),IF(H7="SQ",(K6+G7),IF(H7="RD",(K6+G7),IF(H7="DI",(K6-G7),K6)))) | L7: =IF(H7="",(""),IF(H7="CC",(L6+G7),IF(H7="PC",(L6+G7),L6)))
B8: =IF(IF(ISERROR(VLOOKUP(D8,Codigo!$B$4:$C$67,2,FALSE)),"",VLOOKUP(D8,Codigo!$B$4:$C$67,2,FALSE))=D8,"",VLOOKUP(D8,(Codigo!$B$4:$C$67),2,FALSE)) | C8: =IF(IF(ISERROR(VLOOKUP(D8,Codigo!$B$4:$C$67,2,FALSE)),"",VLOOKUP(D8,Codigo!$B$4:$C$67,2,FALSE))=D8,"",VLOOKUP(D8,(Codigo!$B$2:$D$67),3,FALSE)) | J8: =IF(H8="",(""),IF(H8="DP",(J7+G8),IF(H8="DB",(J7-G8),IF(H8="TR",(J7-G8),IF(H8="CH",(J7-G8),IF(H8="SQ",(J7-G8),J7)))))) | K8: =IF(H8="",(""),IF(H8="SQ",(K7+G8),IF(H8="RD",(K7+G8),IF(H8="DI",(K7-G8),K7)))) | L8: =IF(H8="",(""),IF(H8="CC",(L7+G8),IF(H8="PC",(L7+G8),L7)))
B9: =IF(IF(ISERROR(VLOOKUP(D9,Codigo!$B$4:$C$67,2,FALSE)),"",VLOOKUP(D9,Codigo!$B$4:$C$67,2,FALSE))=D9,"",VLOOKUP(D9,(Codigo!$B$4:$C$67),2,FALSE)) | C9: =IF(IF(ISERROR(VLOOKUP(D9,Codigo!$B$4:$C$67,2,FALSE)),"",VLOOKUP(D9,Codigo!$B$4:$C$67,2,FALSE))=D9,"",VLOOKUP(D9,(Codigo!$B$2:$D$67),3,FALSE)) | J9: =IF(H9="",(""),IF(H9="DP",(J8+G9),IF(H9="DB",(J8-G9),IF(H9="TR",(J8-G9),IF(H9="CH",(J8-G9),IF(H9="SQ",(J8-G9),J8)))))) | K9: =IF(H9="",(""),IF(H9="SQ",(K8+G9),IF(H9="RD",(K8+G9),IF(H9="DI",(K8-G9),K8)))) | L9: =IF(H9="",(""),IF(H9="CC",(L8+G9),IF(H9="PC",(L8+G9),L8)))
B10: =IF(IF(ISERROR(VLOOKUP(D10,Codigo!$B$4:$C$67,2,FALSE)),"",VLOOKUP(D10,Codigo!$B$4:$C$67,2,FALSE))=D10,"",VLOOKUP(D10,(Codigo!$B$4:$C$67),2,FALSE)) | C10: =IF(IF(ISERROR(VLOOKUP(D10,Codigo!$B$4:$C$67,2,FALSE)),"",VLOOKUP(D10,Codigo!$B$4:$C$67,2,FALSE))=D10,"",VLOOKUP(D10,(Codigo!$B$2:$D$67),3,FALSE)) | J10: =IF(H10="",(""),IF(H10="DP",(J9+G10),IF(H10="DB",(J9-G10),IF(H10="TR",(J9-G10),IF(H10="CH",(J9-G10),IF(H10="SQ",(J9-G10),J9)))))) | K10: =IF(H10="",(""),IF(H10="SQ",(K9+G10),IF(H10="RD",(K9+G10),IF(H10="DI",(K9-G10),K9)))) | L10: =IF(H10="",(""),IF(H10="CC",(L9+G10),IF(H10="PC",(L9+G10),L9)))
B11: =IF(IF(ISERROR(VLOOKUP(D11,Codigo!$B$4:$C$67,2,FALSE)),"",VLOOKUP(D11,Codigo!$B$4:$C$67,2,FALSE))=D11,"",VLOOKUP(D11,(Codigo!$B$4:$C$67),2,FALSE)) | C11: =IF(IF(ISERROR(VLOOKUP(D11,Codigo!$B$4:$C$67,2,FALSE)),"",VLOOKUP(D11,Codigo!$B$4:$C$67,2,FALSE))=D11,"",VLOOKUP(D11,(Codigo!$B$2:$D$67),3,FALSE)) | J11: =IF(H11="",(""),IF(H11="DP",(J10+G11),IF(H11="DB",(J10-G11),IF(H11="TR",(J10-G11),IF(H11="CH",(J10-G11),IF(H11="SQ",(J10-G11),J10)))))) | K11: =IF(H11="",(""),IF(H11="SQ",(K10+G11),IF(H11="RD",(K10+G11),IF(H11="DI",(K10-G11),K10)))) | L11: =IF(H11="",(""),IF(H11="CC",(L10+G11),IF(H11="PC",(L10+G11),L10)))
B12: =IF(IF(ISERROR(VLOOKUP(D12,Codigo!$B$4:$C$67,2,FALSE)),"",VLOOKUP(D12,Codigo!$B$4:$C$67,2,FALSE))=D12,"",VLOOKUP(D12,(Codigo!$B$4:$C$67),2,FALSE)) | C12: =IF(IF(ISERROR(VLOOKUP(D12,Codigo!$B$4:$C$67,2,FALSE)),"",VLOOKUP(D12,Codigo!$B$4:$C$67,2,FALSE))=D12,"",VLOOKUP(D12,(Codigo!$B$2:$D$67),3,FALSE)) | J12: =IF(H12="",(""),IF(H12="DP",(J11+G12),IF(H12="DB",(J11-G12),IF(H12="TR",(J11-G12),IF(H12="CH",(J11-G12),IF(H12="SQ",(J11-G12),J11)))))) | K12: =IF(H12="",(""),IF(H12="SQ",(K11+G12),IF(H12="RD",(K11+G12),IF(H12="DI",(K11-G12),K11)))) | L12: =IF(H12="",(""),IF(H12="CC",(L11+G12),IF(H12="PC",(L11+G12),L11)))
B13: =IF(IF(ISERROR(VLOOKUP(D13,Codigo!$B$4:$C$67,2,FALSE)),"",VLOOKUP(D13,Codigo!$B$4:$C$67,2,FALSE))=D13,"",VLOOKUP(D13,(Codigo!$B$4:$C$67),2,FALSE)) | C13: =IF(IF(ISERROR(VLOOKUP(D13,Codigo!$B$4:$C$67,2,FALSE)),"",VLOOKUP(D13,Codigo!$B$4:$C$67,2,FALSE))=D13,"",VLOOKUP(D13,(Codigo!$B$2:$D$67),3,FALSE)) | J13: =IF(H13="",(""),IF(H13="DP",(J12+G13),IF(H13="DB",(J12-G13),IF(H13="TR",(J12-G13),IF(H13="CH",(J12-G13),IF(H13="SQ",(J12-G13),J12)))))) | K13: =IF(H13="",(""),IF(H13="SQ",(K12+G13),IF(H13="RD",(K12+G13),IF(H13="DI",(K12-G13),K12)))) | L13: =IF(H13="",(""),IF(H13="CC",(L12+G13),IF(H13="PC",(L12+G13),L12)))
B14: =IF(IF(ISERROR(VLOOKUP(D14,Codigo!$B$4:$C$67,2,FALSE)),"",VLOOKUP(D14,Codigo!$B$4:$C$67,2,FALSE))=D14,"",VLOOKUP(D14,(Codigo!$B$4:$C$67),2,FALSE)) | C14: =IF(IF(ISERROR(VLOOKUP(D14,Codigo!$B$4:$C$67,2,FALSE)),"",VLOOKUP(D14,Codigo!$B$4:$C$67,2,FALSE))=D14,"",VLOOKUP(D14,(Codigo!$B$2:$D$67),3,FALSE)) | J14: =IF(H14="",(""),IF(H14="DP",(J13+G14),IF(H14="DB",(J13-G14),IF(H14="TR",(J13-G14),IF(H14="CH",(J13-G14),IF(H14="SQ",(J13-G14),J13)))))) | K14: =IF(H14="",(""),IF(H14="SQ",(K13+G14),IF(H14="RD",(K13+G14),IF(H14="DI",(K13-G14),K13)))) | L14: =IF(H14="",(""),IF(H14="CC",(L13+G14),IF(H14="PC",(L13+G14),L13)))
B15: =IF(IF(ISERROR(VLOOKUP(D15,Codigo!$B$4:$C$67,2,FALSE)),"",VLOOKUP(D15,Codigo!$B$4:$C$67,2,FALSE))=D15,"",VLOOKUP(D15,(Codigo!$B$4:$C$67),2,FALSE)) | C15: =IF(IF(ISERROR(VLOOKUP(D15,Codigo!$B$4:$C$67,2,FALSE)),"",VLOOKUP(D15,Codigo!$B$4:$C$67,2,FALSE))=D15,"",VLOOKUP(D15,(Codigo!$B$2:$D$67),3,FALSE)) | J15: =IF(H15="",(""),IF(H15="DP",(J14+G15),IF(H15="DB",(J14-G15),IF(H15="TR",(J14-G15),IF(H15="CH",(J14-G15),IF(H15="SQ",(J14-G15),J14)))))) | K15: =IF(H15="",(""),IF(H15="SQ",(K14+G15),IF(H15="RD",(K14+G15),IF(H15="DI",(K14-G15),K14)))) | L15: =IF(H15="",(""),IF(H15="CC",(L14+G15),IF(H15="PC",(L14+G15),L14)))
B16: =IF(IF(ISERROR(VLOOKUP(D16,Codigo!$B$4:$C$67,2,FALSE)),"",VLOOKUP(D16,Codigo!$B$4:$C$67,2,FALSE))=D16,"",VLOOKUP(D16,(Codigo!$B$4:$C$67),2,FALSE)) | C16: =IF(IF(ISERROR(VLOOKUP(D16,Codigo!$B$4:$C$67,2,FALSE)),"",VLOOKUP(D16,Codigo!$B$4:$C$67,2,FALSE))=D16,"",VLOOKUP(D16,(Codigo!$B$2:$D$67),3,FALSE)) | J16: =IF(H16="",(""),IF(H16="DP",(J15+G16),IF(H16="DB",(J15-G16),IF(H16="TR",(J15-G16),IF(H16="CH",(J15-G16),IF(H16="SQ",(J15-G16),J15)))))) | K16: =IF(H16="",(""),IF(H16="SQ",(K15+G16),IF(H16="RD",(K15+G16),IF(H16="DI",(K15-G16),K15)))) | L16: =IF(H16="",(""),IF(H16="CC",(L15+G16),IF(H16="PC",(L15+G16),L15)))
B17: =IF(IF(ISERROR(VLOOKUP(D17,Codigo!$B$4:$C$67,2,FALSE)),"",VLOOKUP(D17,Codigo!$B$4:$C$67,2,FALSE))=D17,"",VLOOKUP(D17,(Codigo!$B$4:$C$67),2,FALSE)) | C17: =IF(IF(ISERROR(VLOOKUP(D17,Codigo!$B$4:$C$67,2,FALSE)),"",VLOOKUP(D17,Codigo!$B$4:$C$67,2,FALSE))=D17,"",VLOOKUP(D17,(Codigo!$B$2:$D$67),3,FALSE)) | J17: =IF(H17="",(""),IF(H17="DP",(J16+G17),IF(H17="DB",(J16-G17),IF(H17="TR",(J16-G17),IF(H17="CH",(J16-G17),IF(H17="SQ",(J16-G17),J16)))))) | K17: =IF(H17="",(""),IF(H17="SQ",(K16+G17),IF(H17="RD",(K16+G17),IF(H17="DI",(K16-G17),K16)))) | L17: =IF(H17="",(""),IF(H17="CC",(L16+G17),IF(H17="PC",(L16+G17),L16)))
B18: =IF(IF(ISERROR(VLOOKUP(D18,Codigo!$B$4:$C$67,2,FALSE)),"",VLOOKUP(D18,Codigo!$B$4:$C$67,2,FALSE))=D18,"",VLOOKUP(D18,(Codigo!$B$4:$C$67),2,FALSE)) | C18: =IF(IF(ISERROR(VLOOKUP(D18,Codigo!$B$4:$C$67,2,FALSE)),"",VLOOKUP(D18,Codigo!$B$4:$C$67,2,FALSE))=D18,"",VLOOKUP(D18,(Codigo!$B$2:$D$67),3,FALSE)) | J18: =IF(H18="",(""),IF(H18="DP",(J17+G18),IF(H18="DB",(J17-G18),IF(H18="TR",(J17-G18),IF(H18="CH",(J17-G18),IF(H18="SQ",(J17-G18),J17)))))) | K18: =IF(H18="",(""),IF(H18="SQ",(K17+G18),IF(H18="RD",(K17+G18),IF(H18="DI",(K17-G18),K17)))) | L18: =IF(H18="",(""),IF(H18="CC",(L17+G18),IF(H18="PC",(L17+G18),L17)))
... B75: =IF(IF(ISERROR(VLOOKUP(D75,Codigo!$B$4:$C$67,2,FALSE)),"",VLOOKUP(D75,Codigo!$B$4:$C$67,2,FALSE))=D75,"",VLOOKUP(D75,(Codigo!$B$4:$C$67),2,FALSE)) | C75: =IF(IF(ISERROR(VLOOKUP(D75,Codigo!$B$4:$C$67,2,FALSE)),"",VLOOKUP(D75,Codigo!$B$4:$C$67,2,FALSE))=D75,"",VLOOKUP(D75,(Codigo!$B$2:$D$67),3,FALSE)) | J75: =IF(H75="",(""),IF(H75="DP",(J74+G75),IF(H75="DB",(J74-G75),IF(H75="TR",(J74-G75),IF(H75="CH",(J74-G75),IF(H75="SQ",(J74-G75),J74)))))) | K75: =IF(H75="",(""),IF(H75="SQ",(K74+G75),IF(H75="RD",(K74+G75),IF(H75="DI",(K74-G75),K74)))) | L75: =IF(H75="",(""),IF(H75="CC",(L74+G75),IF(H75="PC",(L74+G75),L74)))
F76: Saldo no mês | J76: =+J75 | K76: =+K75 | L76: =+L75
A213: 1
A214: 1

Sheet Jun
C1: Orçamento Doméstico
B2: Descritivo de Receitas e Despesas realizadas | F2: Junho | H2: =+Instruções!$I$19 -> 2026 | J2: Movimentação do saldo no mês
H3: Meio de pagamento | J3: Saldo do mês anterior
B4: Grupo de conta | C4: Sub-grupo de conta | D4: Cod. | E4: Data | F4: Descritivo | G4: Valor R$ | J4: C.Corrente (+ / -) | K4: Dinheiro (+ / -) | L4: C. de Crédito (+)
A6: 1 | B6: =IF(IF(ISERROR(VLOOKUP(D6,Codigo!$B$4:$C$67,2,FALSE)),"",VLOOKUP(D6,Codigo!$B$4:$C$67,2,FALSE))=D6,"",VLOOKUP(D6,(Codigo!$B$4:$C$67),2,FALSE)) | C6: =IF(IF(ISERROR(VLOOKUP(D6,Codigo!$B$4:$C$67,2,FALSE)),"",VLOOKUP(D6,Codigo!$B$4:$C$67,2,FALSE))=D6,"",VLOOKUP(D6,(Codigo!$B$2:$D$67),3,FALSE)) | J6: =IF(H6="",(""),IF(H6="DP",(J5+G6),IF(H6="DB",(J5-G6),IF(H6="TR",(J5-G6),IF(H6="CH",(J5-G6),IF(H6="SQ",(J5-G6),J5)))))) | K6: =IF(H6="",(""),IF(H6="SQ",(K5+G6),IF(H6="RD",(K5+G6),IF(H6="DI",(K5-G6),K5)))) | L6: =IF(H6="",(""),IF(H6="CC",(L5+G6),IF(H6="PC",(L5+G6),L5)))
B7: =IF(IF(ISERROR(VLOOKUP(D7,Codigo!$B$4:$C$67,2,FALSE)),"",VLOOKUP(D7,Codigo!$B$4:$C$67,2,FALSE))=D7,"",VLOOKUP(D7,(Codigo!$B$4:$C$67),2,FALSE)) | C7: =IF(IF(ISERROR(VLOOKUP(D7,Codigo!$B$4:$C$67,2,FALSE)),"",VLOOKUP(D7,Codigo!$B$4:$C$67,2,FALSE))=D7,"",VLOOKUP(D7,(Codigo!$B$2:$D$67),3,FALSE)) | J7: =IF(H7="",(""),IF(H7="DP",(J6+G7),IF(H7="DB",(J6-G7),IF(H7="TR",(J6-G7),IF(H7="CH",(J6-G7),IF(H7="SQ",(J6-G7),J6)))))) | K7: =IF(H7="",(""),IF(H7="SQ",(K6+G7),IF(H7="RD",(K6+G7),IF(H7="DI",(K6-G7),K6)))) | L7: =IF(H7="",(""),IF(H7="CC",(L6+G7),IF(H7="PC",(L6+G7),L6)))
B8: =IF(IF(ISERROR(VLOOKUP(D8,Codigo!$B$4:$C$67,2,FALSE)),"",VLOOKUP(D8,Codigo!$B$4:$C$67,2,FALSE))=D8,"",VLOOKUP(D8,(Codigo!$B$4:$C$67),2,FALSE)) | C8: =IF(IF(ISERROR(VLOOKUP(D8,Codigo!$B$4:$C$67,2,FALSE)),"",VLOOKUP(D8,Codigo!$B$4:$C$67,2,FALSE))=D8,"",VLOOKUP(D8,(Codigo!$B$2:$D$67),3,FALSE)) | J8: =IF(H8="",(""),IF(H8="DP",(J7+G8),IF(H8="DB",(J7-G8),IF(H8="TR",(J7-G8),IF(H8="CH",(J7-G8),IF(H8="SQ",(J7-G8),J7)))))) | K8: =IF(H8="",(""),IF(H8="SQ",(K7+G8),IF(H8="RD",(K7+G8),IF(H8="DI",(K7-G8),K7)))) | L8: =IF(H8="",(""),IF(H8="CC",(L7+G8),IF(H8="PC",(L7+G8),L7)))
B9: =IF(IF(ISERROR(VLOOKUP(D9,Codigo!$B$4:$C$67,2,FALSE)),"",VLOOKUP(D9,Codigo!$B$4:$C$67,2,FALSE))=D9,"",VLOOKUP(D9,(Codigo!$B$4:$C$67),2,FALSE)) | C9: =IF(IF(ISERROR(VLOOKUP(D9,Codigo!$B$4:$C$67,2,FALSE)),"",VLOOKUP(D9,Codigo!$B$4:$C$67,2,FALSE))=D9,"",VLOOKUP(D9,(Codigo!$B$2:$D$67),3,FALSE)) | J9: =IF(H9="",(""),IF(H9="DP",(J8+G9),IF(H9="DB",(J8-G9),IF(H9="TR",(J8-G9),IF(H9="CH",(J8-G9),IF(H9="SQ",(J8-G9),J8)))))) | K9: =IF(H9="",(""),IF(H9="SQ",(K8+G9),IF(H9="RD",(K8+G9),IF(H9="DI",(K8-G9),K8)))) | L9: =IF(H9="",(""),IF(H9="CC",(L8+G9),IF(H9="PC",(L8+G9),L8)))
B10: =IF(IF(ISERROR(VLOOKUP(D10,Codigo!$B$4:$C$67,2,FALSE)),"",VLOOKUP(D10,Codigo!$B$4:$C$67,2,FALSE))=D10,"",VLOOKUP(D10,(Codigo!$B$4:$C$67),2,FALSE)) | C10: =IF(IF(ISERROR(VLOOKUP(D10,Codigo!$B$4:$C$67,2,FALSE)),"",VLOOKUP(D10,Codigo!$B$4:$C$67,2,FALSE))=D10,"",VLOOKUP(D10,(Codigo!$B$2:$D$67),3,FALSE)) | J10: =IF(H10="",(""),IF(H10="DP",(J9+G10),IF(H10="DB",(J9-G10),IF(H10="TR",(J9-G10),IF(H10="CH",(J9-G10),IF(H10="SQ",(J9-G10),J9)))))) | K10: =IF(H10="",(""),IF(H10="SQ",(K9+G10),IF(H10="RD",(K9+G10),IF(H10="DI",(K9-G10),K9)))) | L10: =IF(H10="",(""),IF(H10="CC",(L9+G10),IF(H10="PC",(L9+G10),L9)))
B11: =IF(IF(ISERROR(VLOOKUP(D11,Codigo!$B$4:$C$67,2,FALSE)),"",VLOOKUP(D11,Codigo!$B$4:$C$67,2,FALSE))=D11,"",VLOOKUP(D11,(Codigo!$B$4:$C$67),2,FALSE)) | C11: =IF(IF(ISERROR(VLOOKUP(D11,Codigo!$B$4:$C$67,2,FALSE)),"",VLOOKUP(D11,Codigo!$B$4:$C$67,2,FALSE))=D11,"",VLOOKUP(D11,(Codigo!$B$2:$D$67),3,FALSE)) | J11: =IF(H11="",(""),IF(H11="DP",(J10+G11),IF(H11="DB",(J10-G11),IF(H11="TR",(J10-G11),IF(H11="CH",(J10-G11),IF(H11="SQ",(J10-G11),J10)))))) | K11: =IF(H11="",(""),IF(H11="SQ",(K10+G11),IF(H11="RD",(K10+G11),IF(H11="DI",(K10-G11),K10)))) | L11: =IF(H11="",(""),IF(H11="CC",(L10+G11),IF(H11="PC",(L10+G11),L10)))
B12: =IF(IF(ISERROR(VLOOKUP(D12,Codigo!$B$4:$C$67,2,FALSE)),"",VLOOKUP(D12,Codigo!$B$4:$C$67,2,FALSE))=D12,"",VLOOKUP(D12,(Codigo!$B$4:$C$67),2,FALSE)) | C12: =IF(IF(ISERROR(VLOOKUP(D12,Codigo!$B$4:$C$67,2,FALSE)),"",VLOOKUP(D12,Codigo!$B$4:$C$67,2,FALSE))=D12,"",VLOOKUP(D12,(Codigo!$B$2:$D$67),3,FALSE)) | J12: =IF(H12="",(""),IF(H12="DP",(J11+G12),IF(H12="DB",(J11-G12),IF(H12="TR",(J11-G12),IF(H12="CH",(J11-G12),IF(H12="SQ",(J11-G12),J11)))))) | K12: =IF(H12="",(""),IF(H12="SQ",(K11+G12),IF(H12="RD",(K11+G12),IF(H12="DI",(K11-G12),K11)))) | L12: =IF(H12="",(""),IF(H12="CC",(L11+G12),IF(H12="PC",(L11+G12),L11)))
B13: =IF(IF(ISERROR(VLOOKUP(D13,Codigo!$B$4:$C$67,2,FALSE)),"",VLOOKUP(D13,Codigo!$B$4:$C$67,2,FALSE))=D13,"",VLOOKUP(D13,(Codigo!$B$4:$C$67),2,FALSE)) | C13: =IF(IF(ISERROR(VLOOKUP(D13,Codigo!$B$4:$C$67,2,FALSE)),"",VLOOKUP(D13,Codigo!$B$4:$C$67,2,FALSE))=D13,"",VLOOKUP(D13,(Codigo!$B$2:$D$67),3,FALSE)) | J13: =IF(H13="",(""),IF(H13="DP",(J12+G13),IF(H13="DB",(J12-G13),IF(H13="TR",(J12-G13),IF(H13="CH",(J12-G13),IF(H13="SQ",(J12-G13),J12)))))) | K13: =IF(H13="",(""),IF(H13="SQ",(K12+G13),IF(H13="RD",(K12+G13),IF(H13="DI",(K12-G13),K12)))) | L13: =IF(H13="",(""),IF(H13="CC",(L12+G13),IF(H13="PC",(L12+G13),L12)))
B14: =IF(IF(ISERROR(VLOOKUP(D14,Codigo!$B$4:$C$67,2,FALSE)),"",VLOOKUP(D14,Codigo!$B$4:$C$67,2,FALSE))=D14,"",VLOOKUP(D14,(Codigo!$B$4:$C$67),2,FALSE)) | C14: =IF(IF(ISERROR(VLOOKUP(D14,Codigo!$B$4:$C$67,2,FALSE)),"",VLOOKUP(D14,Codigo!$B$4:$C$67,2,FALSE))=D14,"",VLOOKUP(D14,(Codigo!$B$2:$D$67),3,FALSE)) | J14: =IF(H14="",(""),IF(H14="DP",(J13+G14),IF(H14="DB",(J13-G14),IF(H14="TR",(J13-G14),IF(H14="CH",(J13-G14),IF(H14="SQ",(J13-G14),J13)))))) | K14: =IF(H14="",(""),IF(H14="SQ",(K13+G14),IF(H14="RD",(K13+G14),IF(H14="DI",(K13-G14),K13)))) | L14: =IF(H14="",(""),IF(H14="CC",(L13+G14),IF(H14="PC",(L13+G14),L13)))
B15: =IF(IF(ISERROR(VLOOKUP(D15,Codigo!$B$4:$C$67,2,FALSE)),"",VLOOKUP(D15,Codigo!$B$4:$C$67,2,FALSE))=D15,"",VLOOKUP(D15,(Codigo!$B$4:$C$67),2,FALSE)) | C15: =IF(IF(ISERROR(VLOOKUP(D15,Codigo!$B$4:$C$67,2,FALSE)),"",VLOOKUP(D15,Codigo!$B$4:$C$67,2,FALSE))=D15,"",VLOOKUP(D15,(Codigo!$B$2:$D$67),3,FALSE)) | J15: =IF(H15="",(""),IF(H15="DP",(J14+G15),IF(H15="DB",(J14-G15),IF(H15="TR",(J14-G15),IF(H15="CH",(J14-G15),IF(H15="SQ",(J14-G15),J14)))))) | K15: =IF(H15="",(""),IF(H15="SQ",(K14+G15),IF(H15="RD",(K14+G15),IF(H15="DI",(K14-G15),K14)))) | L15: =IF(H15="",(""),IF(H15="CC",(L14+G15),IF(H15="PC",(L14+G15),L14)))
B16: =IF(IF(ISERROR(VLOOKUP(D16,Codigo!$B$4:$C$67,2,FALSE)),"",VLOOKUP(D16,Codigo!$B$4:$C$67,2,FALSE))=D16,"",VLOOKUP(D16,(Codigo!$B$4:$C$67),2,FALSE)) | C16: =IF(IF(ISERROR(VLOOKUP(D16,Codigo!$B$4:$C$67,2,FALSE)),"",VLOOKUP(D16,Codigo!$B$4:$C$67,2,FALSE))=D16,"",VLOOKUP(D16,(Codigo!$B$2:$D$67),3,FALSE)) | J16: =IF(H16="",(""),IF(H16="DP",(J15+G16),IF(H16="DB",(J15-G16),IF(H16="TR",(J15-G16),IF(H16="CH",(J15-G16),IF(H16="SQ",(J15-G16),J15)))))) | K16: =IF(H16="",(""),IF(H16="SQ",(K15+G16),IF(H16="RD",(K15+G16),IF(H16="DI",(K15-G16),K15)))) | L16: =IF(H16="",(""),IF(H16="CC",(L15+G16),IF(H16="PC",(L15+G16),L15)))
B17: =IF(IF(ISERROR(VLOOKUP(D17,Codigo!$B$4:$C$67,2,FALSE)),"",VLOOKUP(D17,Codigo!$B$4:$C$67,2,FALSE))=D17,"",VLOOKUP(D17,(Codigo!$B$4:$C$67),2,FALSE)) | C17: =IF(IF(ISERROR(VLOOKUP(D17,Codigo!$B$4:$C$67,2,FALSE)),"",VLOOKUP(D17,Codigo!$B$4:$C$67,2,FALSE))=D17,"",VLOOKUP(D17,(Codigo!$B$2:$D$67),3,FALSE)) | J17: =IF(H17="",(""),IF(H17="DP",(J16+G17),IF(H17="DB",(J16-G17),IF(H17="TR",(J16-G17),IF(H17="CH",(J16-G17),IF(H17="SQ",(J16-G17),J16)))))) | K17: =IF(H17="",(""),IF(H17="SQ",(K16+G17),IF(H17="RD",(K16+G17),IF(H17="DI",(K16-G17),K16)))) | L17: =IF(H17="",(""),IF(H17="CC",(L16+G17),IF(H17="PC",(L16+G17),L16)))
B18: =IF(IF(ISERROR(VLOOKUP(D18,Codigo!$B$4:$C$67,2,FALSE)),"",VLOOKUP(D18,Codigo!$B$4:$C$67,2,FALSE))=D18,"",VLOOKUP(D18,(Codigo!$B$4:$C$67),2,FALSE)) | C18: =IF(IF(ISERROR(VLOOKUP(D18,Codigo!$B$4:$C$67,2,FALSE)),"",VLOOKUP(D18,Codigo!$B$4:$C$67,2,FALSE))=D18,"",VLOOKUP(D18,(Codigo!$B$2:$D$67),3,FALSE)) | J18: =IF(H18="",(""),IF(H18="DP",(J17+G18),IF(H18="DB",(J17-G18),IF(H18="TR",(J17-G18),IF(H18="CH",(J17-G18),IF(H18="SQ",(J17-G18),J17)))))) | K18: =IF(H18="",(""),IF(H18="SQ",(K17+G18),IF(H18="RD",(K17+G18),IF(H18="DI",(K17-G18),K17)))) | L18: =IF(H18="",(""),IF(H18="CC",(L17+G18),IF(H18="PC",(L17+G18),L17)))
... B75: =IF(IF(ISERROR(VLOOKUP(D75,Codigo!$B$4:$C$67,2,FALSE)),"",VLOOKUP(D75,Codigo!$B$4:$C$67,2,FALSE))=D75,"",VLOOKUP(D75,(Codigo!$B$4:$C$67),2,FALSE)) | C75: =IF(IF(ISERROR(VLOOKUP(D75,Codigo!$B$4:$C$67,2,FALSE)),"",VLOOKUP(D75,Codigo!$B$4:$C$67,2,FALSE))=D75,"",VLOOKUP(D75,(Codigo!$B$2:$D$67),3,FALSE)) | J75: =IF(H75="",(""),IF(H75="DP",(J74+G75),IF(H75="DB",(J74-G75),IF(H75="TR",(J74-G75),IF(H75="CH",(J74-G75),IF(H75="SQ",(J74-G75),J74)))))) | K75: =IF(H75="",(""),IF(H75="SQ",(K74+G75),IF(H75="RD",(K74+G75),IF(H75="DI",(K74-G75),K74)))) | L75: =IF(H75="",(""),IF(H75="CC",(L74+G75),IF(H75="PC",(L74+G75),L74)))
F76: Saldo no mês | J76: =+J75 | K76: =+K75 | L76: =+L75
A213: 1
A214: 1

Sheet Jul
C1: Orçamento Doméstico
B2: Descritivo de Receitas e Despesas realizadas | F2: Julho | H2: =+Instruções!$I$19 -> 2026 | J2: Movimentação do saldo no mês
H3: Meio de pagamento | J3: Saldo do mês anterior
B4: Grupo de conta | C4: Sub-grupo de conta | D4: Cod. | E4: Data | F4: Descritivo | G4: Valor R$ | J4: C.Corrente (+ / -) | K4: Dinheiro (+ / -) | L4: C. de Crédito (+)
A6: 1 | B6: =IF(IF(ISERROR(VLOOKUP(D6,Codigo!$B$4:$C$67,2,FALSE)),"",VLOOKUP(D6,Codigo!$B$4:$C$67,2,FALSE))=D6,"",VLOOKUP(D6,(Codigo!$B$4:$C$67),2,FALSE)) | C6: =IF(IF(ISERROR(VLOOKUP(D6,Codigo!$B$4:$C$67,2,FALSE)),"",VLOOKUP(D6,Codigo!$B$4:$C$67,2,FALSE))=D6,"",VLOOKUP(D6,(Codigo!$B$2:$D$67),3,FALSE)) | J6: =IF(H6="",(""),IF(H6="DP",(J5+G6),IF(H6="DB",(J5-G6),IF(H6="TR",(J5-G6),IF(H6="CH",(J5-G6),IF(H6="SQ",(J5-G6),J5)))))) | K6: =IF(H6="",(""),IF(H6="SQ",(K5+G6),IF(H6="RD",(K5+G6),IF(H6="DI",(K5-G6),K5)))) | L6: =IF(H6="",(""),IF(H6="CC",(L5+G6),IF(H6="PC",(L5+G6),L5)))
B7: =IF(IF(ISERROR(VLOOKUP(D7,Codigo!$B$4:$C$67,2,FALSE)),"",VLOOKUP(D7,Codigo!$B$4:$C$67,2,FALSE))=D7,"",VLOOKUP(D7,(Codigo!$B$4:$C$67),2,FALSE)) | C7: =IF(IF(ISERROR(VLOOKUP(D7,Codigo!$B$4:$C$67,2,FALSE)),"",VLOOKUP(D7,Codigo!$B$4:$C$67,2,FALSE))=D7,"",VLOOKUP(D7,(Codigo!$B$2:$D$67),3,FALSE)) | J7: =IF(H7="",(""),IF(H7="DP",(J6+G7),IF(H7="DB",(J6-G7),IF(H7="TR",(J6-G7),IF(H7="CH",(J6-G7),IF(H7="SQ",(J6-G7),J6)))))) | K7: =IF(H7="",(""),IF(H7="SQ",(K6+G7),IF(H7="RD",(K6+G7),IF(H7="DI",(K6-G7),K6)))) | L7: =IF(H7="",(""),IF(H7="CC",(L6+G7),IF(H7="PC",(L6+G7),L6)))
B8: =IF(IF(ISERROR(VLOOKUP(D8,Codigo!$B$4:$C$67,2,FALSE)),"",VLOOKUP(D8,Codigo!$B$4:$C$67,2,FALSE))=D8,"",VLOOKUP(D8,(Codigo!$B$4:$C$67),2,FALSE)) | C8: =IF(IF(ISERROR(VLOOKUP(D8,Codigo!$B$4:$C$67,2,FALSE)),"",VLOOKUP(D8,Codigo!$B$4:$C$67,2,FALSE))=D8,"",VLOOKUP(D8,(Codigo!$B$2:$D$67),3,FALSE)) | J8: =IF(H8="",(""),IF(H8="DP",(J7+G8),IF(H8="DB",(J7-G8),IF(H8="TR",(J7-G8),IF(H8="CH",(J7-G8),IF(H8="SQ",(J7-G8),J7)))))) | K8: =IF(H8="",(""),IF(H8="SQ",(K7+G8),IF(H8="RD",(K7+G8),IF(H8="DI",(K7-G8),K7)))) | L8: =IF(H8="",(""),IF(H8="CC",(L7+G8),IF(H8="PC",(L7+G8),L7)))
B9: =IF(IF(ISERROR(VLOOKUP(D9,Codigo!$B$4:$C$67,2,FALSE)),"",VLOOKUP(D9,Codigo!$B$4:$C$67,2,FALSE))=D9,"",VLOOKUP(D9,(Codigo!$B$4:$C$67),2,FALSE)) | C9: =IF(IF(ISERROR(VLOOKUP(D9,Codigo!$B$4:$C$67,2,FALSE)),"",VLOOKUP(D9,Codigo!$B$4:$C$67,2,FALSE))=D9,"",VLOOKUP(D9,(Codigo!$B$2:$D$67),3,FALSE)) | J9: =IF(H9="",(""),IF(H9="DP",(J8+G9),IF(H9="DB",(J8-G9),IF(H9="TR",(J8-G9),IF(H9="CH",(J8-G9),IF(H9="SQ",(J8-G9),J8)))))) | K9: =IF(H9="",(""),IF(H9="SQ",(K8+G9),IF(H9="RD",(K8+G9),IF(H9="DI",(K8-G9),K8)))) | L9: =IF(H9="",(""),IF(H9="CC",(L8+G9),IF(H9="PC",(L8+G9),L8)))
B10: =IF(IF(ISERROR(VLOOKUP(D10,Codigo!$B$4:$C$67,2,FALSE)),"",VLOOKUP(D10,Codigo!$B$4:$C$67,2,FALSE))=D10,"",VLOOKUP(D10,(Codigo!$B$4:$C$67),2,FALSE)) | C10: =IF(IF(ISERROR(VLOOKUP(D10,Codigo!$B$4:$C$67,2,FALSE)),"",VLOOKUP(D10,Codigo!$B$4:$C$67,2,FALSE))=D10,"",VLOOKUP(D10,(Codigo!$B$2:$D$67),3,FALSE)) | J10: =IF(H10="",(""),IF(H10="DP",(J9+G10),IF(H10="DB",(J9-G10),IF(H10="TR",(J9-G10),IF(H10="CH",(J9-G10),IF(H10="SQ",(J9-G10),J9)))))) | K10: =IF(H10="",(""),IF(H10="SQ",(K9+G10),IF(H10="RD",(K9+G10),IF(H10="DI",(K9-G10),K9)))) | L10: =IF(H10="",(""),IF(H10="CC",(L9+G10),IF(H10="PC",(L9+G10),L9)))
B11: =IF(IF(ISERROR(VLOOKUP(D11,Codigo!$B$4:$C$67,2,FALSE)),"",VLOOKUP(D11,Codigo!$B$4:$C$67,2,FALSE))=D11,"",VLOOKUP(D11,(Codigo!$B$4:$C$67),2,FALSE)) | C11: =IF(IF(ISERROR(VLOOKUP(D11,Codigo!$B$4:$C$67,2,FALSE)),"",VLOOKUP(D11,Codigo!$B$4:$C$67,2,FALSE))=D11,"",VLOOKUP(D11,(Codigo!$B$2:$D$67),3,FALSE)) | J11: =IF(H11="",(""),IF(H11="DP",(J10+G11),IF(H11="DB",(J10-G11),IF(H11="TR",(J10-G11),IF(H11="CH",(J10-G11),IF(H11="SQ",(J10-G11),J10)))))) | K11: =IF(H11="",(""),IF(H11="SQ",(K10+G11),IF(H11="RD",(K10+G11),IF(H11="DI",(K10-G11),K10)))) | L11: =IF(H11="",(""),IF(H11="CC",(L10+G11),IF(H11="PC",(L10+G11),L10)))
B12: =IF(IF(ISERROR(VLOOKUP(D12,Codigo!$B$4:$C$67,2,FALSE)),"",VLOOKUP(D12,Codigo!$B$4:$C$67,2,FALSE))=D12,"",VLOOKUP(D12,(Codigo!$B$4:$C$67),2,FALSE)) | C12: =IF(IF(ISERROR(VLOOKUP(D12,Codigo!$B$4:$C$67,2,FALSE)),"",VLOOKUP(D12,Codigo!$B$4:$C$67,2,FALSE))=D12,"",VLOOKUP(D12,(Codigo!$B$2:$D$67),3,FALSE)) | J12: =IF(H12="",(""),IF(H12="DP",(J11+G12),IF(H12="DB",(J11-G12),IF(H12="TR",(J11-G12),IF(H12="CH",(J11-G12),IF(H12="SQ",(J11-G12),J11)))))) | K12: =IF(H12="",(""),IF(H12="SQ",(K11+G12),IF(H12="RD",(K11+G12),IF(H12="DI",(K11-G12),K11)))) | L12: =IF(H12="",(""),IF(H12="CC",(L11+G12),IF(H12="PC",(L11+G12),L11)))
B13: =IF(IF(ISERROR(VLOOKUP(D13,Codigo!$B$4:$C$67,2,FALSE)),"",VLOOKUP(D13,Codigo!$B$4:$C$67,2,FALSE))=D13,"",VLOOKUP(D13,(Codigo!$B$4:$C$67),2,FALSE)) | C13: =IF(IF(ISERROR(VLOOKUP(D13,Codigo!$B$4:$C$67,2,FALSE)),"",VLOOKUP(D13,Codigo!$B$4:$C$67,2,FALSE))=D13,"",VLOOKUP(D13,(Codigo!$B$2:$D$67),3,FALSE)) | J13: =IF(H13="",(""),IF(H13="DP",(J12+G13),IF(H13="DB",(J12-G13),IF(H13="TR",(J12-G13),IF(H13="CH",(J12-G13),IF(H13="SQ",(J12-G13),J12)))))) | K13: =IF(H13="",(""),IF(H13="SQ",(K12+G13),IF(H13="RD",(K12+G13),IF(H13="DI",(K12-G13),K12)))) | L13: =IF(H13="",(""),IF(H13="CC",(L12+G13),IF(H13="PC",(L12+G13),L12)))
B14: =IF(IF(ISERROR(VLOOKUP(D14,Codigo!$B$4:$C$67,2,FALSE)),"",VLOOKUP(D14,Codigo!$B$4:$C$67,2,FALSE))=D14,"",VLOOKUP(D14,(Codigo!$B$4:$C$67),2,FALSE)) | C14: =IF(IF(ISERROR(VLOOKUP(D14,Codigo!$B$4:$C$67,2,FALSE)),"",VLOOKUP(D14,Codigo!$B$4:$C$67,2,FALSE))=D14,"",VLOOKUP(D14,(Codigo!$B$2:$D$67),3,FALSE)) | J14: =IF(H14="",(""),IF(H14="DP",(J13+G14),IF(H14="DB",(J13-G14),IF(H14="TR",(J13-G14),IF(H14="CH",(J13-G14),IF(H14="SQ",(J13-G14),J13)))))) | K14: =IF(H14="",(""),IF(H14="SQ",(K13+G14),IF(H14="RD",(K13+G14),IF(H14="DI",(K13-G14),K13)))) | L14: =IF(H14="",(""),IF(H14="CC",(L13+G14),IF(H14="PC",(L13+G14),L13)))
B15: =IF(IF(ISERROR(VLOOKUP(D15,Codigo!$B$4:$C$67,2,FALSE)),"",VLOOKUP(D15,Codigo!$B$4:$C$67,2,FALSE))=D15,"",VLOOKUP(D15,(Codigo!$B$4:$C$67),2,FALSE)) | C15: =IF(IF(ISERROR(VLOOKUP(D15,Codigo!$B$4:$C$67,2,FALSE)),"",VLOOKUP(D15,Codigo!$B$4:$C$67,2,FALSE))=D15,"",VLOOKUP(D15,(Codigo!$B$2:$D$67),3,FALSE)) | J15: =IF(H15="",(""),IF(H15="DP",(J14+G15),IF(H15="DB",(J14-G15),IF(H15="TR",(J14-G15),IF(H15="CH",(J14-G15),IF(H15="SQ",(J14-G15),J14)))))) | K15: =IF(H15="",(""),IF(H15="SQ",(K14+G15),IF(H15="RD",(K14+G15),IF(H15="DI",(K14-G15),K14)))) | L15: =IF(H15="",(""),IF(H15="CC",(L14+G15),IF(H15="PC",(L14+G15),L14)))
B16: =IF(IF(ISERROR(VLOOKUP(D16,Codigo!$B$4:$C$67,2,FALSE)),"",VLOOKUP(D16,Codigo!$B$4:$C$67,2,FALSE))=D16,"",VLOOKUP(D16,(Codigo!$B$4:$C$67),2,FALSE)) | C16: =IF(IF(ISERROR(VLOOKUP(D16,Codigo!$B$4:$C$67,2,FALSE)),"",VLOOKUP(D16,Codigo!$B$4:$C$67,2,FALSE))=D16,"",VLOOKUP(D16,(Codigo!$B$2:$D$67),3,FALSE)) | J16: =IF(H16="",(""),IF(H16="DP",(J15+G16),IF(H16="DB",(J15-G16),IF(H16="TR",(J15-G16),IF(H16="CH",(J15-G16),IF(H16="SQ",(J15-G16),J15)))))) | K16: =IF(H16="",(""),IF(H16="SQ",(K15+G16),IF(H16="RD",(K15+G16),IF(H16="DI",(K15-G16),K15)))) | L16: =IF(H16="",(""),IF(H16="CC",(L15+G16),IF(H16="PC",(L15+G16),L15)))
B17: =IF(IF(ISERROR(VLOOKUP(D17,Codigo!$B$4:$C$67,2,FALSE)),"",VLOOKUP(D17,Codigo!$B$4:$C$67,2,FALSE))=D17,"",VLOOKUP(D17,(Codigo!$B$4:$C$67),2,FALSE)) | C17: =IF(IF(ISERROR(VLOOKUP(D17,Codigo!$B$4:$C$67,2,FALSE)),"",VLOOKUP(D17,Codigo!$B$4:$C$67,2,FALSE))=D17,"",VLOOKUP(D17,(Codigo!$B$2:$D$67),3,FALSE)) | J17: =IF(H17="",(""),IF(H17="DP",(J16+G17),IF(H17="DB",(J16-G17),IF(H17="TR",(J16-G17),IF(H17="CH",(J16-G17),IF(H17="SQ",(J16-G17),J16)))))) | K17: =IF(H17="",(""),IF(H17="SQ",(K16+G17),IF(H17="RD",(K16+G17),IF(H17="DI",(K16-G17),K16)))) | L17: =IF(H17="",(""),IF(H17="CC",(L16+G17),IF(H17="PC",(L16+G17),L16)))
B18: =IF(IF(ISERROR(VLOOKUP(D18,Codigo!$B$4:$C$67,2,FALSE)),"",VLOOKUP(D18,Codigo!$B$4:$C$67,2,FALSE))=D18,"",VLOOKUP(D18,(Codigo!$B$4:$C$67),2,FALSE)) | C18: =IF(IF(ISERROR(VLOOKUP(D18,Codigo!$B$4:$C$67,2,FALSE)),"",VLOOKUP(D18,Codigo!$B$4:$C$67,2,FALSE))=D18,"",VLOOKUP(D18,(Codigo!$B$2:$D$67),3,FALSE)) | J18: =IF(H18="",(""),IF(H18="DP",(J17+G18),IF(H18="DB",(J17-G18),IF(H18="TR",(J17-G18),IF(H18="CH",(J17-G18),IF(H18="SQ",(J17-G18),J17)))))) | K18: =IF(H18="",(""),IF(H18="SQ",(K17+G18),IF(H18="RD",(K17+G18),IF(H18="DI",(K17-G18),K17)))) | L18: =IF(H18="",(""),IF(H18="CC",(L17+G18),IF(H18="PC",(L17+G18),L17)))
... B75: =IF(IF(ISERROR(VLOOKUP(D75,Codigo!$B$4:$C$67,2,FALSE)),"",VLOOKUP(D75,Codigo!$B$4:$C$67,2,FALSE))=D75,"",VLOOKUP(D75,(Codigo!$B$4:$C$67),2,FALSE)) | C75: =IF(IF(ISERROR(VLOOKUP(D75,Codigo!$B$4:$C$67,2,FALSE)),"",VLOOKUP(D75,Codigo!$B$4:$C$67,2,FALSE))=D75,"",VLOOKUP(D75,(Codigo!$B$2:$D$67),3,FALSE)) | J75: =IF(H75="",(""),IF(H75="DP",(J74+G75),IF(H75="DB",(J74-G75),IF(H75="TR",(J74-G75),IF(H75="CH",(J74-G75),IF(H75="SQ",(J74-G75),J74)))))) | K75: =IF(H75="",(""),IF(H75="SQ",(K74+G75),IF(H75="RD",(K74+G75),IF(H75="DI",(K74-G75),K74)))) | L75: =IF(H75="",(""),IF(H75="CC",(L74+G75),IF(H75="PC",(L74+G75),L74)))
F76: Saldo no mês | J76: =+J75 | K76: =+K75 | L76: =+L75
A213: 1
A214: 1

Sheet Ago
C1: Orçamento Doméstico
B2: Descritivo de Receitas e Despesas realizadas | F2: Agosto | H2: =+Instruções!$I$19 -> 2026 | J2: Movimentação do saldo no mês
H3: Meio de pagamento | J3: Saldo do mês anterior
B4: Grupo de conta | C4: Sub-grupo de conta | D4: Cod. | E4: Data | F4: Descritivo | G4: Valor R$ | J4: C.Corrente (+ / -) | K4: Dinheiro (+ / -) | L4: C. de Crédito (+)
A6: 1 | B6: =IF(IF(ISERROR(VLOOKUP(D6,Codigo!$B$4:$C$67,2,FALSE)),"",VLOOKUP(D6,Codigo!$B$4:$C$67,2,FALSE))=D6,"",VLOOKUP(D6,(Codigo!$B$4:$C$67),2,FALSE)) | C6: =IF(IF(ISERROR(VLOOKUP(D6,Codigo!$B$4:$C$67,2,FALSE)),"",VLOOKUP(D6,Codigo!$B$4:$C$67,2,FALSE))=D6,"",VLOOKUP(D6,(Codigo!$B$2:$D$67),3,FALSE)) | J6: =IF(H6="",(""),IF(H6="DP",(J5+G6),IF(H6="DB",(J5-G6),IF(H6="TR",(J5-G6),IF(H6="CH",(J5-G6),IF(H6="SQ",(J5-G6),J5)))))) | K6: =IF(H6="",(""),IF(H6="SQ",(K5+G6),IF(H6="RD",(K5+G6),IF(H6="DI",(K5-G6),K5)))) | L6: =IF(H6="",(""),IF(H6="CC",(L5+G6),IF(H6="PC",(L5+G6),L5)))
B7: =IF(IF(ISERROR(VLOOKUP(D7,Codigo!$B$4:$C$67,2,FALSE)),"",VLOOKUP(D7,Codigo!$B$4:$C$67,2,FALSE))=D7,"",VLOOKUP(D7,(Codigo!$B$4:$C$67),2,FALSE)) | C7: =IF(IF(ISERROR(VLOOKUP(D7,Codigo!$B$4:$C$67,2,FALSE)),"",VLOOKUP(D7,Codigo!$B$4:$C$67,2,FALSE))=D7,"",VLOOKUP(D7,(Codigo!$B$2:$D$67),3,FALSE)) | J7: =IF(H7="",(""),IF(H7="DP",(J6+G7),IF(H7="DB",(J6-G7),IF(H7="TR",(J6-G7),IF(H7="CH",(J6-G7),IF(H7="SQ",(J6-G7),J6)))))) | K7: =IF(H7="",(""),IF(H7="SQ",(K6+G7),IF(H7="RD",(K6+G7),IF(H7="DI",(K6-G7),K6)))) | L7: =IF(H7="",(""),IF(H7="CC",(L6+G7),IF(H7="PC",(L6+G7),L6)))
B8: =IF(IF(ISERROR(VLOOKUP(D8,Codigo!$B$4:$C$67,2,FALSE)),"",VLOOKUP(D8,Codigo!$B$4:$C$67,2,FALSE))=D8,"",VLOOKUP(D8,(Codigo!$B$4:$C$67),2,FALSE)) | C8: =IF(IF(ISERROR(VLOOKUP(D8,Codigo!$B$4:$C$67,2,FALSE)),"",VLOOKUP(D8,Codigo!$B$4:$C$67,2,FALSE))=D8,"",VLOOKUP(D8,(Codigo!$B$2:$D$67),3,FALSE)) | J8: =IF(H8="",(""),IF(H8="DP",(J7+G8),IF(H8="DB",(J7-G8),IF(H8="TR",(J7-G8),IF(H8="CH",(J7-G8),IF(H8="SQ",(J7-G8),J7)))))) | K8: =IF(H8="",(""),IF(H8="SQ",(K7+G8),IF(H8="RD",(K7+G8),IF(H8="DI",(K7-G8),K7)))) | L8: =IF(H8="",(""),IF(H8="CC",(L7+G8),IF(H8="PC",(L7+G8),L7)))
B9: =IF(IF(ISERROR(VLOOKUP(D9,Codigo!$B$4:$C$67,2,FALSE)),"",VLOOKUP(D9,Codigo!$B$4:$C$67,2,FALSE))=D9,"",VLOOKUP(D9,(Codigo!$B$4:$C$67),2,FALSE)) | C9: =IF(IF(ISERROR(VLOOKUP(D9,Codigo!$B$4:$C$67,2,FALSE)),"",VLOOKUP(D9,Codigo!$B$4:$C$67,2,FALSE))=D9,"",VLOOKUP(D9,(Codigo!$B$2:$D$67),3,FALSE)) | J9: =IF(H9="",(""),IF(H9="DP",(J8+G9),IF(H9="DB",(J8-G9),IF(H9="TR",(J8-G9),IF(H9="CH",(J8-G9),IF(H9="SQ",(J8-G9),J8)))))) | K9: =IF(H9="",(""),IF(H9="SQ",(K8+G9),IF(H9="RD",(K8+G9),IF(H9="DI",(K8-G9),K8)))) | L9: =IF(H9="",(""),IF(H9="CC",(L8+G9),IF(H9="PC",(L8+G9),L8)))
B10: =IF(IF(ISERROR(VLOOKUP(D10,Codigo!$B$4:$C$67,2,FALSE)),"",VLOOKUP(D10,Codigo!$B$4:$C$67,2,FALSE))=D10,"",VLOOKUP(D10,(Codigo!$B$4:$C$67),2,FALSE)) | C10: =IF(IF(ISERROR(VLOOKUP(D10,Codigo!$B$4:$C$67,2,FALSE)),"",VLOOKUP(D10,Codigo!$B$4:$C$67,2,FALSE))=D10,"",VLOOKUP(D10,(Codigo!$B$2:$D$67),3,FALSE)) | J10: =IF(H10="",(""),IF(H10="DP",(J9+G10),IF(H10="DB",(J9-G10),IF(H10="TR",(J9-G10),IF(H10="CH",(J9-G10),IF(H10="SQ",(J9-G10),J9)))))) | K10: =IF(H10="",(""),IF(H10="SQ",(K9+G10),IF(H10="RD",(K9+G10),IF(H10="DI",(K9-G10),K9)))) | L10: =IF(H10="",(""),IF(H10="CC",(L9+G10),IF(H10="PC",(L9+G10),L9)))
B11: =IF(IF(ISERROR(VLOOKUP(D11,Codigo!$B$4:$C$67,2,FALSE)),"",VLOOKUP(D11,Codigo!$B$4:$C$67,2,FALSE))=D11,"",VLOOKUP(D11,(Codigo!$B$4:$C$67),2,FALSE)) | C11: =IF(IF(ISERROR(VLOOKUP(D11,Codigo!$B$4:$C$67,2,FALSE)),"",VLOOKUP(D11,Codigo!$B$4:$C$67,2,FALSE))=D11,"",VLOOKUP(D11,(Codigo!$B$2:$D$67),3,FALSE)) | J11: =IF(H11="",(""),IF(H11="DP",(J10+G11),IF(H11="DB",(J10-G11),IF(H11="TR",(J10-G11),IF(H11="CH",(J10-G11),IF(H11="SQ",(J10-G11),J10)))))) | K11: =IF(H11="",(""),IF(H11="SQ",(K10+G11),IF(H11="RD",(K10+G11),IF(H11="DI",(K10-G11),K10)))) | L11: =IF(H11="",(""),IF(H11="CC",(L10+G11),IF(H11="PC",(L10+G11),L10)))
B12: =IF(IF(ISERROR(VLOOKUP(D12,Codigo!$B$4:$C$67,2,FALSE)),"",VLOOKUP(D12,Codigo!$B$4:$C$67,2,FALSE))=D12,"",VLOOKUP(D12,(Codigo!$B$4:$C$67),2,FALSE)) | C12: =IF(IF(ISERROR(VLOOKUP(D12,Codigo!$B$4:$C$67,2,FALSE)),"",VLOOKUP(D12,Codigo!$B$4:$C$67,2,FALSE))=D12,"",VLOOKUP(D12,(Codigo!$B$2:$D$67),3,FALSE)) | J12: =IF(H12="",(""),IF(H12="DP",(J11+G12),IF(H12="DB",(J11-G12),IF(H12="TR",(J11-G12),IF(H12="CH",(J11-G12),IF(H12="SQ",(J11-G12),J11)))))) | K12: =IF(H12="",(""),IF(H12="SQ",(K11+G12),IF(H12="RD",(K11+G12),IF(H12="DI",(K11-G12),K11)))) | L12: =IF(H12="",(""),IF(H12="CC",(L11+G12),IF(H12="PC",(L11+G12),L11)))
B13: =IF(IF(ISERROR(VLOOKUP(D13,Codigo!$B$4:$C$67,2,FALSE)),"",VLOOKUP(D13,Codigo!$B$4:$C$67,2,FALSE))=D13,"",VLOOKUP(D13,(Codigo!$B$4:$C$67),2,FALSE)) | C13: =IF(IF(ISERROR(VLOOKUP(D13,Codigo!$B$4:$C$67,2,FALSE)),"",VLOOKUP(D13,Codigo!$B$4:$C$67,2,FALSE))=D13,"",VLOOKUP(D13,(Codigo!$B$2:$D$67),3,FALSE)) | J13: =IF(H13="",(""),IF(H13="DP",(J12+G13),IF(H13="DB",(J12-G13),IF(H13="TR",(J12-G13),IF(H13="CH",(J12-G13),IF(H13="SQ",(J12-G13),J12)))))) | K13: =IF(H13="",(""),IF(H13="SQ",(K12+G13),IF(H13="RD",(K12+G13),IF(H13="DI",(K12-G13),K12)))) | L13: =IF(H13="",(""),IF(H13="CC",(L12+G13),IF(H13="PC",(L12+G13),L12)))
B14: =IF(IF(ISERROR(VLOOKUP(D14,Codigo!$B$4:$C$67,2,FALSE)),"",VLOOKUP(D14,Codigo!$B$4:$C$67,2,FALSE))=D14,"",VLOOKUP(D14,(Codigo!$B$4:$C$67),2,FALSE)) | C14: =IF(IF(ISERROR(VLOOKUP(D14,Codigo!$B$4:$C$67,2,FALSE)),"",VLOOKUP(D14,Codigo!$B$4:$C$67,2,FALSE))=D14,"",VLOOKUP(D14,(Codigo!$B$2:$D$67),3,FALSE)) | J14: =IF(H14="",(""),IF(H14="DP",(J13+G14),IF(H14="DB",(J13-G14),IF(H14="TR",(J13-G14),IF(H14="CH",(J13-G14),IF(H14="SQ",(J13-G14),J13)))))) | K14: =IF(H14="",(""),IF(H14="SQ",(K13+G14),IF(H14="RD",(K13+G14),IF(H14="DI",(K13-G14),K13)))) | L14: =IF(H14="",(""),IF(H14="CC",(L13+G14),IF(H14="PC",(L13+G14),L13)))
B15: =IF(IF(ISERROR(VLOOKUP(D15,Codigo!$B$4:$C$67,2,FALSE)),"",VLOOKUP(D15,Codigo!$B$4:$C$67,2,FALSE))=D15,"",VLOOKUP(D15,(Codigo!$B$4:$C$67),2,FALSE)) | C15: =IF(IF(ISERROR(VLOOKUP(D15,Codigo!$B$4:$C$67,2,FALSE)),"",VLOOKUP(D15,Codigo!$B$4:$C$67,2,FALSE))=D15,"",VLOOKUP(D15,(Codigo!$B$2:$D$67),3,FALSE)) | J15: =IF(H15="",(""),IF(H15="DP",(J14+G15),IF(H15="DB",(J14-G15),IF(H15="TR",(J14-G15),IF(H15="CH",(J14-G15),IF(H15="SQ",(J14-G15),J14)))))) | K15: =IF(H15="",(""),IF(H15="SQ",(K14+G15),IF(H15="RD",(K14+G15),IF(H15="DI",(K14-G15),K14)))) | L15: =IF(H15="",(""),IF(H15="CC",(L14+G15),IF(H15="PC",(L14+G15),L14)))
B16: =IF(IF(ISERROR(VLOOKUP(D16,Codigo!$B$4:$C$67,2,FALSE)),"",VLOOKUP(D16,Codigo!$B$4:$C$67,2,FALSE))=D16,"",VLOOKUP(D16,(Codigo!$B$4:$C$67),2,FALSE)) | C16: =IF(IF(ISERROR(VLOOKUP(D16,Codigo!$B$4:$C$67,2,FALSE)),"",VLOOKUP(D16,Codigo!$B$4:$C$67,2,FALSE))=D16,"",VLOOKUP(D16,(Codigo!$B$2:$D$67),3,FALSE)) | J16: =IF(H16="",(""),IF(H16="DP",(J15+G16),IF(H16="DB",(J15-G16),IF(H16="TR",(J15-G16),IF(H16="CH",(J15-G16),IF(H16="SQ",(J15-G16),J15)))))) | K16: =IF(H16="",(""),IF(H16="SQ",(K15+G16),IF(H16="RD",(K15+G16),IF(H16="DI",(K15-G16),K15)))) | L16: =IF(H16="",(""),IF(H16="CC",(L15+G16),IF(H16="PC",(L15+G16),L15)))
B17: =IF(IF(ISERROR(VLOOKUP(D17,Codigo!$B$4:$C$67,2,FALSE)),"",VLOOKUP(D17,Codigo!$B$4:$C$67,2,FALSE))=D17,"",VLOOKUP(D17,(Codigo!$B$4:$C$67),2,FALSE)) | C17: =IF(IF(ISERROR(VLOOKUP(D17,Codigo!$B$4:$C$67,2,FALSE)),"",VLOOKUP(D17,Codigo!$B$4:$C$67,2,FALSE))=D17,"",VLOOKUP(D17,(Codigo!$B$2:$D$67),3,FALSE)) | J17: =IF(H17="",(""),IF(H17="DP",(J16+G17),IF(H17="DB",(J16-G17),IF(H17="TR",(J16-G17),IF(H17="CH",(J16-G17),IF(H17="SQ",(J16-G17),J16)))))) | K17: =IF(H17="",(""),IF(H17="SQ",(K16+G17),IF(H17="RD",(K16+G17),IF(H17="DI",(K16-G17),K16)))) | L17: =IF(H17="",(""),IF(H17="CC",(L16+G17),IF(H17="PC",(L16+G17),L16)))
B18: =IF(IF(ISERROR(VLOOKUP(D18,Codigo!$B$4:$C$67,2,FALSE)),"",VLOOKUP(D18,Codigo!$B$4:$C$67,2,FALSE))=D18,"",VLOOKUP(D18,(Codigo!$B$4:$C$67),2,FALSE)) | C18: =IF(IF(ISERROR(VLOOKUP(D18,Codigo!$B$4:$C$67,2,FALSE)),"",VLOOKUP(D18,Codigo!$B$4:$C$67,2,FALSE))=D18,"",VLOOKUP(D18,(Codigo!$B$2:$D$67),3,FALSE)) | J18: =IF(H18="",(""),IF(H18="DP",(J17+G18),IF(H18="DB",(J17-G18),IF(H18="TR",(J17-G18),IF(H18="CH",(J17-G18),IF(H18="SQ",(J17-G18),J17)))))) | K18: =IF(H18="",(""),IF(H18="SQ",(K17+G18),IF(H18="RD",(K17+G18),IF(H18="DI",(K17-G18),K17)))) | L18: =IF(H18="",(""),IF(H18="CC",(L17+G18),IF(H18="PC",(L17+G18),L17)))
... B75: =IF(IF(ISERROR(VLOOKUP(D75,Codigo!$B$4:$C$67,2,FALSE)),"",VLOOKUP(D75,Codigo!$B$4:$C$67,2,FALSE))=D75,"",VLOOKUP(D75,(Codigo!$B$4:$C$67),2,FALSE)) | C75: =IF(IF(ISERROR(VLOOKUP(D75,Codigo!$B$4:$C$67,2,FALSE)),"",VLOOKUP(D75,Codigo!$B$4:$C$67,2,FALSE))=D75,"",VLOOKUP(D75,(Codigo!$B$2:$D$67),3,FALSE)) | J75: =IF(H75="",(""),IF(H75="DP",(J74+G75),IF(H75="DB",(J74-G75),IF(H75="TR",(J74-G75),IF(H75="CH",(J74-G75),IF(H75="SQ",(J74-G75),J74)))))) | K75: =IF(H75="",(""),IF(H75="SQ",(K74+G75),IF(H75="RD",(K74+G75),IF(H75="DI",(K74-G75),K74)))) | L75: =IF(H75="",(""),IF(H75="CC",(L74+G75),IF(H75="PC",(L74+G75),L74)))
F76: Saldo no mês | J76: =+J75 | K76: =+K75 | L76: =+L75
A213: 1
A214: 1

Sheet Set
C1: Orçamento Doméstico
B2: Descritivo de Receitas e Despesas realizadas | F2: Setembro | H2: =+Instruções!$I$19 -> 2026 | J2: Movimentação do saldo no mês
H3: Meio de pagamento | J3: Saldo do mês anterior
B4: Grupo de conta | C4: Sub-grupo de conta | D4: Cod. | E4: Data | F4: Descritivo | G4: Valor R$ | J4: C.Corrente (+ / -) | K4: Dinheiro (+ / -) | L4: C. de Crédito (+)
A6: 1 | B6: =IF(IF(ISERROR(VLOOKUP(D6,Codigo!$B$4:$C$67,2,FALSE)),"",VLOOKUP(D6,Codigo!$B$4:$C$67,2,FALSE))=D6,"",VLOOKUP(D6,(Codigo!$B$4:$C$67),2,FALSE)) | C6: =IF(IF(ISERROR(VLOOKUP(D6,Codigo!$B$4:$C$67,2,FALSE)),"",VLOOKUP(D6,Codigo!$B$4:$C$67,2,FALSE))=D6,"",VLOOKUP(D6,(Codigo!$B$2:$D$67),3,FALSE)) | J6: =IF(H6="",(""),IF(H6="DP",(J5+G6),IF(H6="DB",(J5-G6),IF(H6="TR",(J5-G6),IF(H6="CH",(J5-G6),IF(H6="SQ",(J5-G6),J5)))))) | K6: =IF(H6="",(""),IF(H6="SQ",(K5+G6),IF(H6="RD",(K5+G6),IF(H6="DI",(K5-G6),K5)))) | L6: =IF(H6="",(""),IF(H6="CC",(L5+G6),IF(H6="PC",(L5+G6),L5)))
B7: =IF(IF(ISERROR(VLOOKUP(D7,Codigo!$B$4:$C$67,2,FALSE)),"",VLOOKUP(D7,Codigo!$B$4:$C$67,2,FALSE))=D7,"",VLOOKUP(D7,(Codigo!$B$4:$C$67),2,FALSE)) | C7: =IF(IF(ISERROR(VLOOKUP(D7,Codigo!$B$4:$C$67,2,FALSE)),"",VLOOKUP(D7,Codigo!$B$4:$C$67,2,FALSE))=D7,"",VLOOKUP(D7,(Codigo!$B$2:$D$67),3,FALSE)) | J7: =IF(H7="",(""),IF(H7="DP",(J6+G7),IF(H7="DB",(J6-G7),IF(H7="TR",(J6-G7),IF(H7="CH",(J6-G7),IF(H7="SQ",(J6-G7),J6)))))) | K7: =IF(H7="",(""),IF(H7="SQ",(K6+G7),IF(H7="RD",(K6+G7),IF(H7="DI",(K6-G7),K6)))) | L7: =IF(H7="",(""),IF(H7="CC",(L6+G7),IF(H7="PC",(L6+G7),L6)))
B8: =IF(IF(ISERROR(VLOOKUP(D8,Codigo!$B$4:$C$67,2,FALSE)),"",VLOOKUP(D8,Codigo!$B$4:$C$67,2,FALSE))=D8,"",VLOOKUP(D8,(Codigo!$B$4:$C$67),2,FALSE)) | C8: =IF(IF(ISERROR(VLOOKUP(D8,Codigo!$B$4:$C$67,2,FALSE)),"",VLOOKUP(D8,Codigo!$B$4:$C$67,2,FALSE))=D8,"",VLOOKUP(D8,(Codigo!$B$2:$D$67),3,FALSE)) | J8: =IF(H8="",(""),IF(H8="DP",(J7+G8),IF(H8="DB",(J7-G8),IF(H8="TR",(J7-G8),IF(H8="CH",(J7-G8),IF(H8="SQ",(J7-G8),J7)))))) | K8: =IF(H8="",(""),IF(H8="SQ",(K7+G8),IF(H8="RD",(K7+G8),IF(H8="DI",(K7-G8),K7)))) | L8: =IF(H8="",(""),IF(H8="CC",(L7+G8),IF(H8="PC",(L7+G8),L7)))
B9: =IF(IF(ISERROR(VLOOKUP(D9,Codigo!$B$4:$C$67,2,FALSE)),"",VLOOKUP(D9,Codigo!$B$4:$C$67,2,FALSE))=D9,"",VLOOKUP(D9,(Codigo!$B$4:$C$67),2,FALSE)) | C9: =IF(IF(ISERROR(VLOOKUP(D9,Codigo!$B$4:$C$67,2,FALSE)),"",VLOOKUP(D9,Codigo!$B$4:$C$67,2,FALSE))=D9,"",VLOOKUP(D9,(Codigo!$B$2:$D$67),3,FALSE)) | J9: =IF(H9="",(""),IF(H9="DP",(J8+G9),IF(H9="DB",(J8-G9),IF(H9="TR",(J8-G9),IF(H9="CH",(J8-G9),IF(H9="SQ",(J8-G9),J8)))))) | K9: =IF(H9="",(""),IF(H9="SQ",(K8+G9),IF(H9="RD",(K8+G9),IF(H9="DI",(K8-G9),K8)))) | L9: =IF(H9="",(""),IF(H9="CC",(L8+G9),IF(H9="PC",(L8+G9),L8)))
B10: =IF(IF(ISERROR(VLOOKUP(D10,Codigo!$B$4:$C$67,2,FALSE)),"",VLOOKUP(D10,Codigo!$B$4:$C$67,2,FALSE))=D10,"",VLOOKUP(D10,(Codigo!$B$4:$C$67),2,FALSE)) | C10: =IF(IF(ISERROR(VLOOKUP(D10,Codigo!$B$4:$C$67,2,FALSE)),"",VLOOKUP(D10,Codigo!$B$4:$C$67,2,FALSE))=D10,"",VLOOKUP(D10,(Codigo!$B$2:$D$67),3,FALSE)) | J10: =IF(H10="",(""),IF(H10="DP",(J9+G10),IF(H10="DB",(J9-G10),IF(H10="TR",(J9-G10),IF(H10="CH",(J9-G10),IF(H10="SQ",(J9-G10),J9)))))) | K10: =IF(H10="",(""),IF(H10="SQ",(K9+G10),IF(H10="RD",(K9+G10),IF(H10="DI",(K9-G10),K9)))) | L10: =IF(H10="",(""),IF(H10="CC",(L9+G10),IF(H10="PC",(L9+G10),L9)))
B11: =IF(IF(ISERROR(VLOOKUP(D11,Codigo!$B$4:$C$67,2,FALSE)),"",VLOOKUP(D11,Codigo!$B$4:$C$67,2,FALSE))=D11,"",VLOOKUP(D11,(Codigo!$B$4:$C$67),2,FALSE)) | C11: =IF(IF(ISERROR(VLOOKUP(D11,Codigo!$B$4:$C$67,2,FALSE)),"",VLOOKUP(D11,Codigo!$B$4:$C$67,2,FALSE))=D11,"",VLOOKUP(D11,(Codigo!$B$2:$D$67),3,FALSE)) | J11: =IF(H11="",(""),IF(H11="DP",(J10+G11),IF(H11="DB",(J10-G11),IF(H11="TR",(J10-G11),IF(H11="CH",(J10-G11),IF(H11="SQ",(J10-G11),J10)))))) | K11: =IF(H11="",(""),IF(H11="SQ",(K10+G11),IF(H11="RD",(K10+G11),IF(H11="DI",(K10-G11),K10)))) | L11: =IF(H11="",(""),IF(H11="CC",(L10+G11),IF(H11="PC",(L10+G11),L10)))
B12: =IF(IF(ISERROR(VLOOKUP(D12,Codigo!$B$4:$C$67,2,FALSE)),"",VLOOKUP(D12,Codigo!$B$4:$C$67,2,FALSE))=D12,"",VLOOKUP(D12,(Codigo!$B$4:$C$67),2,FALSE)) | C12: =IF(IF(ISERROR(VLOOKUP(D12,Codigo!$B$4:$C$67,2,FALSE)),"",VLOOKUP(D12,Codigo!$B$4:$C$67,2,FALSE))=D12,"",VLOOKUP(D12,(Codigo!$B$2:$D$67),3,FALSE)) | J12: =IF(H12="",(""),IF(H12="DP",(J11+G12),IF(H12="DB",(J11-G12),IF(H12="TR",(J11-G12),IF(H12="CH",(J11-G12),IF(H12="SQ",(J11-G12),J11)))))) | K12: =IF(H12="",(""),IF(H12="SQ",(K11+G12),IF(H12="RD",(K11+G12),IF(H12="DI",(K11-G12),K11)))) | L12: =IF(H12="",(""),IF(H12="CC",(L11+G12),IF(H12="PC",(L11+G12),L11)))
B13: =IF(IF(ISERROR(VLOOKUP(D13,Codigo!$B$4:$C$67,2,FALSE)),"",VLOOKUP(D13,Codigo!$B$4:$C$67,2,FALSE))=D13,"",VLOOKUP(D13,(Codigo!$B$4:$C$67),2,FALSE)) | C13: =IF(IF(ISERROR(VLOOKUP(D13,Codigo!$B$4:$C$67,2,FALSE)),"",VLOOKUP(D13,Codigo!$B$4:$C$67,2,FALSE))=D13,"",VLOOKUP(D13,(Codigo!$B$2:$D$67),3,FALSE)) | J13: =IF(H13="",(""),IF(H13="DP",(J12+G13),IF(H13="DB",(J12-G13),IF(H13="TR",(J12-G13),IF(H13="CH",(J12-G13),IF(H13="SQ",(J12-G13),J12)))))) | K13: =IF(H13="",(""),IF(H13="SQ",(K12+G13),IF(H13="RD",(K12+G13),IF(H13="DI",(K12-G13),K12)))) | L13: =IF(H13="",(""),IF(H13="CC",(L12+G13),IF(H13="PC",(L12+G13),L12)))
B14: =IF(IF(ISERROR(VLOOKUP(D14,Codigo!$B$4:$C$67,2,FALSE)),"",VLOOKUP(D14,Codigo!$B$4:$C$67,2,FALSE))=D14,"",VLOOKUP(D14,(Codigo!$B$4:$C$67),2,FALSE)) | C14: =IF(IF(ISERROR(VLOOKUP(D14,Codigo!$B$4:$C$67,2,FALSE)),"",VLOOKUP(D14,Codigo!$B$4:$C$67,2,FALSE))=D14,"",VLOOKUP(D14,(Codigo!$B$2:$D$67),3,FALSE)) | J14: =IF(H14="",(""),IF(H14="DP",(J13+G14),IF(H14="DB",(J13-G14),IF(H14="TR",(J13-G14),IF(H14="CH",(J13-G14),IF(H14="SQ",(J13-G14),J13)))))) | K14: =IF(H14="",(""),IF(H14="SQ",(K13+G14),IF(H14="RD",(K13+G14),IF(H14="DI",(K13-G14),K13)))) | L14: =IF(H14="",(""),IF(H14="CC",(L13+G14),IF(H14="PC",(L13+G14),L13)))
B15: =IF(IF(ISERROR(VLOOKUP(D15,Codigo!$B$4:$C$67,2,FALSE)),"",VLOOKUP(D15,Codigo!$B$4:$C$67,2,FALSE))=D15,"",VLOOKUP(D15,(Codigo!$B$4:$C$67),2,FALSE)) | C15: =IF(IF(ISERROR(VLOOKUP(D15,Codigo!$B$4:$C$67,2,FALSE)),"",VLOOKUP(D15,Codigo!$B$4:$C$67,2,FALSE))=D15,"",VLOOKUP(D15,(Codigo!$B$2:$D$67),3,FALSE)) | J15: =IF(H15="",(""),IF(H15="DP",(J14+G15),IF(H15="DB",(J14-G15),IF(H15="TR",(J14-G15),IF(H15="CH",(J14-G15),IF(H15="SQ",(J14-G15),J14)))))) | K15: =IF(H15="",(""),IF(H15="SQ",(K14+G15),IF(H15="RD",(K14+G15),IF(H15="DI",(K14-G15),K14)))) | L15: =IF(H15="",(""),IF(H15="CC",(L14+G15),IF(H15="PC",(L14+G15),L14)))
B16: =IF(IF(ISERROR(VLOOKUP(D16,Codigo!$B$4:$C$67,2,FALSE)),"",VLOOKUP(D16,Codigo!$B$4:$C$67,2,FALSE))=D16,"",VLOOKUP(D16,(Codigo!$B$4:$C$67),2,FALSE)) | C16: =IF(IF(ISERROR(VLOOKUP(D16,Codigo!$B$4:$C$67,2,FALSE)),"",VLOOKUP(D16,Codigo!$B$4:$C$67,2,FALSE))=D16,"",VLOOKUP(D16,(Codigo!$B$2:$D$67),3,FALSE)) | J16: =IF(H16="",(""),IF(H16="DP",(J15+G16),IF(H16="DB",(J15-G16),IF(H16="TR",(J15-G16),IF(H16="CH",(J15-G16),IF(H16="SQ",(J15-G16),J15)))))) | K16: =IF(H16="",(""),IF(H16="SQ",(K15+G16),IF(H16="RD",(K15+G16),IF(H16="DI",(K15-G16),K15)))) | L16: =IF(H16="",(""),IF(H16="CC",(L15+G16),IF(H16="PC",(L15+G16),L15)))
B17: =IF(IF(ISERROR(VLOOKUP(D17,Codigo!$B$4:$C$67,2,FALSE)),"",VLOOKUP(D17,Codigo!$B$4:$C$67,2,FALSE))=D17,"",VLOOKUP(D17,(Codigo!$B$4:$C$67),2,FALSE)) | C17: =IF(IF(ISERROR(VLOOKUP(D17,Codigo!$B$4:$C$67,2,FALSE)),"",VLOOKUP(D17,Codigo!$B$4:$C$67,2,FALSE))=D17,"",VLOOKUP(D17,(Codigo!$B$2:$D$67),3,FALSE)) | J17: =IF(H17="",(""),IF(H17="DP",(J16+G17),IF(H17="DB",(J16-G17),IF(H17="TR",(J16-G17),IF(H17="CH",(J16-G17),IF(H17="SQ",(J16-G17),J16)))))) | K17: =IF(H17="",(""),IF(H17="SQ",(K16+G17),IF(H17="RD",(K16+G17),IF(H17="DI",(K16-G17),K16)))) | L17: =IF(H17="",(""),IF(H17="CC",(L16+G17),IF(H17="PC",(L16+G17),L16)))
B18: =IF(IF(ISERROR(VLOOKUP(D18,Codigo!$B$4:$C$67,2,FALSE)),"",VLOOKUP(D18,Codigo!$B$4:$C$67,2,FALSE))=D18,"",VLOOKUP(D18,(Codigo!$B$4:$C$67),2,FALSE)) | C18: =IF(IF(ISERROR(VLOOKUP(D18,Codigo!$B$4:$C$67,2,FALSE)),"",VLOOKUP(D18,Codigo!$B$4:$C$67,2,FALSE))=D18,"",VLOOKUP(D18,(Codigo!$B$2:$D$67),3,FALSE)) | J18: =IF(H18="",(""),IF(H18="DP",(J17+G18),IF(H18="DB",(J17-G18),IF(H18="TR",(J17-G18),IF(H18="CH",(J17-G18),IF(H18="SQ",(J17-G18),J17)))))) | K18: =IF(H18="",(""),IF(H18="SQ",(K17+G18),IF(H18="RD",(K17+G18),IF(H18="DI",(K17-G18),K17)))) | L18: =IF(H18="",(""),IF(H18="CC",(L17+G18),IF(H18="PC",(L17+G18),L17)))
... B75: =IF(IF(ISERROR(VLOOKUP(D75,Codigo!$B$4:$C$67,2,FALSE)),"",VLOOKUP(D75,Codigo!$B$4:$C$67,2,FALSE))=D75,"",VLOOKUP(D75,(Codigo!$B$4:$C$67),2,FALSE)) | C75: =IF(IF(ISERROR(VLOOKUP(D75,Codigo!$B$4:$C$67,2,FALSE)),"",VLOOKUP(D75,Codigo!$B$4:$C$67,2,FALSE))=D75,"",VLOOKUP(D75,(Codigo!$B$2:$D$67),3,FALSE)) | J75: =IF(H75="",(""),IF(H75="DP",(J74+G75),IF(H75="DB",(J74-G75),IF(H75="TR",(J74-G75),IF(H75="CH",(J74-G75),IF(H75="SQ",(J74-G75),J74)))))) | K75: =IF(H75="",(""),IF(H75="SQ",(K74+G75),IF(H75="RD",(K74+G75),IF(H75="DI",(K74-G75),K74)))) | L75: =IF(H75="",(""),IF(H75="CC",(L74+G75),IF(H75="PC",(L74+G75),L74)))
F76: Saldo no mês | J76: =+J75 | K76: =+K75 | L76: =+L75
A213: 1
A214: 1

Sheet Out
C1: Orçamento Doméstico
B2: Descritivo de Receitas e Despesas realizadas | F2: Outubro | H2: =+Instruções!$I$19 -> 2026 | J2: Movimentação do saldo no mês
H3: Meio de pagamento | J3: Saldo do mês anterior
B4: Grupo de conta | C4: Sub-grupo de conta | D4: Cod. | E4: Data | F4: Descritivo | G4: Valor R$ | J4: C.Corrente (+ / -) | K4: Dinheiro (+ / -) | L4: C. de Crédito (+)
A6: 1 | B6: =IF(IF(ISERROR(VLOOKUP(D6,Codigo!$B$4:$C$67,2,FALSE)),"",VLOOKUP(D6,Codigo!$B$4:$C$67,2,FALSE))=D6,"",VLOOKUP(D6,(Codigo!$B$4:$C$67),2,FALSE)) | C6: =IF(IF(ISERROR(VLOOKUP(D6,Codigo!$B$4:$C$67,2,FALSE)),"",VLOOKUP(D6,Codigo!$B$4:$C$67,2,FALSE))=D6,"",VLOOKUP(D6,(Codigo!$B$2:$D$67),3,FALSE)) | J6: =IF(H6="",(""),IF(H6="DP",(J5+G6),IF(H6="DB",(J5-G6),IF(H6="TR",(J5-G6),IF(H6="CH",(J5-G6),IF(H6="SQ",(J5-G6),J5)))))) | K6: =IF(H6="",(""),IF(H6="SQ",(K5+G6),IF(H6="RD",(K5+G6),IF(H6="DI",(K5-G6),K5)))) | L6: =IF(H6="",(""),IF(H6="CC",(L5+G6),IF(H6="PC",(L5+G6),L5)))
B7: =IF(IF(ISERROR(VLOOKUP(D7,Codigo!$B$4:$C$67,2,FALSE)),"",VLOOKUP(D7,Codigo!$B$4:$C$67,2,FALSE))=D7,"",VLOOKUP(D7,(Codigo!$B$4:$C$67),2,FALSE)) | C7: =IF(IF(ISERROR(VLOOKUP(D7,Codigo!$B$4:$C$67,2,FALSE)),"",VLOOKUP(D7,Codigo!$B$4:$C$67,2,FALSE))=D7,"",VLOOKUP(D7,(Codigo!$B$2:$D$67),3,FALSE)) | J7: =IF(H7="",(""),IF(H7="DP",(J6+G7),IF(H7="DB",(J6-G7),IF(H7="TR",(J6-G7),IF(H7="CH",(J6-G7),IF(H7="SQ",(J6-G7),J6)))))) | K7: =IF(H7="",(""),IF(H7="SQ",(K6+G7),IF(H7="RD",(K6+G7),IF(H7="DI",(K6-G7),K6)))) | L7: =IF(H7="",(""),IF(H7="CC",(L6+G7),IF(H7="PC",(L6+G7),L6)))
B8: =IF(IF(ISERROR(VLOOKUP(D8,Codigo!$B$4:$C$67,2,FALSE)),"",VLOOKUP(D8,Codigo!$B$4:$C$67,2,FALSE))=D8,"",VLOOKUP(D8,(Codigo!$B$4:$C$67),2,FALSE)) | C8: =IF(IF(ISERROR(VLOOKUP(D8,Codigo!$B$4:$C$67,2,FALSE)),"",VLOOKUP(D8,Codigo!$B$4:$C$67,2,FALSE))=D8,"",VLOOKUP(D8,(Codigo!$B$2:$D$67),3,FALSE)) | J8: =IF(H8="",(""),IF(H8="DP",(J7+G8),IF(H8="DB",(J7-G8),IF(H8="TR",(J7-G8),IF(H8="CH",(J7-G8),IF(H8="SQ",(J7-G8),J7)))))) | K8: =IF(H8="",(""),IF(H8="SQ",(K7+G8),IF(H8="RD",(K7+G8),IF(H8="DI",(K7-G8),K7)))) | L8: =IF(H8="",(""),IF(H8="CC",(L7+G8),IF(H8="PC",(L7+G8),L7)))
B9: =IF(IF(ISERROR(VLOOKUP(D9,Codigo!$B$4:$C$67,2,FALSE)),"",VLOOKUP(D9,Codigo!$B$4:$C$67,2,FALSE))=D9,"",VLOOKUP(D9,(Codigo!$B$4:$C$67),2,FALSE)) | C9: =IF(IF(ISERROR(VLOOKUP(D9,Codigo!$B$4:$C$67,2,FALSE)),"",VLOOKUP(D9,Codigo!$B$4:$C$67,2,FALSE))=D9,"",VLOOKUP(D9,(Codigo!$B$2:$D$67),3,FALSE)) | J9: =IF(H9="",(""),IF(H9="DP",(J8+G9),IF(H9="DB",(J8-G9),IF(H9="TR",(J8-G9),IF(H9="CH",(J8-G9),IF(H9="SQ",(J8-G9),J8)))))) | K9: =IF(H9="",(""),IF(H9="SQ",(K8+G9),IF(H9="RD",(K8+G9),IF(H9="DI",(K8-G9),K8)))) | L9: =IF(H9="",(""),IF(H9="CC",(L8+G9),IF(H9="PC",(L8+G9),L8)))
B10: =IF(IF(ISERROR(VLOOKUP(D10,Codigo!$B$4:$C$67,2,FALSE)),"",VLOOKUP(D10,Codigo!$B$4:$C$67,2,FALSE))=D10,"",VLOOKUP(D10,(Codigo!$B$4:$C$67),2,FALSE)) | C10: =IF(IF(ISERROR(VLOOKUP(D10,Codigo!$B$4:$C$67,2,FALSE)),"",VLOOKUP(D10,Codigo!$B$4:$C$67,2,FALSE))=D10,"",VLOOKUP(D10,(Codigo!$B$2:$D$67),3,FALSE)) | J10: =IF(H10="",(""),IF(H10="DP",(J9+G10),IF(H10="DB",(J9-G10),IF(H10="TR",(J9-G10),IF(H10="CH",(J9-G10),IF(H10="SQ",(J9-G10),J9)))))) | K10: =IF(H10="",(""),IF(H10="SQ",(K9+G10),IF(H10="RD",(K9+G10),IF(H10="DI",(K9-G10),K9)))) | L10: =IF(H10="",(""),IF(H10="CC",(L9+G10),IF(H10="PC",(L9+G10),L9)))
B11: =IF(IF(ISERROR(VLOOKUP(D11,Codigo!$B$4:$C$67,2,FALSE)),"",VLOOKUP(D11,Codigo!$B$4:$C$67,2,FALSE))=D11,"",VLOOKUP(D11,(Codigo!$B$4:$C$67),2,FALSE)) | C11: =IF(IF(ISERROR(VLOOKUP(D11,Codigo!$B$4:$C$67,2,FALSE)),"",VLOOKUP(D11,Codigo!$B$4:$C$67,2,FALSE))=D11,"",VLOOKUP(D11,(Codigo!$B$2:$D$67),3,FALSE)) | J11: =IF(H11="",(""),IF(H11="DP",(J10+G11),IF(H11="DB",(J10-G11),IF(H11="TR",(J10-G11),IF(H11="CH",(J10-G11),IF(H11="SQ",(J10-G11),J10)))))) | K11: =IF(H11="",(""),IF(H11="SQ",(K10+G11),IF(H11="RD",(K10+G11),IF(H11="DI",(K10-G11),K10)))) | L11: =IF(H11="",(""),IF(H11="CC",(L10+G11),IF(H11="PC",(L10+G11),L10)))
B12: =IF(IF(ISERROR(VLOOKUP(D12,Codigo!$B$4:$C$67,2,FALSE)),"",VLOOKUP(D12,Codigo!$B$4:$C$67,2,FALSE))=D12,"",VLOOKUP(D12,(Codigo!$B$4:$C$67),2,FALSE)) | C12: =IF(IF(ISERROR(VLOOKUP(D12,Codigo!$B$4:$C$67,2,FALSE)),"",VLOOKUP(D12,Codigo!$B$4:$C$67,2,FALSE))=D12,"",VLOOKUP(D12,(Codigo!$B$2:$D$67),3,FALSE)) | J12: =IF(H12="",(""),IF(H12="DP",(J11+G12),IF(H12="DB",(J11-G12),IF(H12="TR",(J11-G12),IF(H12="CH",(J11-G12),IF(H12="SQ",(J11-G12),J11)))))) | K12: =IF(H12="",(""),IF(H12="SQ",(K11+G12),IF(H12="RD",(K11+G12),IF(H12="DI",(K11-G12),K11)))) | L12: =IF(H12="",(""),IF(H12="CC",(L11+G12),IF(H12="PC",(L11+G12),L11)))
B13: =IF(IF(ISERROR(VLOOKUP(D13,Codigo!$B$4:$C$67,2,FALSE)),"",VLOOKUP(D13,Codigo!$B$4:$C$67,2,FALSE))=D13,"",VLOOKUP(D13,(Codigo!$B$4:$C$67),2,FALSE)) | C13: =IF(IF(ISERROR(VLOOKUP(D13,Codigo!$B$4:$C$67,2,FALSE)),"",VLOOKUP(D13,Codigo!$B$4:$C$67,2,FALSE))=D13,"",VLOOKUP(D13,(Codigo!$B$2:$D$67),3,FALSE)) | J13: =IF(H13="",(""),IF(H13="DP",(J12+G13),IF(H13="DB",(J12-G13),IF(H13="TR",(J12-G13),IF(H13="CH",(J12-G13),IF(H13="SQ",(J12-G13),J12)))))) | K13: =IF(H13="",(""),IF(H13="SQ",(K12+G13),IF(H13="RD",(K12+G13),IF(H13="DI",(K12-G13),K12)))) | L13: =IF(H13="",(""),IF(H13="CC",(L12+G13),IF(H13="PC",(L12+G13),L12)))
B14: =IF(IF(ISERROR(VLOOKUP(D14,Codigo!$B$4:$C$67,2,FALSE)),"",VLOOKUP(D14,Codigo!$B$4:$C$67,2,FALSE))=D14,"",VLOOKUP(D14,(Codigo!$B$4:$C$67),2,FALSE)) | C14: =IF(IF(ISERROR(VLOOKUP(D14,Codigo!$B$4:$C$67,2,FALSE)),"",VLOOKUP(D14,Codigo!$B$4:$C$67,2,FALSE))=D14,"",VLOOKUP(D14,(Codigo!$B$2:$D$67),3,FALSE)) | J14: =IF(H14="",(""),IF(H14="DP",(J13+G14),IF(H14="DB",(J13-G14),IF(H14="TR",(J13-G14),IF(H14="CH",(J13-G14),IF(H14="SQ",(J13-G14),J13)))))) | K14: =IF(H14="",(""),IF(H14="SQ",(K13+G14),IF(H14="RD",(K13+G14),IF(H14="DI",(K13-G14),K13)))) | L14: =IF(H14="",(""),IF(H14="CC",(L13+G14),IF(H14="PC",(L13+G14),L13)))
B15: =IF(IF(ISERROR(VLOOKUP(D15,Codigo!$B$4:$C$67,2,FALSE)),"",VLOOKUP(D15,Codigo!$B$4:$C$67,2,FALSE))=D15,"",VLOOKUP(D15,(Codigo!$B$4:$C$67),2,FALSE)) | C15: =IF(IF(ISERROR(VLOOKUP(D15,Codigo!$B$4:$C$67,2,FALSE)),"",VLOOKUP(D15,Codigo!$B$4:$C$67,2,FALSE))=D15,"",VLOOKUP(D15,(Codigo!$B$2:$D$67),3,FALSE)) | J15: =IF(H15="",(""),IF(H15="DP",(J14+G15),IF(H15="DB",(J14-G15),IF(H15="TR",(J14-G15),IF(H15="CH",(J14-G15),IF(H15="SQ",(J14-G15),J14)))))) | K15: =IF(H15="",(""),IF(H15="SQ",(K14+G15),IF(H15="RD",(K14+G15),IF(H15="DI",(K14-G15),K14)))) | L15: =IF(H15="",(""),IF(H15="CC",(L14+G15),IF(H15="PC",(L14+G15),L14)))
B16: =IF(IF(ISERROR(VLOOKUP(D16,Codigo!$B$4:$C$67,2,FALSE)),"",VLOOKUP(D16,Codigo!$B$4:$C$67,2,FALSE))=D16,"",VLOOKUP(D16,(Codigo!$B$4:$C$67),2,FALSE)) | C16: =IF(IF(ISERROR(VLOOKUP(D16,Codigo!$B$4:$C$67,2,FALSE)),"",VLOOKUP(D16,Codigo!$B$4:$C$67,2,FALSE))=D16,"",VLOOKUP(D16,(Codigo!$B$2:$D$67),3,FALSE)) | J16: =IF(H16="",(""),IF(H16="DP",(J15+G16),IF(H16="DB",(J15-G16),IF(H16="TR",(J15-G16),IF(H16="CH",(J15-G16),IF(H16="SQ",(J15-G16),J15)))))) | K16: =IF(H16="",(""),IF(H16="SQ",(K15+G16),IF(H16="RD",(K15+G16),IF(H16="DI",(K15-G16),K15)))) | L16: =IF(H16="",(""),IF(H16="CC",(L15+G16),IF(H16="PC",(L15+G16),L15)))
B17: =IF(IF(ISERROR(VLOOKUP(D17,Codigo!$B$4:$C$67,2,FALSE)),"",VLOOKUP(D17,Codigo!$B$4:$C$67,2,FALSE))=D17,"",VLOOKUP(D17,(Codigo!$B$4:$C$67),2,FALSE)) | C17: =IF(IF(ISERROR(VLOOKUP(D17,Codigo!$B$4:$C$67,2,FALSE)),"",VLOOKUP(D17,Codigo!$B$4:$C$67,2,FALSE))=D17,"",VLOOKUP(D17,(Codigo!$B$2:$D$67),3,FALSE)) | J17: =IF(H17="",(""),IF(H17="DP",(J16+G17),IF(H17="DB",(J16-G17),IF(H17="TR",(J16-G17),IF(H17="CH",(J16-G17),IF(H17="SQ",(J16-G17),J16)))))) | K17: =IF(H17="",(""),IF(H17="SQ",(K16+G17),IF(H17="RD",(K16+G17),IF(H17="DI",(K16-G17),K16)))) | L17: =IF(H17="",(""),IF(H17="CC",(L16+G17),IF(H17="PC",(L16+G17),L16)))
B18: =IF(IF(ISERROR(VLOOKUP(D18,Codigo!$B$4:$C$67,2,FALSE)),"",VLOOKUP(D18,Codigo!$B$4:$C$67,2,FALSE))=D18,"",VLOOKUP(D18,(Codigo!$B$4:$C$67),2,FALSE)) | C18: =IF(IF(ISERROR(VLOOKUP(D18,Codigo!$B$4:$C$67,2,FALSE)),"",VLOOKUP(D18,Codigo!$B$4:$C$67,2,FALSE))=D18,"",VLOOKUP(D18,(Codigo!$B$2:$D$67),3,FALSE)) | J18: =IF(H18="",(""),IF(H18="DP",(J17+G18),IF(H18="DB",(J17-G18),IF(H18="TR",(J17-G18),IF(H18="CH",(J17-G18),IF(H18="SQ",(J17-G18),J17)))))) | K18: =IF(H18="",(""),IF(H18="SQ",(K17+G18),IF(H18="RD",(K17+G18),IF(H18="DI",(K17-G18),K17)))) | L18: =IF(H18="",(""),IF(H18="CC",(L17+G18),IF(H18="PC",(L17+G18),L17)))
... B75: =IF(IF(ISERROR(VLOOKUP(D75,Codigo!$B$4:$C$67,2,FALSE)),"",VLOOKUP(D75,Codigo!$B$4:$C$67,2,FALSE))=D75,"",VLOOKUP(D75,(Codigo!$B$4:$C$67),2,FALSE)) | C75: =IF(IF(ISERROR(VLOOKUP(D75,Codigo!$B$4:$C$67,2,FALSE)),"",VLOOKUP(D75,Codigo!$B$4:$C$67,2,FALSE))=D75,"",VLOOKUP(D75,(Codigo!$B$2:$D$67),3,FALSE)) | J75: =IF(H75="",(""),IF(H75="DP",(J74+G75),IF(H75="DB",(J74-G75),IF(H75="TR",(J74-G75),IF(H75="CH",(J74-G75),IF(H75="SQ",(J74-G75),J74)))))) | K75: =IF(H75="",(""),IF(H75="SQ",(K74+G75),IF(H75="RD",(K74+G75),IF(H75="DI",(K74-G75),K74)))) | L75: =IF(H75="",(""),IF(H75="CC",(L74+G75),IF(H75="PC",(L74+G75),L74)))
F76: Saldo no mês | J76: =+J75 | K76: =+K75 | L76: =+L75
A213: 1
A214: 1

Sheet Nov
C1: Orçamento Doméstico
B2: Descritivo de Receitas e Despesas realizadas | F2: Novembro | H2: =+Instruções!$I$19 -> 2026 | J2: Movimentação do saldo no mês
H3: Meio de pagamento | J3: Saldo do mês anterior
B4: Grupo de conta | C4: Sub-grupo de conta | D4: Cod. | E4: Data | F4: Descritivo | G4: Valor R$ | J4: C.Corrente (+ / -) | K4: Dinheiro (+ / -) | L4: C. de Crédito (+)
A6: 1 | B6: =IF(IF(ISERROR(VLOOKUP(D6,Codigo!$B$4:$C$67,2,FALSE)),"",VLOOKUP(D6,Codigo!$B$4:$C$67,2,FALSE))=D6,"",VLOOKUP(D6,(Codigo!$B$4:$C$67),2,FALSE)) | C6: =IF(IF(ISERROR(VLOOKUP(D6,Codigo!$B$4:$C$67,2,FALSE)),"",VLOOKUP(D6,Codigo!$B$4:$C$67,2,FALSE))=D6,"",VLOOKUP(D6,(Codigo!$B$2:$D$67),3,FALSE)) | J6: =IF(H6="",(""),IF(H6="DP",(J5+G6),IF(H6="DB",(J5-G6),IF(H6="TR",(J5-G6),IF(H6="CH",(J5-G6),IF(H6="SQ",(J5-G6),J5)))))) | K6: =IF(H6="",(""),IF(H6="SQ",(K5+G6),IF(H6="RD",(K5+G6),IF(H6="DI",(K5-G6),K5)))) | L6: =IF(H6="",(""),IF(H6="CC",(L5+G6),IF(H6="PC",(L5+G6),L5)))
B7: =IF(IF(ISERROR(VLOOKUP(D7,Codigo!$B$4:$C$67,2,FALSE)),"",VLOOKUP(D7,Codigo!$B$4:$C$67,2,FALSE))=D7,"",VLOOKUP(D7,(Codigo!$B$4:$C$67),2,FALSE)) | C7: =IF(IF(ISERROR(VLOOKUP(D7,Codigo!$B$4:$C$67,2,FALSE)),"",VLOOKUP(D7,Codigo!$B$4:$C$67,2,FALSE))=D7,"",VLOOKUP(D7,(Codigo!$B$2:$D$67),3,FALSE)) | J7: =IF(H7="",(""),IF(H7="DP",(J6+G7),IF(H7="DB",(J6-G7),IF(H7="TR",(J6-G7),IF(H7="CH",(J6-G7),IF(H7="SQ",(J6-G7),J6)))))) | K7: =IF(H7="",(""),IF(H7="SQ",(K6+G7),IF(H7="RD",(K6+G7),IF(H7="DI",(K6-G7),K6)))) | L7: =IF(H7="",(""),IF(H7="CC",(L6+G7),IF(H7="PC",(L6+G7),L6)))
B8: =IF(IF(ISERROR(VLOOKUP(D8,Codigo!$B$4:$C$67,2,FALSE)),"",VLOOKUP(D8,Codigo!$B$4:$C$67,2,FALSE))=D8,"",VLOOKUP(D8,(Codigo!$B$4:$C$67),2,FALSE)) | C8: =IF(IF(ISERROR(VLOOKUP(D8,Codigo!$B$4:$C$67,2,FALSE)),"",VLOOKUP(D8,Codigo!$B$4:$C$67,2,FALSE))=D8,"",VLOOKUP(D8,(Codigo!$B$2:$D$67),3,FALSE)) | J8: =IF(H8="",(""),IF(H8="DP",(J7+G8),IF(H8="DB",(J7-G8),IF(H8="TR",(J7-G8),IF(H8="CH",(J7-G8),IF(H8="SQ",(J7-G8),J7)))))) | K8: =IF(H8="",(""),IF(H8="SQ",(K7+G8),IF(H8="RD",(K7+G8),IF(H8="DI",(K7-G8),K7)))) | L8: =IF(H8="",(""),IF(H8="CC",(L7+G8),IF(H8="PC",(L7+G8),L7)))
B9: =IF(IF(ISERROR(VLOOKUP(D9,Codigo!$B$4:$C$67,2,FALSE)),"",VLOOKUP(D9,Codigo!$B$4:$C$67,2,FALSE))=D9,"",VLOOKUP(D9,(Codigo!$B$4:$C$67),2,FALSE)) | C9: =IF(IF(ISERROR(VLOOKUP(D9,Codigo!$B$4:$C$67,2,FALSE)),"",VLOOKUP(D9,Codigo!$B$4:$C$67,2,FALSE))=D9,"",VLOOKUP(D9,(Codigo!$B$2:$D$67),3,FALSE)) | J9: =IF(H9="",(""),IF(H9="DP",(J8+G9),IF(H9="DB",(J8-G9),IF(H9="TR",(J8-G9),IF(H9="CH",(J8-G9),IF(H9="SQ",(J8-G9),J8)))))) | K9: =IF(H9="",(""),IF(H9="SQ",(K8+G9),IF(H9="RD",(K8+G9),IF(H9="DI",(K8-G9),K8)))) | L9: =IF(H9="",(""),IF(H9="CC",(L8+G9),IF(H9="PC",(L8+G9),L8)))
B10: =IF(IF(ISERROR(VLOOKUP(D10,Codigo!$B$4:$C$67,2,FALSE)),"",VLOOKUP(D10,Codigo!$B$4:$C$67,2,FALSE))=D10,"",VLOOKUP(D10,(Codigo!$B$4:$C$67),2,FALSE)) | C10: =IF(IF(ISERROR(VLOOKUP(D10,Codigo!$B$4:$C$67,2,FALSE)),"",VLOOKUP(D10,Codigo!$B$4:$C$67,2,FALSE))=D10,"",VLOOKUP(D10,(Codigo!$B$2:$D$67),3,FALSE)) | J10: =IF(H10="",(""),IF(H10="DP",(J9+G10),IF(H10="DB",(J9-G10),IF(H10="TR",(J9-G10),IF(H10="CH",(J9-G10),IF(H10="SQ",(J9-G10),J9)))))) | K10: =IF(H10="",(""),IF(H10="SQ",(K9+G10),IF(H10="RD",(K9+G10),IF(H10="DI",(K9-G10),K9)))) | L10: =IF(H10="",(""),IF(H10="CC",(L9+G10),IF(H10="PC",(L9+G10),L9)))
B11: =IF(IF(ISERROR(VLOOKUP(D11,Codigo!$B$4:$C$67,2,FALSE)),"",VLOOKUP(D11,Codigo!$B$4:$C$67,2,FALSE))=D11,"",VLOOKUP(D11,(Codigo!$B$4:$C$67),2,FALSE)) | C11: =IF(IF(ISERROR(VLOOKUP(D11,Codigo!$B$4:$C$67,2,FALSE)),"",VLOOKUP(D11,Codigo!$B$4:$C$67,2,FALSE))=D11,"",VLOOKUP(D11,(Codigo!$B$2:$D$67),3,FALSE)) | J11: =IF(H11="",(""),IF(H11="DP",(J10+G11),IF(H11="DB",(J10-G11),IF(H11="TR",(J10-G11),IF(H11="CH",(J10-G11),IF(H11="SQ",(J10-G11),J10)))))) | K11: =IF(H11="",(""),IF(H11="SQ",(K10+G11),IF(H11="RD",(K10+G11),IF(H11="DI",(K10-G11),K10)))) | L11: =IF(H11="",(""),IF(H11="CC",(L10+G11),IF(H11="PC",(L10+G11),L10)))
B12: =IF(IF(ISERROR(VLOOKUP(D12,Codigo!$B$4:$C$67,2,FALSE)),"",VLOOKUP(D12,Codigo!$B$4:$C$67,2,FALSE))=D12,"",VLOOKUP(D12,(Codigo!$B$4:$C$67),2,FALSE)) | C12: =IF(IF(ISERROR(VLOOKUP(D12,Codigo!$B$4:$C$67,2,FALSE)),"",VLOOKUP(D12,Codigo!$B$4:$C$67,2,FALSE))=D12,"",VLOOKUP(D12,(Codigo!$B$2:$D$67),3,FALSE)) | J12: =IF(H12="",(""),IF(H12="DP",(J11+G12),IF(H12="DB",(J11-G12),IF(H12="TR",(J11-G12),IF(H12="CH",(J11-G12),IF(H12="SQ",(J11-G12),J11)))))) | K12: =IF(H12="",(""),IF(H12="SQ",(K11+G12),IF(H12="RD",(K11+G12),IF(H12="DI",(K11-G12),K11)))) | L12: =IF(H12="",(""),IF(H12="CC",(L11+G12),IF(H12="PC",(L11+G12),L11)))
B13: =IF(IF(ISERROR(VLOOKUP(D13,Codigo!$B$4:$C$67,2,FALSE)),"",VLOOKUP(D13,Codigo!$B$4:$C$67,2,FALSE))=D13,"",VLOOKUP(D13,(Codigo!$B$4:$C$67),2,FALSE)) | C13: =IF(IF(ISERROR(VLOOKUP(D13,Codigo!$B$4:$C$67,2,FALSE)),"",VLOOKUP(D13,Codigo!$B$4:$C$67,2,FALSE))=D13,"",VLOOKUP(D13,(Codigo!$B$2:$D$67),3,FALSE)) | J13: =IF(H13="",(""),IF(H13="DP",(J12+G13),IF(H13="DB",(J12-G13),IF(H13="TR",(J12-G13),IF(H13="CH",(J12-G13),IF(H13="SQ",(J12-G13),J12)))))) | K13: =IF(H13="",(""),IF(H13="SQ",(K12+G13),IF(H13="RD",(K12+G13),IF(H13="DI",(K12-G13),K12)))) | L13: =IF(H13="",(""),IF(H13="CC",(L12+G13),IF(H13="PC",(L12+G13),L12)))
B14: =IF(IF(ISERROR(VLOOKUP(D14,Codigo!$B$4:$C$67,2,FALSE)),"",VLOOKUP(D14,Codigo!$B$4:$C$67,2,FALSE))=D14,"",VLOOKUP(D14,(Codigo!$B$4:$C$67),2,FALSE)) | C14: =IF(IF(ISERROR(VLOOKUP(D14,Codigo!$B$4:$C$67,2,FALSE)),"",VLOOKUP(D14,Codigo!$B$4:$C$67,2,FALSE))=D14,"",VLOOKUP(D14,(Codigo!$B$2:$D$67),3,FALSE)) | J14: =IF(H14="",(""),IF(H14="DP",(J13+G14),IF(H14="DB",(J13-G14),IF(H14="TR",(J13-G14),IF(H14="CH",(J13-G14),IF(H14="SQ",(J13-G14),J13)))))) | K14: =IF(H14="",(""),IF(H14="SQ",(K13+G14),IF(H14="RD",(K13+G14),IF(H14="DI",(K13-G14),K13)))) | L14: =IF(H14="",(""),IF(H14="CC",(L13+G14),IF(H14="PC",(L13+G14),L13)))
B15: =IF(IF(ISERROR(VLOOKUP(D15,Codigo!$B$4:$C$67,2,FALSE)),"",VLOOKUP(D15,Codigo!$B$4:$C$67,2,FALSE))=D15,"",VLOOKUP(D15,(Codigo!$B$4:$C$67),2,FALSE)) | C15: =IF(IF(ISERROR(VLOOKUP(D15,Codigo!$B$4:$C$67,2,FALSE)),"",VLOOKUP(D15,Codigo!$B$4:$C$67,2,FALSE))=D15,"",VLOOKUP(D15,(Codigo!$B$2:$D$67),3,FALSE)) | J15: =IF(H15="",(""),IF(H15="DP",(J14+G15),IF(H15="DB",(J14-G15),IF(H15="TR",(J14-G15),IF(H15="CH",(J14-G15),IF(H15="SQ",(J14-G15),J14)))))) | K15: =IF(H15="",(""),IF(H15="SQ",(K14+G15),IF(H15="RD",(K14+G15),IF(H15="DI",(K14-G15),K14)))) | L15: =IF(H15="",(""),IF(H15="CC",(L14+G15),IF(H15="PC",(L14+G15),L14)))
B16: =IF(IF(ISERROR(VLOOKUP(D16,Codigo!$B$4:$C$67,2,FALSE)),"",VLOOKUP(D16,Codigo!$B$4:$C$67,2,FALSE))=D16,"",VLOOKUP(D16,(Codigo!$B$4:$C$67),2,FALSE)) | C16: =IF(IF(ISERROR(VLOOKUP(D16,Codigo!$B$4:$C$67,2,FALSE)),"",VLOOKUP(D16,Codigo!$B$4:$C$67,2,FALSE))=D16,"",VLOOKUP(D16,(Codigo!$B$2:$D$67),3,FALSE)) | J16: =IF(H16="",(""),IF(H16="DP",(J15+G16),IF(H16="DB",(J15-G16),IF(H16="TR",(J15-G16),IF(H16="CH",(J15-G16),IF(H16="SQ",(J15-G16),J15)))))) | K16: =IF(H16="",(""),IF(H16="SQ",(K15+G16),IF(H16="RD",(K15+G16),IF(H16="DI",(K15-G16),K15)))) | L16: =IF(H16="",(""),IF(H16="CC",(L15+G16),IF(H16="PC",(L15+G16),L15)))
B17: =IF(IF(ISERROR(VLOOKUP(D17,Codigo!$B$4:$C$67,2,FALSE)),"",VLOOKUP(D17,Codigo!$B$4:$C$67,2,FALSE))=D17,"",VLOOKUP(D17,(Codigo!$B$4:$C$67),2,FALSE)) | C17: =IF(IF(ISERROR(VLOOKUP(D17,Codigo!$B$4:$C$67,2,FALSE)),"",VLOOKUP(D17,Codigo!$B$4:$C$67,2,FALSE))=D17,"",VLOOKUP(D17,(Codigo!$B$2:$D$67),3,FALSE)) | J17: =IF(H17="",(""),IF(H17="DP",(J16+G17),IF(H17="DB",(J16-G17),IF(H17="TR",(J16-G17),IF(H17="CH",(J16-G17),IF(H17="SQ",(J16-G17),J16)))))) | K17: =IF(H17="",(""),IF(H17="SQ",(K16+G17),IF(H17="RD",(K16+G17),IF(H17="DI",(K16-G17),K16)))) | L17: =IF(H17="",(""),IF(H17="CC",(L16+G17),IF(H17="PC",(L16+G17),L16)))
B18: =IF(IF(ISERROR(VLOOKUP(D18,Codigo!$B$4:$C$67,2,FALSE)),"",VLOOKUP(D18,Codigo!$B$4:$C$67,2,FALSE))=D18,"",VLOOKUP(D18,(Codigo!$B$4:$C$67),2,FALSE)) | C18: =IF(IF(ISERROR(VLOOKUP(D18,Codigo!$B$4:$C$67,2,FALSE)),"",VLOOKUP(D18,Codigo!$B$4:$C$67,2,FALSE))=D18,"",VLOOKUP(D18,(Codigo!$B$2:$D$67),3,FALSE)) | J18: =IF(H18="",(""),IF(H18="DP",(J17+G18),IF(H18="DB",(J17-G18),IF(H18="TR",(J17-G18),IF(H18="CH",(J17-G18),IF(H18="SQ",(J17-G18),J17)))))) | K18: =IF(H18="",(""),IF(H18="SQ",(K17+G18),IF(H18="RD",(K17+G18),IF(H18="DI",(K17-G18),K17)))) | L18: =IF(H18="",(""),IF(H18="CC",(L17+G18),IF(H18="PC",(L17+G18),L17)))
... B75: =IF(IF(ISERROR(VLOOKUP(D75,Codigo!$B$4:$C$67,2,FALSE)),"",VLOOKUP(D75,Codigo!$B$4:$C$67,2,FALSE))=D75,"",VLOOKUP(D75,(Codigo!$B$4:$C$67),2,FALSE)) | C75: =IF(IF(ISERROR(VLOOKUP(D75,Codigo!$B$4:$C$67,2,FALSE)),"",VLOOKUP(D75,Codigo!$B$4:$C$67,2,FALSE))=D75,"",VLOOKUP(D75,(Codigo!$B$2:$D$67),3,FALSE)) | J75: =IF(H75="",(""),IF(H75="DP",(J74+G75),IF(H75="DB",(J74-G75),IF(H75="TR",(J74-G75),IF(H75="CH",(J74-G75),IF(H75="SQ",(J74-G75),J74)))))) | K75: =IF(H75="",(""),IF(H75="SQ",(K74+G75),IF(H75="RD",(K74+G75),IF(H75="DI",(K74-G75),K74)))) | L75: =IF(H75="",(""),IF(H75="CC",(L74+G75),IF(H75="PC",(L74+G75),L74)))
F76: Saldo no mês | J76: =+J75 | K76: =+K75 | L76: =+L75
A213: 1
A214: 1

Sheet Dez
C1: Orçamento Doméstico
B2: Descritivo de Receitas e Despesas realizadas | F2: Dezembro | H2: =+Instruções!$I$19 -> 2026 | J2: Movimentação do saldo no mês
H3: Meio de pagamento | J3: Saldo do mês anterior
B4: Grupo de conta | C4: Sub-grupo de conta | D4: Cod. | E4: Data | F4: Descritivo | G4: Valor R$ | J4: C.Corrente (+ / -) | K4: Dinheiro (+ / -) | L4: C. de Crédito (+)
J5: -165
A6: 1 | B6: =IF(IF(ISERROR(VLOOKUP(D6,Codigo!$B$4:$C$67,2,FALSE)),"",VLOOKUP(D6,Codigo!$B$4:$C$67,2,FALSE))=D6,"",VLOOKUP(D6,(Codigo!$B$4:$C$67),2,FALSE)) -> Receita | C6: =IF(IF(ISERROR(VLOOKUP(D6,Codigo!$B$4:$C$67,2,FALSE)),"",VLOOKUP(D6,Codigo!$B$4:$C$67,2,FALSE))=D6,"",VLOOKUP(D6,(Codigo!$B$2:$D$67),3,FALSE)) -> 13º salário | D6: r3 | E6: 41255 | F6: 2º parcela 13º salário | G6: 750 | H6: dp | J6: =IF(H6="",(""),IF(H6="DP",(J5+G6),IF(H6="DB",(J5-G6),IF(H6="TR",(J5-G6),IF(H6="CH",(J5-G6),IF(H6="SQ",(J5-G6),J5)))))) -> 585 | K6: =IF(H6="",(""),IF(H6="SQ",(K5+G6),IF(H6="RD",(K5+G6),IF(H6="DI",(K5-G6),K5)))) -> 0 | L6: =IF(H6="",(""),IF(H6="CC",(L5+G6),IF(H6="PC",(L5+G6),L5))) -> 0
B7: =IF(IF(ISERROR(VLOOKUP(D7,Codigo!$B$4:$C$67,2,FALSE)),"",VLOOKUP(D7,Codigo!$B$4:$C$67,2,FALSE))=D7,"",VLOOKUP(D7,(Codigo!$B$4:$C$67),2,FALSE)) -> Pessoais | C7: =IF(IF(ISERROR(VLOOKUP(D7,Codigo!$B$4:$C$67,2,FALSE)),"",VLOOKUP(D7,Codigo!$B$4:$C$67,2,FALSE))=D7,"",VLOOKUP(D7,(Codigo!$B$2:$D$67),3,FALSE)) -> Vestuário / Calçados / Acessórios | D7: p1 | E7: 41259 | F7: Loja de presentes | G7: 15 | H7: db | J7: =IF(H7="",(""),IF(H7="DP",(J6+G7),IF(H7="DB",(J6-G7),IF(H7="TR",(J6-G7),IF(H7="CH",(J6-G7),IF(H7="SQ",(J6-G7),J6)))))) -> 570 | K7: =IF(H7="",(""),IF(H7="SQ",(K6+G7),IF(H7="RD",(K6+G7),IF(H7="DI",(K6-G7),K6)))) -> 0 | L7: =IF(H7="",(""),IF(H7="CC",(L6+G7),IF(H7="PC",(L6+G7),L6))) -> 0
B8: =IF(IF(ISERROR(VLOOKUP(D8,Codigo!$B$4:$C$67,2,FALSE)),"",VLOOKUP(D8,Codigo!$B$4:$C$67,2,FALSE))=D8,"",VLOOKUP(D8,(Codigo!$B$4:$C$67),2,FALSE)) | C8: =IF(IF(ISERROR(VLOOKUP(D8,Codigo!$B$4:$C$67,2,FALSE)),"",VLOOKUP(D8,Codigo!$B$4:$C$67,2,FALSE))=D8,"",VLOOKUP(D8,(Codigo!$B$2:$D$67),3,FALSE)) | J8: =IF(H8="",(""),IF(H8="DP",(J7+G8),IF(H8="DB",(J7-G8),IF(H8="TR",(J7-G8),IF(H8="CH",(J7-G8),IF(H8="SQ",(J7-G8),J7)))))) | K8: =IF(H8="",(""),IF(H8="SQ",(K7+G8),IF(H8="RD",(K7+G8),IF(H8="DI",(K7-G8),K7)))) | L8: =IF(H8="",(""),IF(H8="CC",(L7+G8),IF(H8="PC",(L7+G8),L7)))
B9: =IF(IF(ISERROR(VLOOKUP(D9,Codigo!$B$4:$C$67,2,FALSE)),"",VLOOKUP(D9,Codigo!$B$4:$C$67,2,FALSE))=D9,"",VLOOKUP(D9,(Codigo!$B$4:$C$67),2,FALSE)) | C9: =IF(IF(ISERROR(VLOOKUP(D9,Codigo!$B$4:$C$67,2,FALSE)),"",VLOOKUP(D9,Codigo!$B$4:$C$67,2,FALSE))=D9,"",VLOOKUP(D9,(Codigo!$B$2:$D$67),3,FALSE)) | J9: =IF(H9="",(""),IF(H9="DP",(J8+G9),IF(H9="DB",(J8-G9),IF(H9="TR",(J8-G9),IF(H9="CH",(J8-G9),IF(H9="SQ",(J8-G9),J8)))))) | K9: =IF(H9="",(""),IF(H9="SQ",(K8+G9),IF(H9="RD",(K8+G9),IF(H9="DI",(K8-G9),K8)))) | L9: =IF(H9="",(""),IF(H9="CC",(L8+G9),IF(H9="PC",(L8+G9),L8)))
B10: =IF(IF(ISERROR(VLOOKUP(D10,Codigo!$B$4:$C$67,2,FALSE)),"",VLOOKUP(D10,Codigo!$B$4:$C$67,2,FALSE))=D10,"",VLOOKUP(D10,(Codigo!$B$4:$C$67),2,FALSE)) | C10: =IF(IF(ISERROR(VLOOKUP(D10,Codigo!$B$4:$C$67,2,FALSE)),"",VLOOKUP(D10,Codigo!$B$4:$C$67,2,FALSE))=D10,"",VLOOKUP(D10,(Codigo!$B$2:$D$67),3,FALSE)) | J10: =IF(H10="",(""),IF(H10="DP",(J9+G10),IF(H10="DB",(J9-G10),IF(H10="TR",(J9-G10),IF(H10="CH",(J9-G10),IF(H10="SQ",(J9-G10),J9)))))) | K10: =IF(H10="",(""),IF(H10="SQ",(K9+G10),IF(H10="RD",(K9+G10),IF(H10="DI",(K9-G10),K9)))) | L10: =IF(H10="",(""),IF(H10="CC",(L9+G10),IF(H10="PC",(L9+G10),L9)))
B11: =IF(IF(ISERROR(VLOOKUP(D11,Codigo!$B$4:$C$67,2,FALSE)),"",VLOOKUP(D11,Codigo!$B$4:$C$67,2,FALSE))=D11,"",VLOOKUP(D11,(Codigo!$B$4:$C$67),2,FALSE)) | C11: =IF(IF(ISERROR(VLOOKUP(D11,Codigo!$B$4:$C$67,2,FALSE)),"",VLOOKUP(D11,Codigo!$B$4:$C$67,2,FALSE))=D11,"",VLOOKUP(D11,(Codigo!$B$2:$D$67),3,FALSE)) | J11: =IF(H11="",(""),IF(H11="DP",(J10+G11),IF(H11="DB",(J10-G11),IF(H11="TR",(J10-G11),IF(H11="CH",(J10-G11),IF(H11="SQ",(J10-G11),J10)))))) | K11: =IF(H11="",(""),IF(H11="SQ",(K10+G11),IF(H11="RD",(K10+G11),IF(H11="DI",(K10-G11),K10)))) | L11: =IF(H11="",(""),IF(H11="CC",(L10+G11),IF(H11="PC",(L10+G11),L10)))
B12: =IF(IF(ISERROR(VLOOKUP(D12,Codigo!$B$4:$C$67,2,FALSE)),"",VLOOKUP(D12,Codigo!$B$4:$C$67,2,FALSE))=D12,"",VLOOKUP(D12,(Codigo!$B$4:$C$67),2,FALSE)) | C12: =IF(IF(ISERROR(VLOOKUP(D12,Codigo!$B$4:$C$67,2,FALSE)),"",VLOOKUP(D12,Codigo!$B$4:$C$67,2,FALSE))=D12,"",VLOOKUP(D12,(Codigo!$B$2:$D$67),3,FALSE)) | J12: =IF(H12="",(""),IF(H12="DP",(J11+G12),IF(H12="DB",(J11-G12),IF(H12="TR",(J11-G12),IF(H12="CH",(J11-G12),IF(H12="SQ",(J11-G12),J11)))))) | K12: =IF(H12="",(""),IF(H12="SQ",(K11+G12),IF(H12="RD",(K11+G12),IF(H12="DI",(K11-G12),K11)))) | L12: =IF(H12="",(""),IF(H12="CC",(L11+G12),IF(H12="PC",(L11+G12),L11)))
B13: =IF(IF(ISERROR(VLOOKUP(D13,Codigo!$B$4:$C$67,2,FALSE)),"",VLOOKUP(D13,Codigo!$B$4:$C$67,2,FALSE))=D13,"",VLOOKUP(D13,(Codigo!$B$4:$C$67),2,FALSE)) | C13: =IF(IF(ISERROR(VLOOKUP(D13,Codigo!$B$4:$C$67,2,FALSE)),"",VLOOKUP(D13,Codigo!$B$4:$C$67,2,FALSE))=D13,"",VLOOKUP(D13,(Codigo!$B$2:$D$67),3,FALSE)) | J13: =IF(H13="",(""),IF(H13="DP",(J12+G13),IF(H13="DB",(J12-G13),IF(H13="TR",(J12-G13),IF(H13="CH",(J12-G13),IF(H13="SQ",(J12-G13),J12)))))) | K13: =IF(H13="",(""),IF(H13="SQ",(K12+G13),IF(H13="RD",(K12+G13),IF(H13="DI",(K12-G13),K12)))) | L13: =IF(H13="",(""),IF(H13="CC",(L12+G13),IF(H13="PC",(L12+G13),L12)))
B14: =IF(IF(ISERROR(VLOOKUP(D14,Codigo!$B$4:$C$67,2,FALSE)),"",VLOOKUP(D14,Codigo!$B$4:$C$67,2,FALSE))=D14,"",VLOOKUP(D14,(Codigo!$B$4:$C$67),2,FALSE)) | C14: =IF(IF(ISERROR(VLOOKUP(D14,Codigo!$B$4:$C$67,2,FALSE)),"",VLOOKUP(D14,Codigo!$B$4:$C$67,2,FALSE))=D14,"",VLOOKUP(D14,(Codigo!$B$2:$D$67),3,FALSE)) | J14: =IF(H14="",(""),IF(H14="DP",(J13+G14),IF(H14="DB",(J13-G14),IF(H14="TR",(J13-G14),IF(H14="CH",(J13-G14),IF(H14="SQ",(J13-G14),J13)))))) | K14: =IF(H14="",(""),IF(H14="SQ",(K13+G14),IF(H14="RD",(K13+G14),IF(H14="DI",(K13-G14),K13)))) | L14: =IF(H14="",(""),IF(H14="CC",(L13+G14),IF(H14="PC",(L13+G14),L13)))
B15: =IF(IF(ISERROR(VLOOKUP(D15,Codigo!$B$4:$C$67,2,FALSE)),"",VLOOKUP(D15,Codigo!$B$4:$C$67,2,FALSE))=D15,"",VLOOKUP(D15,(Codigo!$B$4:$C$67),2,FALSE)) | C15: =IF(IF(ISERROR(VLOOKUP(D15,Codigo!$B$4:$C$67,2,FALSE)),"",VLOOKUP(D15,Codigo!$B$4:$C$67,2,FALSE))=D15,"",VLOOKUP(D15,(Codigo!$B$2:$D$67),3,FALSE)) | J15: =IF(H15="",(""),IF(H15="DP",(J14+G15),IF(H15="DB",(J14-G15),IF(H15="TR",(J14-G15),IF(H15="CH",(J14-G15),IF(H15="SQ",(J14-G15),J14)))))) | K15: =IF(H15="",(""),IF(H15="SQ",(K14+G15),IF(H15="RD",(K14+G15),IF(H15="DI",(K14-G15),K14)))) | L15: =IF(H15="",(""),IF(H15="CC",(L14+G15),IF(H15="PC",(L14+G15),L14)))
B16: =IF(IF(ISERROR(VLOOKUP(D16,Codigo!$B$4:$C$67,2,FALSE)),"",VLOOKUP(D16,Codigo!$B$4:$C$67,2,FALSE))=D16,"",VLOOKUP(D16,(Codigo!$B$4:$C$67),2,FALSE)) | C16: =IF(IF(ISERROR(VLOOKUP(D16,Codigo!$B$4:$C$67,2,FALSE)),"",VLOOKUP(D16,Codigo!$B$4:$C$67,2,FALSE))=D16,"",VLOOKUP(D16,(Codigo!$B$2:$D$67),3,FALSE)) | J16: =IF(H16="",(""),IF(H16="DP",(J15+G16),IF(H16="DB",(J15-G16),IF(H16="TR",(J15-G16),IF(H16="CH",(J15-G16),IF(H16="SQ",(J15-G16),J15)))))) | K16: =IF(H16="",(""),IF(H16="SQ",(K15+G16),IF(H16="RD",(K15+G16),IF(H16="DI",(K15-G16),K15)))) | L16: =IF(H16="",(""),IF(H16="CC",(L15+G16),IF(H16="PC",(L15+G16),L15)))
B17: =IF(IF(ISERROR(VLOOKUP(D17,Codigo!$B$4:$C$67,2,FALSE)),"",VLOOKUP(D17,Codigo!$B$4:$C$67,2,FALSE))=D17,"",VLOOKUP(D17,(Codigo!$B$4:$C$67),2,FALSE)) | C17: =IF(IF(ISERROR(VLOOKUP(D17,Codigo!$B$4:$C$67,2,FALSE)),"",VLOOKUP(D17,Codigo!$B$4:$C$67,2,FALSE))=D17,"",VLOOKUP(D17,(Codigo!$B$2:$D$67),3,FALSE)) | J17: =IF(H17="",(""),IF(H17="DP",(J16+G17),IF(H17="DB",(J16-G17),IF(H17="TR",(J16-G17),IF(H17="CH",(J16-G17),IF(H17="SQ",(J16-G17),J16)))))) | K17: =IF(H17="",(""),IF(H17="SQ",(K16+G17),IF(H17="RD",(K16+G17),IF(H17="DI",(K16-G17),K16)))) | L17: =IF(H17="",(""),IF(H17="CC",(L16+G17),IF(H17="PC",(L16+G17),L16)))
B18: =IF(IF(ISERROR(VLOOKUP(D18,Codigo!$B$4:$C$67,2,FALSE)),"",VLOOKUP(D18,Codigo!$B$4:$C$67,2,FALSE))=D18,"",VLOOKUP(D18,(Codigo!$B$4:$C$67),2,FALSE)) | C18: =IF(IF(ISERROR(VLOOKUP(D18,Codigo!$B$4:$C$67,2,FALSE)),"",VLOOKUP(D18,Codigo!$B$4:$C$67,2,FALSE))=D18,"",VLOOKUP(D18,(Codigo!$B$2:$D$67),3,FALSE)) | J18: =IF(H18="",(""),IF(H18="DP",(J17+G18),IF(H18="DB",(J17-G18),IF(H18="TR",(J17-G18),IF(H18="CH",(J17-G18),IF(H18="SQ",(J17-G18),J17)))))) | K18: =IF(H18="",(""),IF(H18="SQ",(K17+G18),IF(H18="RD",(K17+G18),IF(H18="DI",(K17-G18),K17)))) | L18: =IF(H18="",(""),IF(H18="CC",(L17+G18),IF(H18="PC",(L17+G18),L17)))
B19: =IF(IF(ISERROR(VLOOKUP(D19,Codigo!$B$4:$C$67,2,FALSE)),"",VLOOKUP(D19,Codigo!$B$4:$C$67,2,FALSE))=D19,"",VLOOKUP(D19,(Codigo!$B$4:$C$67),2,FALSE)) | C19: =IF(IF(ISERROR(VLOOKUP(D19,Codigo!$B$4:$C$67,2,FALSE)),"",VLOOKUP(D19,Codigo!$B$4:$C$67,2,FALSE))=D19,"",VLOOKUP(D19,(Codigo!$B$2:$D$67),3,FALSE)) | J19: =IF(H19="",(""),IF(H19="DP",(J18+G19),IF(H19="DB",(J18-G19),IF(H19="TR",(J18-G19),IF(H19="CH",(J18-G19),IF(H19="SQ",(J18-G19),J18)))))) | K19: =IF(H19="",(""),IF(H19="SQ",(K18+G19),IF(H19="RD",(K18+G19),IF(H19="DI",(K18-G19),K18)))) | L19: =IF(H19="",(""),IF(H19="CC",(L18+G19),IF(H19="PC",(L18+G19),L18)))
... B75: =IF(IF(ISERROR(VLOOKUP(D75,Codigo!$B$4:$C$67,2,FALSE)),"",VLOOKUP(D75,Codigo!$B$4:$C$67,2,FALSE))=D75,"",VLOOKUP(D75,(Codigo!$B$4:$C$67),2,FALSE)) | C75: =IF(IF(ISERROR(VLOOKUP(D75,Codigo!$B$4:$C$67,2,FALSE)),"",VLOOKUP(D75,Codigo!$B$4:$C$67,2,FALSE))=D75,"",VLOOKUP(D75,(Codigo!$B$2:$D$67),3,FALSE)) | J75: =IF(H75="",(""),IF(H75="DP",(J74+G75),IF(H75="DB",(J74-G75),IF(H75="TR",(J74-G75),IF(H75="CH",(J74-G75),IF(H75="SQ",(J74-G75),J74)))))) | K75: =IF(H75="",(""),IF(H75="SQ",(K74+G75),IF(H75="RD",(K74+G75),IF(H75="DI",(K74-G75),K74)))) | L75: =IF(H75="",(""),IF(H75="CC",(L74+G75),IF(H75="PC",(L74+G75),L74)))
F76: Saldo no mês | J76: =+J75 | K76: =+K75 | L76: =+L75
A213: 1
A214: 1

Sheet Real
C1: Orçamento Doméstico
B2: Detalhamento mensal das receita e despesas realizadas no ano | I2: =+Instruções!I19 -> 2026
B3: =+Codigo!C4 -> Receita | C3: Janeiro | D3: Fevereiro | E3: Março | F3: Abril | G3: Maio | H3: Junho | I3: Julho | J3: Agosto | K3: Setembro | L3: Outubro | M3: Novembro | N3: Dezembro | O3: Total
B4: =+Codigo!D4 -> Salário / Adiantamento | C4: =SUMIF(Jan!$D$6:$D$75,"R1",(Jan!$G$6:$G$75)) -> 0 | D4: =SUMIF(Fev!$D$6:$D$75,"R1",(Fev!$G$6:$G$75)) -> 0 | E4: =SUMIF(Mar!$D$6:$D$75,"R1",(Mar!$G$6:$G$75)) -> 0 | F4: =SUMIF(Abr!$D$6:$D$75,"R1",(Abr!$G$6:$G$75)) -> 0 | G4: =SUMIF(Mai!$D$6:$D$75,"R1",(Mai!$G$6:$G$75)) -> 0 | H4: =SUMIF(Jun!$D$6:$D$75,"R1",(Jun!$G$6:$G$75)) -> 0 | I4: =SUMIF(Jul!$D$6:$D$75,"R1",(Jul!$G$6:$G$75)) -> 0 | J4: =SUMIF(Ago!$D$6:$D$75,"R1",(Ago!$G$6:$G$75)) -> 0 | K4: =SUMIF(Set!$D$6:$D$75,"R1",(Set!$G$6:$G$75)) -> 0 | L4: =SUMIF(Out!$D$6:$D$75,"R1",(Out!$G$6:$G$75)) -> 0 | M4: =SUMIF(Nov!$D$6:$D$75,"R1",(Nov!$G$6:$G$75)) -> 0 | N4: =SUMIF(Dez!$D$6:$D$75,"R1",(Dez!$G$6:$G$75)) -> 0 | O4: =SUM(C4:N4) -> 0
B5: =+Codigo!D5 -> Férias | C5: =SUMIF(Jan!$D$6:$D$75,"R2",(Jan!$G$6:$G$75)) -> 0 | D5: =SUMIF(Fev!$D$6:$D$75,"R2",(Fev!$G$6:$G$75)) -> 0 | E5: =SUMIF(Mar!$D$6:$D$75,"R2",(Mar!$G$6:$G$75)) -> 0 | F5: =SUMIF(Abr!$D$6:$D$75,"R2",(Abr!$G$6:$G$75)) -> 0 | G5: =SUMIF(Mai!$D$6:$D$75,"R2",(Mai!$G$6:$G$75)) -> 0 | H5: =SUMIF(Jun!$D$6:$D$75,"R2",(Jun!$G$6:$G$75)) -> 0 | I5: =SUMIF(Jul!$D$6:$D$75,"R2",(Jul!$G$6:$G$75)) -> 0 | J5: =SUMIF(Ago!$D$6:$D$75,"R2",(Ago!$G$6:$G$75)) -> 0 | K5: =SUMIF(Set!$D$6:$D$75,"R2",(Set!$G$6:$G$75)) -> 0 | L5: =SUMIF(Out!$D$6:$D$75,"R2",(Out!$G$6:$G$75)) -> 0 | M5: =SUMIF(Nov!$D$6:$D$75,"R2",(Nov!$G$6:$G$75)) -> 0 | N5: =SUMIF(Dez!$D$6:$D$75,"R2",(Dez!$G$6:$G$75)) -> 0 | O5: =SUM(C5:N5) -> 0
B6: =+Codigo!D6 -> 13º salário | C6: =SUMIF(Jan!$D$6:$D$75,"R3",(Jan!$G$6:$G$75)) -> 0 | D6: =SUMIF(Fev!$D$6:$D$75,"R3",(Fev!$G$6:$G$75)) -> 0 | E6: =SUMIF(Mar!$D$6:$D$75,"R3",(Mar!$G$6:$G$75)) -> 0 | F6: =SUMIF(Abr!$D$6:$D$75,"R3",(Abr!$G$6:$G$75)) -> 0 | G6: =SUMIF(Mai!$D$6:$D$75,"R3",(Mai!$G$6:$G$75)) -> 0 | H6: =SUMIF(Jun!$D$6:$D$75,"R3",(Jun!$G$6:$G$75)) -> 0 | I6: =SUMIF(Jul!$D$6:$D$75,"R3",(Jul!$G$6:$G$75)) -> 0 | J6: =SUMIF(Ago!$D$6:$D$75,"R3",(Ago!$G$6:$G$75)) -> 0 | K6: =SUMIF(Set!$D$6:$D$75,"R3",(Set!$G$6:$G$75)) -> 0 | L6: =SUMIF(Out!$D$6:$D$75,"R3",(Out!$G$6:$G$75)) -> 0 | M6: =SUMIF(Nov!$D$6:$D$75,"R3",(Nov!$G$6:$G$75)) -> 0 | N6: =SUMIF(Dez!$D$6:$D$75,"R3",(Dez!$G$6:$G$75)) -> 750 | O6: =SUM(C6:N6) -> 750
B7: =+Codigo!D7 -> Aposentadoria | C7: =SUMIF(Jan!$D$6:$D$75,"R4",(Jan!$G$6:$G$75)) -> 1000 | D7: =SUMIF(Fev!$D$6:$D$75,"R4",(Fev!$G$6:$G$75)) -> 0 | E7: =SUMIF(Mar!$D$6:$D$75,"R4",(Mar!$G$6:$G$75)) -> 0 | F7: =SUMIF(Abr!$D$6:$D$75,"R4",(Abr!$G$6:$G$75)) -> 0 | G7: =SUMIF(Mai!$D$6:$D$75,"R4",(Mai!$G$6:$G$75)) -> 0 | H7: =SUMIF(Jun!$D$6:$D$75,"R4",(Jun!$G$6:$G$75)) -> 0 | I7: =SUMIF(Jul!$D$6:$D$75,"R4",(Jul!$G$6:$G$75)) -> 0 | J7: =SUMIF(Ago!$D$6:$D$75,"R4",(Ago!$G$6:$G$75)) -> 0 | K7: =SUMIF(Set!$D$6:$D$75,"R4",(Set!$G$6:$G$75)) -> 0 | L7: =SUMIF(Out!$D$6:$D$75,"R4",(Out!$G$6:$G$75)) -> 0 | M7: =SUMIF(Nov!$D$6:$D$75,"R4",(Nov!$G$6:$G$75)) -> 0 | N7: =SUMIF(Dez!$D$6:$D$75,"R4",(Dez!$G$6:$G$75)) -> 0 | O7: =SUM(C7:N7) -> 1000
B8: =+Codigo!D8 -> Receita extra (aluguel, restituição IR) | C8: =SUMIF(Jan!$D$6:$D$75,"R5",(Jan!$G$6:$G$75)) -> 0 | D8: =SUMIF(Fev!$D$6:$D$75,"R5",(Fev!$G$6:$G$75)) -> 0 | E8: =SUMIF(Mar!$D$6:$D$75,"R5",(Mar!$G$6:$G$75)) -> 0 | F8: =SUMIF(Abr!$D$6:$D$75,"R5",(Abr!$G$6:$G$75)) -> 0 | G8: =SUMIF(Mai!$D$6:$D$75,"R5",(Mai!$G$6:$G$75)) -> 0 | H8: =SUMIF(Jun!$D$6:$D$75,"R5",(Jun!$G$6:$G$75)) -> 0 | I8: =SUMIF(Jul!$D$6:$D$75,"R5",(Jul!$G$6:$G$75)) -> 0 | J8: =SUMIF(Ago!$D$6:$D$75,"R5",(Ago!$G$6:$G$75)) -> 0 | K8: =SUMIF(Set!$D$6:$D$75,"R5",(Set!$G$6:$G$75)) -> 0 | L8: =SUMIF(Out!$D$6:$D$75,"R5",(Out!$G$6:$G$75)) -> 0 | M8: =SUMIF(Nov!$D$6:$D$75,"R5",(Nov!$G$6:$G$75)) -> 0 | N8: =SUMIF(Dez!$D$6:$D$75,"R5",(Dez!$G$6:$G$75)) -> 0 | O8: =SUM(C8:N8) -> 0
B9: =+Codigo!D9 -> Outras Receitas | C9: =SUMIF(Jan!$D$6:$D$75,"R6",(Jan!$G$6:$G$75)) -> 0 | D9: =SUMIF(Fev!$D$6:$D$75,"R6",(Fev!$G$6:$G$75)) -> 0 | E9: =SUMIF(Mar!$D$6:$D$75,"R6",(Mar!$G$6:$G$75)) -> 0 | F9: =SUMIF(Abr!$D$6:$D$75,"R6",(Abr!$G$6:$G$75)) -> 0 | G9: =SUMIF(Mai!$D$6:$D$75,"R6",(Mai!$G$6:$G$75)) -> 0 | H9: =SUMIF(Jun!$D$6:$D$75,"R6",(Jun!$G$6:$G$75)) -> 0 | I9: =SUMIF(Jul!$D$6:$D$75,"R6",(Jul!$G$6:$G$75)) -> 0 | J9: =SUMIF(Ago!$D$6:$D$75,"R6",(Ago!$G$6:$G$75)) -> 0 | K9: =SUMIF(Set!$D$6:$D$75,"R6",(Set!$G$6:$G$75)) -> 0 | L9: =SUMIF(Out!$D$6:$D$75,"R6",(Out!$G$6:$G$75)) -> 0 | M9: =SUMIF(Nov!$D$6:$D$75,"R6",(Nov!$G$6:$G$75)) -> 0 | N9: =SUMIF(Dez!$D$6:$D$75,"R6",(Dez!$G$6:$G$75)) -> 0 | O9: =SUM(C9:N9) -> 0
B10: Total da Receita Líquida | C10: =SUM(C4:C9) -> 1000 | D10: =SUM(D4:D9) -> 0 | E10: =SUM(E4:E9) -> 0 | F10: =SUM(F4:F9) -> 0 | G10: =SUM(G4:G9) -> 0 | H10: =SUM(H4:H9) -> 0 | I10: =SUM(I4:I9) -> 0 | J10: =SUM(J4:J9) -> 0 | ... O10: =SUM(O4:O9) -> 1750
B12: =+Codigo!G10 -> Despesa | O12: Total
B13: =+Codigo!C10 -> Alimentação | C13: =SUM(C14:C18) -> 1150 | D13: =SUM(D14:D18) -> 0 | E13: =SUM(E14:E18) -> 0 | F13: =SUM(F14:F18) -> 0 | G13: =SUM(G14:G18) -> 0 | H13: =SUM(H14:H18) -> 0 | I13: =SUM(I14:I18) -> 0 | J13: =SUM(J14:J18) -> 0 | ... O13: =SUM(O14:O18) -> 1150
B14: =+Codigo!D10 -> Supermercado | C14: =SUMIF(Jan!$D$6:$D$75,"A1",(Jan!$G$6:$G$75)) -> 1150 | D14: =SUMIF(Fev!$D$6:$D$75,"A1",(Fev!$G$6:$G$75)) -> 0 | E14: =SUMIF(Mar!$D$6:$D$75,"A1",(Mar!$G$6:$G$75)) -> 0 | F14: =SUMIF(Abr!$D$6:$D$75,"A1",(Abr!$G$6:$G$75)) -> 0 | G14: =SUMIF(Mai!$D$6:$D$75,"A1",(Mai!$G$6:$G$75)) -> 0 | H14: =SUMIF(Jun!$D$6:$D$75,"A1",(Jun!$G$6:$G$75)) -> 0 | I14: =SUMIF(Jul!$D$6:$D$75,"A1",(Jul!$G$6:$G$75)) -> 0 | J14: =SUMIF(Ago!$D$6:$D$75,"A1",(Ago!$G$6:$G$75)) -> 0 | K14: =SUMIF(Set!$D$6:$D$75,"A1",(Set!$G$6:$G$75)) -> 0 | L14: =SUMIF(Out!$D$6:$D$75,"A1",(Out!$G$6:$G$75)) -> 0 | M14: =SUMIF(Nov!$D$6:$D$75,"A1",(Nov!$G$6:$G$75)) -> 0 | N14: =SUMIF(Dez!$D$6:$D$75,"A1",(Dez!$G$6:$G$75)) -> 0 | O14: =SUM(C14:N14) -> 1150
B15: =+Codigo!D11 -> Feira / Sacolão | C15: =SUMIF(Jan!$D$6:$D$75,"A2",(Jan!$G$6:$G$75)) -> 0 | D15: =SUMIF(Fev!$D$6:$D$75,"A2",(Fev!$G$6:$G$75)) -> 0 | E15: =SUMIF(Mar!$D$6:$D$75,"A2",(Mar!$G$6:$G$75)) -> 0 | F15: =SUMIF(Abr!$D$6:$D$75,"A2",(Abr!$G$6:$G$75)) -> 0 | G15: =SUMIF(Mai!$D$6:$D$75,"A2",(Mai!$G$6:$G$75)) -> 0 | H15: =SUMIF(Jun!$D$6:$D$75,"A2",(Jun!$G$6:$G$75)) -> 0 | I15: =SUMIF(Jul!$D$6:$D$75,"A2",(Jul!$G$6:$G$75)) -> 0 | J15: =SUMIF(Ago!$D$6:$D$75,"A2",(Ago!$G$6:$G$75)) -> 0 | K15: =SUMIF(Set!$D$6:$D$75,"A2",(Set!$G$6:$G$75)) -> 0 | L15: =SUMIF(Out!$D$6:$D$75,"A2",(Out!$G$6:$G$75)) -> 0 | M15: =SUMIF(Nov!$D$6:$D$75,"A2",(Nov!$G$6:$G$75)) -> 0 | N15: =SUMIF(Dez!$D$6:$D$75,"A2",(Dez!$G$6:$G$75)) -> 0 | O15: =SUM(C15:N15) -> 0
B16: =+Codigo!D12 -> Padaria | C16: =SUMIF(Jan!$D$6:$D$75,"A3",(Jan!$G$6:$G$75)) -> 0 | D16: =SUMIF(Fev!$D$6:$D$75,"A3",(Fev!$G$6:$G$75)) -> 0 | E16: =SUMIF(Mar!$D$6:$D$75,"A3",(Mar!$G$6:$G$75)) -> 0 | F16: =SUMIF(Abr!$D$6:$D$75,"A3",(Abr!$G$6:$G$75)) -> 0 | G16: =SUMIF(Mai!$D$6:$D$75,"A3",(Mai!$G$6:$G$75)) -> 0 | H16: =SUMIF(Jun!$D$6:$D$75,"A3",(Jun!$G$6:$G$75)) -> 0 | I16: =SUMIF(Jul!$D$6:$D$75,"A3",(Jul!$G$6:$G$75)) -> 0 | J16: =SUMIF(Ago!$D$6:$D$75,"A3",(Ago!$G$6:$G$75)) -> 0 | K16: =SUMIF(Set!$D$6:$D$75,"A3",(Set!$G$6:$G$75)) -> 0 | L16: =SUMIF(Out!$D$6:$D$75,"A3",(Out!$G$6:$G$75)) -> 0 | M16: =SUMIF(Nov!$D$6:$D$75,"A3",(Nov!$G$6:$G$75)) -> 0 | N16: =SUMIF(Dez!$D$6:$D$75,"A3",(Dez!$G$6:$G$75)) -> 0 | O16: =SUM(C16:N16) -> 0
B17: =+Codigo!D13 -> Refeição fora de casa | C17: =SUMIF(Jan!$D$6:$D$75,"A4",(Jan!$G$6:$G$75)) -> 0 | D17: =SUMIF(Fev!$D$6:$D$75,"A4",(Fev!$G$6:$G$75)) -> 0 | E17: =SUMIF(Mar!$D$6:$D$75,"A4",(Mar!$G$6:$G$75)) -> 0 | F17: =SUMIF(Abr!$D$6:$D$75,"A4",(Abr!$G$6:$G$75)) -> 0 | G17: =SUMIF(Mai!$D$6:$D$75,"A4",(Mai!$G$6:$G$75)) -> 0 | H17: =SUMIF(Jun!$D$6:$D$75,"A4",(Jun!$G$6:$G$75)) -> 0 | I17: =SUMIF(Jul!$D$6:$D$75,"A4",(Jul!$G$6:$G$75)) -> 0 | J17: =SUMIF(Ago!$D$6:$D$75,"A4",(Ago!$G$6:$G$75)) -> 0 | K17: =SUMIF(Set!$D$6:$D$75,"A4",(Set!$G$6:$G$75)) -> 0 | L17: =SUMIF(Out!$D$6:$D$75,"A4",(Out!$G$6:$G$75)) -> 0 | M17: =SUMIF(Nov!$D$6:$D$75,"A4",(Nov!$G$6:$G$75)) -> 0 | N17: =SUMIF(Dez!$D$6:$D$75,"A4",(Dez!$G$6:$G$75)) -> 0 | O17: =SUM(C17:N17) -> 0
B18: =+Codigo!D14 -> Outros (café, água, sorvetes, etc) | C18: =SUMIF(Jan!$D$6:$D$75,"A5",(Jan!$G$6:$G$75)) -> 0 | D18: =SUMIF(Fev!$D$6:$D$75,"A5",(Fev!$G$6:$G$75)) -> 0 | E18: =SUMIF(Mar!$D$6:$D$75,"A5",(Mar!$G$6:$G$75)) -> 0 | F18: =SUMIF(Abr!$D$6:$D$75,"A5",(Abr!G$6:$G$75)) -> 0 | G18: =SUMIF(Mai!$D$6:$D$75,"A5",(Mai!$G$6:$G$75)) -> 0 | H18: =SUMIF(Jun!$D$6:$D$75,"A5",(Jun!$G$6:$G$75)) -> 0 | I18: =SUMIF(Jul!$D$6:$D$75,"A5",(Jul!$G$6:$G$75)) -> 0 | J18: =SUMIF(Ago!$D$6:$D$75,"A5",(Ago!$G$6:$G$75)) -> 0 | K18: =SUMIF(Set!$D$6:$D$75,"A5",(Set!$G$6:$G$75)) -> 0 | L18: =SUMIF(Out!$D$6:$D$75,"A5",(Out!$G$6:$G$75)) -> 0 | M18: =SUMIF(Nov!$D$6:$D$75,"A5",(Nov!$G$6:$G$75)) -> 0 | N18: =SUMIF(Dez!$D$6:$D$75,"A5",(Dez!$G$6:$G$75)) -> 0 | O18: =SUM(C18:N18) -> 0
B19: =+Codigo!C15 -> Moradia | C19: =SUM(C20:C31) -> 0 | D19: =SUM(D20:D31) -> 0 | E19: =SUM(E20:E31) -> 0 | F19: =SUM(F20:F31) -> 0 | G19: =SUM(G20:G31) -> 0 | H19: =SUM(H20:H31) -> 0 | I19: =SUM(I20:I31) -> 0 | J19: =SUM(J20:J31) -> 0 | ... O19: =SUM(O20:O31) -> 0
B20: =+Codigo!D15 -> Prestação /Aluguel de imóvel | C20: =SUMIF(Jan!$D$6:$D$75,"M1",(Jan!$G$6:$G$75)) -> 0 | D20: =SUMIF(Fev!$D$6:$D$75,"m1",(Fev!$G$6:$G$75)) -> 0 | E20: =SUMIF(Mar!$D$6:$D$75,"m1",(Mar!$G$6:$G$75)) -> 0 | F20: =SUMIF(Abr!$D$6:$D$75,"m1",(Abr!G$6:$G$75)) -> 0 | G20: =SUMIF(Mai!$D$6:$D$75,"m1",(Mai!$G$6:$G$75)) -> 0 | H20: =SUMIF(Jun!$D$6:$D$75,"M1",(Jun!$G$6:$G$75)) -> 0 | I20: =SUMIF(Jul!$D$6:$D$75,"M1",(Jul!$G$6:$G$75)) -> 0 | J20: =SUMIF(Ago!$D$6:$D$75,"M1",(Ago!$G$6:$G$75)) -> 0 | K20: =SUMIF(Set!$D$6:$D$75,"M1",(Set!$G$6:$G$75)) -> 0 | L20: =SUMIF(Out!$D$6:$D$75,"M1",(Out!$G$6:$G$75)) -> 0 | M20: =SUMIF(Nov!$D$6:$D$75,"M1",(Nov!$G$6:$G$75)) -> 0 | N20: =SUMIF(Dez!$D$6:$D$75,"M1",(Dez!$G$6:$G$75)) -> 0 | O20: =SUM(C20:N20) -> 0
B21: =+Codigo!D16 -> Condomínio | C21: =SUMIF(Jan!$D$6:$D$75,"M2",(Jan!$G$6:$G$75)) -> 0 | D21: =SUMIF(Fev!$D$6:$D$75,"M2",(Fev!$G$6:$G$75)) -> 0 | E21: =SUMIF(Mar!$D$6:$D$75,"m2",(Mar!$G$6:$G$75)) -> 0 | F21: =SUMIF(Abr!$D$6:$D$75,"m2",(Abr!G$6:$G$75)) -> 0 | G21: =SUMIF(Mai!$D$6:$D$75,"M2",(Mai!$G$6:$G$75)) -> 0 | H21: =SUMIF(Jun!$D$6:$D$75,"M2",(Jun!$G$6:$G$75)) -> 0 | I21: =SUMIF(Jul!$D$6:$D$75,"M2",(Jul!$G$6:$G$75)) -> 0 | J21: =SUMIF(Ago!$D$6:$D$75,"M2",(Ago!$G$6:$G$75)) -> 0 | K21: =SUMIF(Set!$D$6:$D$75,"M2",(Set!$G$6:$G$75)) -> 0 | L21: =SUMIF(Out!$D$6:$D$75,"M2",(Out!$G$6:$G$75)) -> 0 | M21: =SUMIF(Nov!$D$6:$D$75,"M2",(Nov!$G$6:$G$75)) -> 0 | N21: =SUMIF(Dez!$D$6:$D$75,"M2",(Dez!$G$6:$G$75)) -> 0 | O21: =SUM(C21:N21) -> 0
B22: =+Codigo!D17 -> Consumo de água | C22: =SUMIF(Jan!$D$6:$D$75,"M3",(Jan!$G$6:$G$75)) -> 0 | D22: =SUMIF(Fev!$D$6:$D$75,"M3",(Fev!$G$6:$G$75)) -> 0 | E22: =SUMIF(Mar!$D$6:$D$75,"m3",(Mar!$G$6:$G$75)) -> 0 | F22: =SUMIF(Abr!$D$6:$D$75,"m3",(Abr!G$6:$G$75)) -> 0 | G22: =SUMIF(Mai!$D$6:$D$75,"m3",(Mai!$G$6:$G$75)) -> 0 | H22: =SUMIF(Jun!$D$6:$D$75,"M3",(Jun!$G$6:$G$75)) -> 0 | I22: =SUMIF(Jul!$D$6:$D$75,"M3",(Jul!$G$6:$G$75)) -> 0 | J22: =SUMIF(Ago!$D$6:$D$75,"M3",(Ago!$G$6:$G$75)) -> 0 | K22: =SUMIF(Set!$D$6:$D$75,"M3",(Set!$G$6:$G$75)) -> 0 | L22: =SUMIF(Out!$D$6:$D$75,"M3",(Out!$G$6:$G$75)) -> 0 | M22: =SUMIF(Nov!$D$6:$D$75,"M3",(Nov!$G$6:$G$75)) -> 0 | N22: =SUMIF(Dez!$D$6:$D$75,"M3",(Dez!$G$6:$G$75)) -> 0 | O22: =SUM(C22:N22) -> 0
B23: =+Codigo!D18 -> Serviço de limpeza( diarista ou mensalista) | C23: =SUMIF(Jan!$D$6:$D$75,"M4",(Jan!$G$6:$G$75)) -> 0 | D23: =SUMIF(Fev!$D$6:$D$75,"M4",(Fev!$G$6:$G$75)) -> 0 | E23: =SUMIF(Mar!$D$6:$D$75,"m4",(Mar!$G$6:$G$75)) -> 0 | F23: =SUMIF(Abr!$D$6:$D$75,"m4",(Abr!G$6:$G$75)) -> 0 | G23: =SUMIF(Mai!$D$6:$D$75,"m4",(Mai!$G$6:$G$75)) -> 0 | H23: =SUMIF(Jun!$D$6:$D$75,"M4",(Jun!$G$6:$G$75)) -> 0 | I23: =SUMIF(Jul!$D$6:$D$75,"M4",(Jul!$G$6:$G$75)) -> 0 | J23: =SUMIF(Ago!$D$6:$D$75,"M4",(Ago!$G$6:$G$75)) -> 0 | K23: =SUMIF(Set!$D$6:$D$75,"M4",(Set!$G$6:$G$75)) -> 0 | L23: =SUMIF(Out!$D$6:$D$75,"M4",(Out!$G$6:$G$75)) -> 0 | M23: =SUMIF(Nov!$D$6:$D$75,"M4",(Nov!$G$6:$G$75)) -> 0 | N23: =SUMIF(Dez!$D$6:$D$75,"M4",(Dez!$G$6:$G$75)) -> 0 | O23: =SUM(C23:N23) -> 0
B24: =+Codigo!D19 -> Energia Elétrica | C24: =SUMIF(Jan!$D$6:$D$75,"M5",(Jan!$G$6:$G$75)) -> 0 | D24: =SUMIF(Fev!$D$6:$D$75,"M5",(Fev!$G$6:$G$75)) -> 0 | E24: =SUMIF(Mar!$D$6:$D$75,"m5",(Mar!$G$6:$G$75)) -> 0 | F24: =SUMIF(Abr!$D$6:$D$75,"m5",(Abr!G$6:$G$75)) -> 0 | G24: =SUMIF(Mai!$D$6:$D$75,"m5",(Mai!$G$6:$G$75)) -> 0 | H24: =SUMIF(Jun!$D$6:$D$75,"M5",(Jun!$G$6:$G$75)) -> 0 | I24: =SUMIF(Jul!$D$6:$D$75,"M5",(Jul!$G$6:$G$75)) -> 0 | J24: =SUMIF(Ago!$D$6:$D$75,"M5",(Ago!$G$6:$G$75)) -> 0 | K24: =SUMIF(Set!$D$6:$D$75,"M5",(Set!$G$6:$G$75)) -> 0 | L24: =SUMIF(Out!$D$6:$D$75,"M5",(Out!$G$6:$G$75)) -> 0 | M24: =SUMIF(Nov!$D$6:$D$75,"M5",(Nov!$G$6:$G$75)) -> 0 | N24: =SUMIF(Dez!$D$6:$D$75,"M5",(Dez!$G$6:$G$75)) -> 0 | O24: =SUM(C24:N24) -> 0
B25: =+Codigo!D20 -> Gás | C25: =SUMIF(Jan!$D$6:$D$75,"M6",(Jan!$G$6:$G$75)) -> 0 | D25: =SUMIF(Fev!$D$6:$D$75,"M6",(Fev!$G$6:$G$75)) -> 0 | E25: =SUMIF(Mar!$D$6:$D$75,"m6",(Mar!$G$6:$G$75)) -> 0 | F25: =SUMIF(Abr!$D$6:$D$75,"m6",(Abr!G$6:$G$75)) -> 0 | G25: =SUMIF(Mai!$D$6:$D$75,"m6",(Mai!$G$6:$G$75)) -> 0 | H25: =SUMIF(Jun!$D$6:$D$75,"M6",(Jun!$G$6:$G$75)) -> 0 | I25: =SUMIF(Jul!$D$6:$D$75,"M6",(Jul!$G$6:$G$75)) -> 0 | J25: =SUMIF(Ago!$D$6:$D$75,"M6",(Ago!$G$6:$G$75)) -> 0 | K25: =SUMIF(Set!$D$6:$D$75,"M6",(Set!$G$6:$G$75)) -> 0 | L25: =SUMIF(Out!$D$6:$D$75,"M6",(Out!$G$6:$G$75)) -> 0 | M25: =SUMIF(Nov!$D$6:$D$75,"M6",(Nov!$G$6:$G$75)) -> 0 | N25: =SUMIF(Dez!$D$6:$D$75,"M6",(Dez!$G$6:$G$75)) -> 0 | O25: =SUM(C25:N25) -> 0
B26: =+Codigo!D21 -> IPTU | C26: =SUMIF(Jan!$D$6:$D$75,"M7",(Jan!$G$6:$G$75)) -> 0 | D26: =SUMIF(Fev!$D$6:$D$75,"M7",(Fev!$G$6:$G$75)) -> 0 | E26: =SUMIF(Mar!$D$6:$D$75,"m7",(Mar!$G$6:$G$75)) -> 0 | F26: =SUMIF(Abr!$D$6:$D$75,"m7",(Abr!G$6:$G$75)) -> 0 | G26: =SUMIF(Mai!$D$6:$D$75,"m7",(Mai!$G$6:$G$75)) -> 0 | H26: =SUMIF(Jun!$D$6:$D$75,"M7",(Jun!$G$6:$G$75)) -> 0 | I26: =SUMIF(Jul!$D$6:$D$75,"M7",(Jul!$G$6:$G$75)) -> 0 | J26: =SUMIF(Ago!$D$6:$D$75,"M7",(Ago!$G$6:$G$75)) -> 0 | K26: =SUMIF(Set!$D$6:$D$75,"M7",(Set!$G$6:$G$75)) -> 0 | L26: =SUMIF(Out!$D$6:$D$75,"M7",(Out!$G$6:$G$75)) -> 0 | M26: =SUMIF(Nov!$D$6:$D$75,"M7",(Nov!$G$6:$G$75)) -> 0 | N26: =SUMIF(Dez!$D$6:$D$75,"M7",(Dez!$G$6:$G$75)) -> 0 | O26: =SUM(C26:N26) -> 0
B27: =+Codigo!D22 -> Decoração da casa | C27: =SUMIF(Jan!$D$6:$D$75,"M8",(Jan!$G$6:$G$75)) -> 0 | D27: =SUMIF(Fev!$D$6:$D$75,"M8",(Fev!$G$6:$G$75)) -> 0 | E27: =SUMIF(Mar!$D$6:$D$75,"m8",(Mar!$G$6:$G$75)) -> 0 | F27: =SUMIF(Abr!$D$6:$D$75,"m8",(Abr!G$6:$G$75)) -> 0 | G27: =SUMIF(Mai!$D$6:$D$75,"m8",(Mai!$G$6:$G$75)) -> 0 | H27: =SUMIF(Jun!$D$6:$D$75,"M8",(Jun!$G$6:$G$75)) -> 0 | I27: =SUMIF(Jul!$D$6:$D$75,"M8",(Jul!$G$6:$G$75)) -> 0 | J27: =SUMIF(Ago!$D$6:$D$75,"M8",(Ago!$G$6:$G$75)) -> 0 | K27: =SUMIF(Set!$D$6:$D$75,"M8",(Set!$G$6:$G$75)) -> 0 | L27: =SUMIF(Out!$D$6:$D$75,"M8",(Out!$G$6:$G$75)) -> 0 | M27: =SUMIF(Nov!$D$6:$D$75,"M8",(Nov!$G$6:$G$75)) -> 0 | N27: =SUMIF(Dez!$D$6:$D$75,"M8",(Dez!$G$6:$G$75)) -> 0 | O27: =SUM(C27:N27) -> 0
B28: =+Codigo!D23 -> Manutenção / Reforma da casa | C28: =SUMIF(Jan!$D$6:$D$75,"M9",(Jan!$G$6:$G$75)) -> 0 | D28: =SUMIF(Fev!$D$6:$D$75,"M9",(Fev!$G$6:$G$75)) -> 0 | E28: =SUMIF(Mar!$D$6:$D$75,"m9",(Mar!$G$6:$G$75)) -> 0 | F28: =SUMIF(Abr!$D$6:$D$75,"m9",(Abr!G$6:$G$75)) -> 0 | G28: =SUMIF(Mai!$D$6:$D$75,"m9",(Mai!$G$6:$G$75)) -> 0 | H28: =SUMIF(Jun!$D$6:$D$75,"M9",(Jun!$G$6:$G$75)) -> 0 | I28: =SUMIF(Jul!$D$6:$D$75,"M9",(Jul!$G$6:$G$75)) -> 0 | J28: =SUMIF(Ago!$D$6:$D$75,"M9",(Ago!$G$6:$G$75)) -> 0 | K28: =SUMIF(Set!$D$6:$D$75,"M9",(Set!$G$6:$G$75)) -> 0 | L28: =SUMIF(Out!$D$6:$D$75,"M9",(Out!$G$6:$G$75)) -> 0 | M28: =SUMIF(Nov!$D$6:$D$75,"M9",(Nov!$G$6:$G$75)) -> 0 | N28: =SUMIF(Dez!$D$6:$D$75,"M9",(Dez!$G$6:$G$75)) -> 0 | O28: =SUM(C28:N28) -> 0
B29: =+Codigo!D24 -> Celular | C29: =SUMIF(Jan!$D$6:$D$75,"M10",(Jan!$G$6:$G$75)) -> 0 | D29: =SUMIF(Fev!$D$6:$D$75,"M10",(Fev!$G$6:$G$75)) -> 0 | E29: =SUMIF(Mar!$D$6:$D$75,"m10",(Mar!$G$6:$G$75)) -> 0 | F29: =SUMIF(Abr!$D$6:$D$75,"m10",(Abr!G$6:$G$75)) -> 0 | G29: =SUMIF(Mai!$D$6:$D$75,"m10",(Mai!$G$6:$G$75)) -> 0 | H29: =SUMIF(Jun!$D$6:$D$75,"M10",(Jun!$G$6:$G$75)) -> 0 | I29: =SUMIF(Jul!$D$6:$D$75,"M10",(Jul!$G$6:$G$75)) -> 0 | J29: =SUMIF(Ago!$D$6:$D$75,"M10",(Ago!$G$6:$G$75)) -> 0 | K29: =SUMIF(Set!$D$6:$D$75,"M10",(Set!$G$6:$G$75)) -> 0 | L29: =SUMIF(Out!$D$6:$D$75,"M10",(Out!$G$6:$G$75)) -> 0 | M29: =SUMIF(Nov!$D$6:$D$75,"M10",(Nov!$G$6:$G$75)) -> 0 | N29: =SUMIF(Dez!$D$6:$D$75,"M10",(Dez!$G$6:$G$75)) -> 0 | O29: =SUM(C29:N29) -> 0
B30: =+Codigo!D25 -> Telefone fixo | C30: =SUMIF(Jan!$D$6:$D$75,"M11",(Jan!$G$6:$G$75)) -> 0 | D30: =SUMIF(Fev!$D$6:$D$75,"M11",(Fev!$G$6:$G$75)) -> 0 | E30: =SUMIF(Mar!$D$6:$D$75,"m11",(Mar!$G$6:$G$75)) -> 0 | F30: =SUMIF(Abr!$D$6:$D$75,"m11",(Abr!G$6:$G$75)) -> 0 | G30: =SUMIF(Mai!$D$6:$D$75,"m11",(Mai!$G$6:$G$75)) -> 0 | H30: =SUMIF(Jun!$D$6:$D$75,"M11",(Jun!$G$6:$G$75)) -> 0 | I30: =SUMIF(Jul!$D$6:$D$75,"M11",(Jul!$G$6:$G$75)) -> 0 | J30: =SUMIF(Ago!$D$6:$D$75,"M11",(Ago!$G$6:$G$75)) -> 0 | K30: =SUMIF(Set!$D$6:$D$75,"M11",(Set!$G$6:$G$75)) -> 0 | L30: =SUMIF(Out!$D$6:$D$75,"M11",(Out!$G$6:$G$75)) -> 0 | M30: =SUMIF(Nov!$D$6:$D$75,"M11",(Nov!$G$6:$G$75)) -> 0 | N30: =SUMIF(Dez!$D$6:$D$75,"M11",(Dez!$G$6:$G$75)) -> 0 | O30: =SUM(C30:N30) -> 0
B31: =+Codigo!D26 -> Internet / TV a cabo | C31: =SUMIF(Jan!$D$6:$D$75,"M12",(Jan!$G$6:$G$75)) -> 0 | D31: =SUMIF(Fev!$D$6:$D$75,"M12",(Fev!$G$6:$G$75)) -> 0 | E31: =SUMIF(Mar!$D$6:$D$75,"m12",(Mar!$G$6:$G$75)) -> 0 | F31: =SUMIF(Abr!$D$6:$D$75,"m12",(Abr!G$6:$G$75)) -> 0 | G31: =SUMIF(Mai!$D$6:$D$75,"m12",(Mai!$G$6:$G$75)) -> 0 | H31: =SUMIF(Jun!$D$6:$D$75,"M12",(Jun!$G$6:$G$75)) -> 0 | I31: =SUMIF(Jul!$D$6:$D$75,"M12",(Jul!$G$6:$G$75)) -> 0 | J31: =SUMIF(Ago!$D$6:$D$75,"M12",(Ago!$G$6:$G$75)) -> 0 | K31: =SUMIF(Set!$D$6:$D$75,"M12",(Set!$G$6:$G$75)) -> 0 | L31: =SUMIF(Out!$D$6:$D$75,"M12",(Out!$G$6:$G$75)) -> 0 | M31: =SUMIF(Nov!$D$6:$D$75,"M12",(Nov!$G$6:$G$75)) -> 0 | N31: =SUMIF(Dez!$D$6:$D$75,"M12",(Dez!$G$6:$G$75)) -> 0 | O31: =SUM(C31:N31) -> 0
B32: =+Codigo!C27 -> Educação | C32: =SUM(C33:C36) -> 0 | D32: =SUM(D33:D36) -> 0 | E32: =SUM(E33:E36) -> 0 | F32: =SUM(F33:F36) -> 0 | G32: =SUM(G33:G36) -> 0 | H32: =SUM(H33:H36) -> 0 | I32: =SUM(I33:I36) -> 0 | J32: =SUM(J33:J36) -> 0 | ... O32: =SUM(O33:O36) -> 0
B33: =+Codigo!D27 -> Matricula Escolar/ Mensalidade | C33: =SUMIF(Jan!$D$6:$D$75,"E1",(Jan!$G$6:$G$75)) -> 0 | D33: =SUMIF(Fev!$D$6:$D$75,"E1",(Fev!$G$6:$G$75)) -> 0 | E33: =SUMIF(Mar!$D$6:$D$75,"E1",(Mar!$G$6:$G$75)) -> 0 | F33: =SUMIF(Abr!$D$6:$D$75,"E1",(Abr!G$6:$G$75)) -> 0 | G33: =SUMIF(Mai!$D$6:$D$75,"E1",(Mai!$G$6:$G$75)) -> 0 | H33: =SUMIF(Jun!$D$6:$D$75,"E1",(Jun!$G$6:$G$75)) -> 0 | I33: =SUMIF(Jul!$D$6:$D$75,"E1",(Jul!$G$6:$G$75)) -> 0 | J33: =SUMIF(Ago!$D$6:$D$75,"E1",(Ago!$G$6:$G$75)) -> 0 | K33: =SUMIF(Set!$D$6:$D$75,"E1",(Set!$G$6:$G$75)) -> 0 | L33: =SUMIF(Out!$D$6:$D$75,"E1",(Out!$G$6:$G$75)) -> 0 | M33: =SUMIF(Nov!$D$6:$D$75,"E1",(Nov!$G$6:$G$75)) -> 0 | N33: =SUMIF(Dez!$D$6:$D$75,"E1",(Dez!$G$6:$G$75)) -> 0 | O33: =SUM(C33:N33) -> 0
B34: =+Codigo!D28 -> Material Escolar | C34: =SUMIF(Jan!$D$6:$D$75,"E2",(Jan!$G$6:$G$75)) -> 0 | D34: =SUMIF(Fev!$D$6:$D$75,"E2",(Fev!$G$6:$G$75)) -> 0 | E34: =SUMIF(Mar!$D$6:$D$75,"E2",(Mar!$G$6:$G$75)) -> 0 | F34: =SUMIF(Abr!$D$6:$D$75,"E2",(Abr!G$6:$G$75)) -> 0 | G34: =SUMIF(Mai!$D$6:$D$75,"E2",(Mai!$G$6:$G$75)) -> 0 | H34: =SUMIF(Jun!$D$6:$D$75,"E2",(Jun!$G$6:$G$75)) -> 0 | I34: =SUMIF(Jul!$D$6:$D$75,"E2",(Jul!$G$6:$G$75)) -> 0 | J34: =SUMIF(Ago!$D$6:$D$75,"E2",(Ago!$G$6:$G$75)) -> 0 | K34: =SUMIF(Set!$D$6:$D$75,"E2",(Set!$G$6:$G$75)) -> 0 | L34: =SUMIF(Out!$D$6:$D$75,"E2",(Out!$G$6:$G$75)) -> 0 | M34: =SUMIF(Nov!$D$6:$D$75,"E2",(Nov!$G$6:$G$75)) -> 0 | N34: =SUMIF(Dez!$D$6:$D$75,"E2",(Dez!$G$6:$G$75)) -> 0 | O34: =SUM(C34:N34) -> 0
B35: =+Codigo!D29 -> Outros cursos | C35: =SUMIF(Jan!$D$6:$D$75,"E3",(Jan!$G$6:$G$75)) -> 0 | D35: =SUMIF(Fev!$D$6:$D$75,"E3",(Fev!$G$6:$G$75)) -> 0 | E35: =SUMIF(Mar!$D$6:$D$75,"E3",(Mar!$G$6:$G$75)) -> 0 | F35: =SUMIF(Abr!$D$6:$D$75,"E3",(Abr!G$6:$G$75)) -> 0 | G35: =SUMIF(Mai!$D$6:$D$75,"E3",(Mai!$G$6:$G$75)) -> 0 | H35: =SUMIF(Jun!$D$6:$D$75,"E3",(Jun!$G$6:$G$75)) -> 0 | I35: =SUMIF(Jul!$D$6:$D$75,"E3",(Jul!$G$6:$G$75)) -> 0 | J35: =SUMIF(Ago!$D$6:$D$75,"E3",(Ago!$G$6:$G$75)) -> 0 | K35: =SUMIF(Set!$D$6:$D$75,"E3",(Set!$G$6:$G$75)) -> 0 | L35: =SUMIF(Out!$D$6:$D$75,"E3",(Out!$G$6:$G$75)) -> 0 | M35: =SUMIF(Nov!$D$6:$D$75,"E3",(Nov!$G$6:$G$75)) -> 0 | N35: =SUMIF(Dez!$D$6:$D$75,"E3",(Dez!$G$6:$G$75)) -> 0 | O35: =SUM(C35:N35) -> 0
B36: =+Codigo!D30 -> Transporte escolar | C36: =SUMIF(Jan!$D$6:$D$75,"E4",(Jan!$G$6:$G$75)) -> 0 | D36: =SUMIF(Fev!$D$6:$D$75,"E4",(Fev!$G$6:$G$75)) -> 0 | E36: =SUMIF(Mar!$D$6:$D$75,"E4",(Mar!$G$6:$G$75)) -> 0 | F36: =SUMIF(Abr!$D$6:$D$75,"E4",(Abr!G$6:$G$75)) -> 0 | G36: =SUMIF(Mai!$D$6:$D$75,"E4",(Mai!$G$6:$G$75)) -> 0 | H36: =SUMIF(Jun!$D$6:$D$75,"E4",(Jun!$G$6:$G$75)) -> 0 | I36: =SUMIF(Jul!$D$6:$D$75,"E4",(Jul!$G$6:$G$75)) -> 0 | J36: =SUMIF(Ago!$D$6:$D$75,"E4",(Ago!$G$6:$G$75)) -> 0 | K36: =SUMIF(Set!$D$6:$D$75,"E4",(Set!$G$6:$G$75)) -> 0 | L36: =SUMIF(Out!$D$6:$D$75,"E4",(Out!$G$6:$G$75)) -> 0 | M36: =SUMIF(Nov!$D$6:$D$75,"E4",(Nov!$G$6:$G$75)) -> 0 | N36: =SUMIF(Dez!$D$6:$D$75,"E4",(Dez!$G$6:$G$75)) -> 0 | O36: =SUM(C36:N36) -> 0
B37: =+Codigo!C31 -> Animal de Estimação | C37: =SUM(C38:C41) -> 0 | D37: =SUM(D38:D41) -> 0 | E37: =SUM(E38:E41) -> 0 | F37: =SUM(F38:F41) -> 0 | G37: =SUM(G38:G41) -> 0 | H37: =SUM(H38:H41) -> 0 | I37: =SUM(I38:I41) -> 0 | J37: =SUM(J38:J41) -> 0 | ... O37: =SUM(O38:O41) -> 0
B38: =+Codigo!D31 -> Ração | C38: =SUMIF(Jan!$D$6:$D$75,"c1",(Jan!$G$6:$G$75)) -> 0 | D38: =SUMIF(Fev!$D$6:$D$75,"c1",(Fev!$G$6:$G$75)) -> 0 | E38: =SUMIF(Mar!$D$6:$D$75,"C1",(Mar!$G$6:$G$75)) -> 0 | F38: =SUMIF(Abr!$D$6:$D$75,"C1",(Abr!G$6:$G$75)) -> 0 | G38: =SUMIF(Mai!$D$6:$D$75,"C1",(Mai!$G$6:$G$75)) -> 0 | H38: =SUMIF(Jun!$D$6:$D$75,"C1",(Jun!$G$6:$G$75)) -> 0 | I38: =SUMIF(Jul!$D$6:$D$75,"C1",(Jul!$G$6:$G$75)) -> 0 | J38: =SUMIF(Ago!$D$6:$D$75,"C1",(Ago!$G$6:$G$75)) -> 0 | K38: =SUMIF(Set!$D$6:$D$75,"C1",(Set!$G$6:$G$75)) -> 0 | L38: =SUMIF(Out!$D$6:$D$75,"C1",(Out!$G$6:$G$75)) -> 0 | M38: =SUMIF(Nov!$D$6:$D$75,"C1",(Nov!$G$6:$G$75)) -> 0 | N38: =SUMIF(Dez!$D$6:$D$75,"C1",(Dez!$G$6:$G$75)) -> 0 | O38: =SUM(C38:N38) -> 0
B39: =+Codigo!D32 -> Banho / Tosa | C39: =SUMIF(Jan!$D$6:$D$75,"c2",(Jan!$G$6:$G$75)) -> 0 | D39: =SUMIF(Fev!$D$6:$D$75,"c2",(Fev!$G$6:$G$75)) -> 0 | E39: =SUMIF(Mar!$D$6:$D$75,"C2",(Mar!$G$6:$G$75)) -> 0 | F39: =SUMIF(Abr!$D$6:$D$75,"C2",(Abr!G$6:$G$75)) -> 0 | G39: =SUMIF(Mai!$D$6:$D$75,"C2",(Mai!$G$6:$G$75)) -> 0 | H39: =SUMIF(Jun!$D$6:$D$75,"C2",(Jun!$G$6:$G$75)) -> 0 | I39: =SUMIF(Jul!$D$6:$D$75,"C2",(Jul!$G$6:$G$75)) -> 0 | J39: =SUMIF(Ago!$D$6:$D$75,"C2",(Ago!$G$6:$G$75)) -> 0 | K39: =SUMIF(Set!$D$6:$D$75,"C2",(Set!$G$6:$G$75)) -> 0 | L39: =SUMIF(Out!$D$6:$D$75,"C2",(Out!$G$6:$G$75)) -> 0 | M39: =SUMIF(Nov!$D$6:$D$75,"C2",(Nov!$G$6:$G$75)) -> 0 | N39: =SUMIF(Dez!$D$6:$D$75,"C2",(Dez!$G$6:$G$75)) -> 0 | O39: =SUM(C39:N39) -> 0
B40: =+Codigo!D33 -> Veterinário / medicamento | C40: =SUMIF(Jan!$D$6:$D$75,"c3",(Jan!$G$6:$G$75)) -> 0 | D40: =SUMIF(Fev!$D$6:$D$75,"c3",(Fev!$G$6:$G$75)) -> 0 | E40: =SUMIF(Mar!$D$6:$D$75,"C3",(Mar!$G$6:$G$75)) -> 0 | F40: =SUMIF(Abr!$D$6:$D$75,"C3",(Abr!G$6:$G$75)) -> 0 | G40: =SUMIF(Mai!$D$6:$D$75,"C3",(Mai!$G$6:$G$75)) -> 0 | H40: =SUMIF(Jun!$D$6:$D$75,"C3",(Jun!$G$6:$G$75)) -> 0 | I40: =SUMIF(Jul!$D$6:$D$75,"C3",(Jul!$G$6:$G$75)) -> 0 | J40: =SUMIF(Ago!$D$6:$D$75,"C3",(Ago!$G$6:$G$75)) -> 0 | K40: =SUMIF(Set!$D$6:$D$75,"C3",(Set!$G$6:$G$75)) -> 0 | L40: =SUMIF(Out!$D$6:$D$75,"C3",(Out!$G$6:$G$75)) -> 0 | M40: =SUMIF(Nov!$D$6:$D$75,"C3",(Nov!$G$6:$G$75)) -> 0 | N40: =SUMIF(Dez!$D$6:$D$75,"C3",(Dez!$G$6:$G$75)) -> 0 | O40: =SUM(C40:N40) -> 0
B41: =+Codigo!D34 -> Outros (acessórios, brinquedos, hotel, dog walker) | C41: =SUMIF(Jan!$D$6:$D$75,"c4",(Jan!$G$6:$G$75)) -> 0 | D41: =SUMIF(Fev!$D$6:$D$75,"c4",(Fev!$G$6:$G$75)) -> 0 | E41: =SUMIF(Mar!$D$6:$D$75,"C4",(Mar!$G$6:$G$75)) -> 0 | F41: =SUMIF(Abr!$D$6:$D$75,"C4",(Abr!G$6:$G$75)) -> 0 | G41: =SUMIF(Mai!$D$6:$D$75,"C4",(Mai!$G$6:$G$75)) -> 0 | H41: =SUMIF(Jun!$D$6:$D$75,"C4",(Jun!$G$6:$G$75)) -> 0 | I41: =SUMIF(Jul!$D$6:$D$75,"C4",(Jul!$G$6:$G$75)) -> 0 | J41: =SUMIF(Ago!$D$6:$D$75,"C4",(Ago!$G$6:$G$75)) -> 0 | K41: =SUMIF(Set!$D$6:$D$75,"C4",(Set!$G$6:$G$75)) -> 0 | L41: =SUMIF(Out!$D$6:$D$75,"C4",(Out!$G$6:$G$75)) -> 0 | M41: =SUMIF(Nov!$D$6:$D$75,"C4",(Nov!$G$6:$G$75)) -> 0 | N41: =SUMIF(Dez!$D$6:$D$75,"C4",(Dez!$G$6:$G$75)) -> 0 | O41: =SUM(C41:N41) -> 0
B42: =+Codigo!C35 -> Saúde | C42: =SUM(C43:C48) -> 0 | D42: =SUM(D43:D48) -> 0 | E42: =SUM(E43:E48) -> 0 | F42: =SUM(F43:F48) -> 0 | G42: =SUM(G43:G48) -> 0 | H42: =SUM(H43:H48) -> 0 | I42: =SUM(I43:I48) -> 0 | J42: =SUM(J43:J48) -> 0 | ... O42: =SUM(O43:O48) -> 0
B43: =+Codigo!D35 -> Plano de saúde | C43: =SUMIF(Jan!$D$6:$D$75,"s1",(Jan!$G$6:$G$75)) -> 0 | D43: =SUMIF(Fev!$D$6:$D$75,"s1",(Fev!$G$6:$G$75)) -> 0 | E43: =SUMIF(Mar!$D$6:$D$75,"S1",(Mar!$G$6:$G$75)) -> 0 | F43: =SUMIF(Abr!$D$6:$D$75,"S1",(Abr!G$6:$G$75)) -> 0 | G43: =SUMIF(Mai!$D$6:$D$75,"S1",(Mai!$G$6:$G$75)) -> 0 | H43: =SUMIF(Jun!$D$6:$D$75,"S1",(Jun!$G$6:$G$75)) -> 0 | I43: =SUMIF(Jul!$D$6:$D$75,"S1",(Jul!$G$6:$G$75)) -> 0 | J43: =SUMIF(Ago!$D$6:$D$75,"S1",(Ago!$G$6:$G$75)) -> 0 | K43: =SUMIF(Set!$D$6:$D$75,"S1",(Set!$G$6:$G$75)) -> 0 | L43: =SUMIF(Out!$D$6:$D$75,"S1",(Out!$G$6:$G$75)) -> 0 | M43: =SUMIF(Nov!$D$6:$D$75,"S1",(Nov!$G$6:$G$75)) -> 0 | N43: =SUMIF(Dez!$D$6:$D$75,"S1",(Dez!$G$6:$G$75)) -> 0 | O43: =SUM(C43:N43) -> 0
B44: =+Codigo!D36 -> Medicamentos | C44: =SUMIF(Jan!$D$6:$D$75,"s2",(Jan!$G$6:$G$75)) -> 0 | D44: =SUMIF(Fev!$D$6:$D$75,"s2",(Fev!$G$6:$G$75)) -> 0 | E44: =SUMIF(Mar!$D$6:$D$75,"S2",(Mar!$G$6:$G$75)) -> 0 | F44: =SUMIF(Abr!$D$6:$D$75,"S2",(Abr!G$6:$G$75)) -> 0 | G44: =SUMIF(Mai!$D$6:$D$75,"S2",(Mai!$G$6:$G$75)) -> 0 | H44: =SUMIF(Jun!$D$6:$D$75,"S2",(Jun!$G$6:$G$75)) -> 0 | I44: =SUMIF(Jul!$D$6:$D$75,"S2",(Jul!$G$6:$G$75)) -> 0 | J44: =SUMIF(Ago!$D$6:$D$75,"S2",(Ago!$G$6:$G$75)) -> 0 | K44: =SUMIF(Set!$D$6:$D$75,"S2",(Set!$G$6:$G$75)) -> 0 | L44: =SUMIF(Out!$D$6:$D$75,"S2",(Out!$G$6:$G$75)) -> 0 | M44: =SUMIF(Nov!$D$6:$D$75,"S2",(Nov!$G$6:$G$75)) -> 0 | N44: =SUMIF(Dez!$D$6:$D$75,"S2",(Dez!$G$6:$G$75)) -> 0 | O44: =SUM(C44:N44) -> 0
B45: =+Codigo!D37 -> Dentista | C45: =SUMIF(Jan!$D$6:$D$75,"s3",(Jan!$G$6:$G$75)) -> 0 | D45: =SUMIF(Fev!$D$6:$D$75,"s3",(Fev!$G$6:$G$75)) -> 0 | E45: =SUMIF(Mar!$D$6:$D$75,"S3",(Mar!$G$6:$G$75)) -> 0 | F45: =SUMIF(Abr!$D$6:$D$75,"S3",(Abr!G$6:$G$75)) -> 0 | G45: =SUMIF(Mai!$D$6:$D$75,"S3",(Mai!$G$6:$G$75)) -> 0 | H45: =SUMIF(Jun!$D$6:$D$75,"S3",(Jun!$G$6:$G$75)) -> 0 | I45: =SUMIF(Jul!$D$6:$D$75,"S3",(Jul!$G$6:$G$75)) -> 0 | J45: =SUMIF(Ago!$D$6:$D$75,"S3",(Ago!$G$6:$G$75)) -> 0 | K45: =SUMIF(Set!$D$6:$D$75,"S3",(Set!$G$6:$G$75)) -> 0 | L45: =SUMIF(Out!$D$6:$D$75,"S3",(Out!$G$6:$G$75)) -> 0 | M45: =SUMIF(Nov!$D$6:$D$75,"S3",(Nov!$G$6:$G$75)) -> 0 | N45: =SUMIF(Dez!$D$6:$D$75,"S3",(Dez!$G$6:$G$75)) -> 0 | O45: =SUM(C45:N45) -> 0
B46: =+Codigo!D38 -> Terapia / Psicólogo / Acupuntura | C46: =SUMIF(Jan!$D$6:$D$75,"s4",(Jan!$G$6:$G$75)) -> 0 | D46: =SUMIF(Fev!$D$6:$D$75,"s4",(Fev!$G$6:$G$75)) -> 0 | E46: =SUMIF(Mar!$D$6:$D$75,"S4",(Mar!$G$6:$G$75)) -> 0 | F46: =SUMIF(Abr!$D$6:$D$75,"S4",(Abr!G$6:$G$75)) -> 0 | G46: =SUMIF(Mai!$D$6:$D$75,"S4",(Mai!$G$6:$G$75)) -> 0 | H46: =SUMIF(Jun!$D$6:$D$75,"S4",(Jun!$G$6:$G$75)) -> 0 | I46: =SUMIF(Jul!$D$6:$D$75,"S4",(Jul!$G$6:$G$75)) -> 0 | J46: =SUMIF(Ago!$D$6:$D$75,"S4",(Ago!$G$6:$G$75)) -> 0 | K46: =SUMIF(Set!$D$6:$D$75,"S4",(Set!$G$6:$G$75)) -> 0 | L46: =SUMIF(Out!$D$6:$D$75,"S4",(Out!$G$6:$G$75)) -> 0 | M46: =SUMIF(Nov!$D$6:$D$75,"S4",(Nov!$G$6:$G$75)) -> 0 | N46: =SUMIF(Dez!$D$6:$D$75,"S4",(Dez!$G$6:$G$75)) -> 0 | O46: =SUM(C46:N46) -> 0
B47: =+Codigo!D39 -> Médicos/Exames fora do plano de saúde | C47: =SUMIF(Jan!$D$6:$D$75,"s5",(Jan!$G$6:$G$75)) -> 0 | D47: =SUMIF(Fev!$D$6:$D$75,"s5",(Fev!$G$6:$G$75)) -> 0 | E47: =SUMIF(Mar!$D$6:$D$75,"S5",(Mar!$G$6:$G$75)) -> 0 | F47: =SUMIF(Abr!$D$6:$D$75,"S5",(Abr!G$6:$G$75)) -> 0 | G47: =SUMIF(Mai!$D$6:$D$75,"S5",(Mai!$G$6:$G$75)) -> 0 | H47: =SUMIF(Jun!$D$6:$D$75,"S5",(Jun!$G$6:$G$75)) -> 0 | I47: =SUMIF(Jul!$D$6:$D$75,"S5",(Jul!$G$6:$G$75)) -> 0 | J47: =SUMIF(Ago!$D$6:$D$75,"S5",(Ago!$G$6:$G$75)) -> 0 | K47: =SUMIF(Set!$D$6:$D$75,"S5",(Set!$G$6:$G$75)) -> 0 | L47: =SUMIF(Out!$D$6:$D$75,"S5",(Out!$G$6:$G$75)) -> 0 | M47: =SUMIF(Nov!$D$6:$D$75,"S5",(Nov!$G$6:$G$75)) -> 0 | N47: =SUMIF(Dez!$D$6:$D$75,"S5",(Dez!$G$6:$G$75)) -> 0 | O47: =SUM(C47:N47) -> 0
B48: =+Codigo!D40 -> Academia / Tratamento Estético | C48: =SUMIF(Jan!$D$6:$D$75,"s6",(Jan!$G$6:$G$75)) -> 0 | D48: =SUMIF(Fev!$D$6:$D$75,"s6",(Fev!$G$6:$G$75)) -> 0 | E48: =SUMIF(Mar!$D$6:$D$75,"S6",(Mar!$G$6:$G$75)) -> 0 | F48: =SUMIF(Abr!$D$6:$D$75,"S6",(Abr!G$6:$G$75)) -> 0 | G48: =SUMIF(Mai!$D$6:$D$75,"S6",(Mai!$G$6:$G$75)) -> 0 | H48: =SUMIF(Jun!$D$6:$D$75,"S6",(Jun!$G$6:$G$75)) -> 0 | I48: =SUMIF(Jul!$D$6:$D$75,"S6",(Jul!$G$6:$G$75)) -> 0 | J48: =SUMIF(Ago!$D$6:$D$75,"S6",(Ago!$G$6:$G$75)) -> 0 | K48: =SUMIF(Set!$D$6:$D$75,"S6",(Set!$G$6:$G$75)) -> 0 | L48: =SUMIF(Out!$D$6:$D$75,"S6",(Out!$G$6:$G$75)) -> 0 | M48: =SUMIF(Nov!$D$6:$D$75,"S6",(Nov!$G$6:$G$75)) -> 0 | N48: =SUMIF(Dez!$D$6:$D$75,"S6",(Dez!$G$6:$G$75)) -> 0 | O48: =SUM(C48:N48) -> 0
B49: =+Codigo!C41 -> Transporte | C49: =SUM(C50:C58) -> 0 | D49: =SUM(D50:D58) -> 0 | E49: =SUM(E50:E58) -> 0 | F49: =SUM(F50:F58) -> 0 | G49: =SUM(G50:G58) -> 0 | H49: =SUM(H50:H58) -> 0 | I49: =SUM(I50:I58) -> 0 | J49: =SUM(J50:J58) -> 0 | ... O49: =SUM(O50:O58) -> 0
B50: =+Codigo!D41 -> Ônibus / Metrô | C50: =SUMIF(Jan!$D$6:$D$75,"t1",(Jan!$G$6:$G$75)) -> 0 | D50: =SUMIF(Fev!$D$6:$D$75,"t1",(Fev!$G$6:$G$75)) -> 0 | E50: =SUMIF(Mar!$D$6:$D$75,"t1",(Mar!$G$6:$G$75)) -> 0 | F50: =SUMIF(Abr!$D$6:$D$75,"t1",(Abr!$G$6:$G$75)) -> 0 | G50: =SUMIF(Mai!$D$6:$D$75,"t1",(Mai!$G$6:$G$75)) -> 0 | H50: =SUMIF(Jun!$D$6:$D$75,"t1",(Jun!$G$6:$G$75)) -> 0 | I50: =SUMIF(Jul!$D$6:$D$75,"t1",(Jul!$G$6:$G$75)) -> 0 | J50: =SUMIF(Ago!$D$6:$D$75,"t1",(Ago!$G$6:$G$75)) -> 0 | K50: =SUMIF(Set!$D$6:$D$75,"t1",(Set!$G$6:$G$75)) -> 0 | L50: =SUMIF(Out!$D$6:$D$75,"t1",(Out!$G$6:$G$75)) -> 0 | M50: =SUMIF(Nov!$D$6:$D$75,"t1",(Nov!$G$6:$G$75)) -> 0 | N50: =SUMIF(Dez!$D$6:$D$75,"t1",(Dez!$G$6:$G$75)) -> 0 | O50: =SUM(C50:N50) -> 0
B51: =+Codigo!D42 -> Taxi | C51: =SUMIF(Jan!$D$6:$D$75,"t2",(Jan!$G$6:$G$75)) -> 0 | D51: =SUMIF(Fev!$D$6:$D$75,"t2",(Fev!$G$6:$G$75)) -> 0 | E51: =SUMIF(Mar!$D$6:$D$75,"T2",(Mar!$G$6:$G$75)) -> 0 | F51: =SUMIF(Abr!$D$6:$D$75,"T2",(Abr!G$6:$G$75)) -> 0 | G51: =SUMIF(Mai!$D$6:$D$75,"t2",(Mai!$G$6:$G$75)) -> 0 | H51: =SUMIF(Jun!$D$6:$D$75,"T2",(Jun!$G$6:$G$75)) -> 0 | I51: =SUMIF(Jul!$D$6:$D$75,"T2",(Jul!$G$6:$G$75)) -> 0 | J51: =SUMIF(Ago!$D$6:$D$75,"T2",(Ago!$G$6:$G$75)) -> 0 | K51: =SUMIF(Set!$D$6:$D$75,"T2",(Set!$G$6:$G$75)) -> 0 | L51: =SUMIF(Out!$D$6:$D$75,"T2",(Out!$G$6:$G$75)) -> 0 | M51: =SUMIF(Nov!$D$6:$D$75,"T2",(Nov!$G$6:$G$75)) -> 0 | N51: =SUMIF(Dez!$D$6:$D$75,"T2",(Dez!$G$6:$G$75)) -> 0 | O51: =SUM(C51:N51) -> 0
B52: =+Codigo!D43 -> Combustível | C52: =SUMIF(Jan!$D$6:$D$75,"t3",(Jan!$G$6:$G$75)) -> 0 | D52: =SUMIF(Fev!$D$6:$D$75,"t3",(Fev!$G$6:$G$75)) -> 0 | E52: =SUMIF(Mar!$D$6:$D$75,"T3",(Mar!$G$6:$G$75)) -> 0 | F52: =SUMIF(Abr!$D$6:$D$75,"T3",(Abr!G$6:$G$75)) -> 0 | G52: =SUMIF(Mai!$D$6:$D$75,"t3",(Mai!$G$6:$G$75)) -> 0 | H52: =SUMIF(Jun!$D$6:$D$75,"T3",(Jun!$G$6:$G$75)) -> 0 | I52: =SUMIF(Jul!$D$6:$D$75,"T3",(Jul!$G$6:$G$75)) -> 0 | J52: =SUMIF(Ago!$D$6:$D$75,"T3",(Ago!$G$6:$G$75)) -> 0 | K52: =SUMIF(Set!$D$6:$D$75,"T3",(Set!$G$6:$G$75)) -> 0 | L52: =SUMIF(Out!$D$6:$D$75,"T3",(Out!$G$6:$G$75)) -> 0 | M52: =SUMIF(Nov!$D$6:$D$75,"T3",(Nov!$G$6:$G$75)) -> 0 | N52: =SUMIF(Dez!$D$6:$D$75,"T3",(Dez!$G$6:$G$75)) -> 0 | O52: =SUM(C52:N52) -> 0
B53: =+Codigo!D44 -> Estacionamento | C53: =SUMIF(Jan!$D$6:$D$75,"t4",(Jan!$G$6:$G$75)) -> 0 | D53: =SUMIF(Fev!$D$6:$D$75,"t4",(Fev!$G$6:$G$75)) -> 0 | E53: =SUMIF(Mar!$D$6:$D$75,"T4",(Mar!$G$6:$G$75)) -> 0 | F53: =SUMIF(Abr!$D$6:$D$75,"T4",(Abr!G$6:$G$75)) -> 0 | G53: =SUMIF(Mai!$D$6:$D$75,"t4",(Mai!$G$6:$G$75)) -> 0 | H53: =SUMIF(Jun!$D$6:$D$75,"T4",(Jun!$G$6:$G$75)) -> 0 | I53: =SUMIF(Jul!$D$6:$D$75,"T4",(Jul!$G$6:$G$75)) -> 0 | J53: =SUMIF(Ago!$D$6:$D$75,"T4",(Ago!$G$6:$G$75)) -> 0 | K53: =SUMIF(Set!$D$6:$D$75,"T4",(Set!$G$6:$G$75)) -> 0 | L53: =SUMIF(Out!$D$6:$D$75,"T4",(Out!$G$6:$G$75)) -> 0 | M53: =SUMIF(Nov!$D$6:$D$75,"T4",(Nov!$G$6:$G$75)) -> 0 | N53: =SUMIF(Dez!$D$6:$D$75,"T4",(Dez!$G$6:$G$75)) -> 0 | O53: =SUM(C53:N53) -> 0
B54: =+Codigo!D45 -> Seguro Auto | C54: =SUMIF(Jan!$D$6:$D$75,"t5",(Jan!$G$6:$G$75)) -> 0 | D54: =SUMIF(Fev!$D$6:$D$75,"t5",(Fev!$G$6:$G$75)) -> 0 | E54: =SUMIF(Mar!$D$6:$D$75,"T5",(Mar!$G$6:$G$75)) -> 0 | F54: =SUMIF(Abr!$D$6:$D$75,"T5",(Abr!G$6:$G$75)) -> 0 | G54: =SUMIF(Mai!$D$6:$D$75,"t5",(Mai!$G$6:$G$75)) -> 0 | H54: =SUMIF(Jun!$D$6:$D$75,"T5",(Jun!$G$6:$G$75)) -> 0 | I54: =SUMIF(Jul!$D$6:$D$75,"T5",(Jul!$G$6:$G$75)) -> 0 | J54: =SUMIF(Ago!$D$6:$D$75,"T5",(Ago!$G$6:$G$75)) -> 0 | K54: =SUMIF(Set!$D$6:$D$75,"T5",(Set!$G$6:$G$75)) -> 0 | L54: =SUMIF(Out!$D$6:$D$75,"T5",(Out!$G$6:$G$75)) -> 0 | M54: =SUMIF(Nov!$D$6:$D$75,"T5",(Nov!$G$6:$G$75)) -> 0 | N54: =SUMIF(Dez!$D$6:$D$75,"T5",(Dez!$G$6:$G$75)) -> 0 | O54: =SUM(C54:N54) -> 0
B55: =+Codigo!D46 -> Manutenção / Lavagem / Troca de óleo | C55: =SUMIF(Jan!$D$6:$D$75,"t6",(Jan!$G$6:$G$75)) -> 0 | D55: =SUMIF(Fev!$D$6:$D$75,"t6",(Fev!$G$6:$G$75)) -> 0 | E55: =SUMIF(Mar!$D$6:$D$75,"T6",(Mar!$G$6:$G$75)) -> 0 | F55: =SUMIF(Abr!$D$6:$D$75,"T6",(Abr!G$6:$G$75)) -> 0 | G55: =SUMIF(Mai!$D$6:$D$75,"t6",(Mai!$G$6:$G$75)) -> 0 | H55: =SUMIF(Jun!$D$6:$D$75,"T6",(Jun!$G$6:$G$75)) -> 0 | I55: =SUMIF(Jul!$D$6:$D$75,"T6",(Jul!$G$6:$G$75)) -> 0 | J55: =SUMIF(Ago!$D$6:$D$75,"T6",(Ago!$G$6:$G$75)) -> 0 | K55: =SUMIF(Set!$D$6:$D$75,"T6",(Set!$G$6:$G$75)) -> 0 | L55: =SUMIF(Out!$D$6:$D$75,"T6",(Out!$G$6:$G$75)) -> 0 | M55: =SUMIF(Nov!$D$6:$D$75,"T6",(Nov!$G$6:$G$75)) -> 0 | N55: =SUMIF(Dez!$D$6:$D$75,"T6",(Dez!$G$6:$G$75)) -> 0 | O55: =SUM(C55:N55) -> 0
B56: =+Codigo!D47 -> Licenciamento | C56: =SUMIF(Jan!$D$6:$D$75,"t7",(Jan!$G$6:$G$75)) -> 0 | D56: =SUMIF(Fev!$D$6:$D$75,"t7",(Fev!$G$6:$G$75)) -> 0 | E56: =SUMIF(Mar!$D$6:$D$75,"T7",(Mar!$G$6:$G$75)) -> 0 | F56: =SUMIF(Abr!$D$6:$D$75,"T7",(Abr!G$6:$G$75)) -> 0 | G56: =SUMIF(Mai!$D$6:$D$75,"t7",(Mai!$G$6:$G$75)) -> 0 | H56: =SUMIF(Jun!$D$6:$D$75,"T7",(Jun!$G$6:$G$75)) -> 0 | I56: =SUMIF(Jul!$D$6:$D$75,"T7",(Jul!$G$6:$G$75)) -> 0 | J56: =SUMIF(Ago!$D$6:$D$75,"T7",(Ago!$G$6:$G$75)) -> 0 | K56: =SUMIF(Set!$D$6:$D$75,"T7",(Set!$G$6:$G$75)) -> 0 | L56: =SUMIF(Out!$D$6:$D$75,"T7",(Out!$G$6:$G$75)) -> 0 | M56: =SUMIF(Nov!$D$6:$D$75,"T7",(Nov!$G$6:$G$75)) -> 0 | N56: =SUMIF(Dez!$D$6:$D$75,"T7",(Dez!$G$6:$G$75)) -> 0 | O56: =SUM(C56:N56) -> 0
B57: =+Codigo!D48 -> Pedágio | C57: =SUMIF(Jan!$D$6:$D$75,"t8",(Jan!$G$6:$G$75)) -> 0 | D57: =SUMIF(Fev!$D$6:$D$75,"t8",(Fev!$G$6:$G$75)) -> 0 | E57: =SUMIF(Mar!$D$6:$D$75,"T8",(Mar!$G$6:$G$75)) -> 0 | F57: =SUMIF(Abr!$D$6:$D$75,"T8",(Abr!G$6:$G$75)) -> 0 | G57: =SUMIF(Mai!$D$6:$D$75,"t8",(Mai!$G$6:$G$75)) -> 0 | H57: =SUMIF(Jun!$D$6:$D$75,"T8",(Jun!$G$6:$G$75)) -> 0 | I57: =SUMIF(Jul!$D$6:$D$75,"T8",(Jul!$G$6:$G$75)) -> 0 | J57: =SUMIF(Ago!$D$6:$D$75,"T8",(Ago!$G$6:$G$75)) -> 0 | K57: =SUMIF(Set!$D$6:$D$75,"T8",(Set!$G$6:$G$75)) -> 0 | L57: =SUMIF(Out!$D$6:$D$75,"T8",(Out!$G$6:$G$75)) -> 0 | M57: =SUMIF(Nov!$D$6:$D$75,"T8",(Nov!$G$6:$G$75)) -> 0 | N57: =SUMIF(Dez!$D$6:$D$75,"T8",(Dez!$G$6:$G$75)) -> 0 | O57: =SUM(C57:N57) -> 0
B58: =+Codigo!D49 -> IPVA | C58: =SUMIF(Jan!$D$6:$D$75,"t9",(Jan!$G$6:$G$75)) -> 0 | D58: =SUMIF(Fev!$D$6:$D$75,"t9",(Fev!$G$6:$G$75)) -> 0 | E58: =SUMIF(Mar!$D$6:$D$75,"T9",(Mar!$G$6:$G$75)) -> 0 | F58: =SUMIF(Abr!$D$6:$D$75,"T9",(Abr!G$6:$G$75)) -> 0 | G58: =SUMIF(Mai!$D$6:$D$75,"t9",(Mai!$G$6:$G$75)) -> 0 | H58: =SUMIF(Jun!$D$6:$D$75,"T9",(Jun!$G$6:$G$75)) -> 0 | I58: =SUMIF(Jul!$D$6:$D$75,"T9",(Jul!$G$6:$G$75)) -> 0 | J58: =SUMIF(Ago!$D$6:$D$75,"T9",(Ago!$G$6:$G$75)) -> 0 | K58: =SUMIF(Set!$D$6:$D$75,"T9",(Set!$G$6:$G$75)) -> 0 | L58: =SUMIF(Out!$D$6:$D$75,"T9",(Out!$G$6:$G$75)) -> 0 | M58: =SUMIF(Nov!$D$6:$D$75,"T9",(Nov!$G$6:$G$75)) -> 0 | N58: =SUMIF(Dez!$D$6:$D$75,"T9",(Dez!$G$6:$G$75)) -> 0 | O58: =SUM(C58:N58) -> 0
B59: =+Codigo!C50 -> Pessoais | C59: =SUM(C60:C63) -> 0 | D59: =SUM(D60:D63) -> 0 | E59: =SUM(E60:E63) -> 0 | F59: =SUM(F60:F63) -> 0 | G59: =SUM(G60:G63) -> 0 | H59: =SUM(H60:H63) -> 0 | I59: =SUM(I60:I63) -> 0 | J59: =SUM(J60:J63) -> 0 | ... O59: =SUM(O60:O63) -> 15
B60: =+Codigo!D50 -> Vestuário / Calçados / Acessórios | C60: =SUMIF(Jan!$D$6:$D$75,"p1",(Jan!$G$6:$G$75)) -> 0 | D60: =SUMIF(Fev!$D$6:$D$75,"p1",(Fev!$G$6:$G$75)) -> 0 | E60: =SUMIF(Mar!$D$6:$D$75,"P1",(Mar!$G$6:$G$75)) -> 0 | F60: =SUMIF(Abr!$D$6:$D$75,"P1",(Abr!G$6:$G$75)) -> 0 | G60: =SUMIF(Mai!$D$6:$D$75,"P1",(Mai!$G$6:$G$75)) -> 0 | H60: =SUMIF(Jun!$D$6:$D$75,"P1",(Jun!$G$6:$G$75)) -> 0 | I60: =SUMIF(Jul!$D$6:$D$75,"P1",(Jul!$G$6:$G$75)) -> 0 | J60: =SUMIF(Ago!$D$6:$D$75,"P1",(Ago!$G$6:$G$75)) -> 0 | K60: =SUMIF(Set!$D$6:$D$75,"P1",(Set!$G$6:$G$75)) -> 0 | L60: =SUMIF(Out!$D$6:$D$75,"P1",(Out!$G$6:$G$75)) -> 0 | M60: =SUMIF(Nov!$D$6:$D$75,"P1",(Nov!$G$6:$G$75)) -> 0 | N60: =SUMIF(Dez!$D$6:$D$75,"P1",(Dez!$G$6:$G$75)) -> 15 | O60: =SUM(C60:N60) -> 15
B61: =+Codigo!D51 -> Cabeleireiro / Manicure / Higiene pessoal | C61: =SUMIF(Jan!$D$6:$D$75,"p2",(Jan!$G$6:$G$75)) -> 0 | D61: =SUMIF(Fev!$D$6:$D$75,"p2",(Fev!$G$6:$G$75)) -> 0 | E61: =SUMIF(Mar!$D$6:$D$75,"P2",(Mar!$G$6:$G$75)) -> 0 | F61: =SUMIF(Abr!$D$6:$D$75,"P2",(Abr!G$6:$G$75)) -> 0 | G61: =SUMIF(Mai!$D$6:$D$75,"P2",(Mai!$G$6:$G$75)) -> 0 | H61: =SUMIF(Jun!$D$6:$D$75,"P2",(Jun!$G$6:$G$75)) -> 0 | I61: =SUMIF(Jul!$D$6:$D$75,"P2",(Jul!$G$6:$G$75)) -> 0 | J61: =SUMIF(Ago!$D$6:$D$75,"P2",(Ago!$G$6:$G$75)) -> 0 | K61: =SUMIF(Set!$D$6:$D$75,"P2",(Set!$G$6:$G$75)) -> 0 | L61: =SUMIF(Out!$D$6:$D$75,"P2",(Out!$G$6:$G$75)) -> 0 | M61: =SUMIF(Nov!$D$6:$D$75,"P2",(Nov!$G$6:$G$75)) -> 0 | N61: =SUMIF(Dez!$D$6:$D$75,"P2",(Dez!$G$6:$G$75)) -> 0 | O61: =SUM(C61:N61) -> 0
B62: =+Codigo!D52 -> Presentes | C62: =SUMIF(Jan!$D$6:$D$75,"p3",(Jan!$G$6:$G$75)) -> 0 | D62: =SUMIF(Fev!$D$6:$D$75,"p3",(Fev!$G$6:$G$75)) -> 0 | E62: =SUMIF(Mar!$D$6:$D$75,"P3",(Mar!$G$6:$G$75)) -> 0 | F62: =SUMIF(Abr!$D$6:$D$75,"P3",(Abr!G$6:$G$75)) -> 0 | G62: =SUMIF(Mai!$D$6:$D$75,"P3",(Mai!$G$6:$G$75)) -> 0 | H62: =SUMIF(Jun!$D$6:$D$75,"P3",(Jun!$G$6:$G$75)) -> 0 | I62: =SUMIF(Jul!$D$6:$D$75,"P3",(Jul!$G$6:$G$75)) -> 0 | J62: =SUMIF(Ago!$D$6:$D$75,"P3",(Ago!$G$6:$G$75)) -> 0 | K62: =SUMIF(Set!$D$6:$D$75,"P3",(Set!$G$6:$G$75)) -> 0 | L62: =SUMIF(Out!$D$6:$D$75,"P3",(Out!$G$6:$G$75)) -> 0 | M62: =SUMIF(Nov!$D$6:$D$75,"P3",(Nov!$G$6:$G$75)) -> 0 | N62: =SUMIF(Dez!$D$6:$D$75,"P3",(Dez!$G$6:$G$75)) -> 0 | O62: =SUM(C62:N62) -> 0
B63: =+Codigo!D53 -> Outros | C63: =SUMIF(Jan!$D$6:$D$75,"p4",(Jan!$G$6:$G$75)) -> 0 | D63: =SUMIF(Fev!$D$6:$D$75,"p4",(Fev!$G$6:$G$75)) -> 0 | E63: =SUMIF(Mar!$D$6:$D$75,"P4",(Mar!$G$6:$G$75)) -> 0 | F63: =SUMIF(Abr!$D$6:$D$75,"P4",(Abr!G$6:$G$75)) -> 0 | G63: =SUMIF(Mai!$D$6:$D$75,"P4",(Mai!$G$6:$G$75)) -> 0 | H63: =SUMIF(Jun!$D$6:$D$75,"P4",(Jun!$G$6:$G$75)) -> 0 | I63: =SUMIF(Jul!$D$6:$D$75,"P4",(Jul!$G$6:$G$75)) -> 0 | J63: =SUMIF(Ago!$D$6:$D$75,"P4",(Ago!$G$6:$G$75)) -> 0 | K63: =SUMIF(Set!$D$6:$D$75,"P4",(Set!$G$6:$G$75)) -> 0 | L63: =SUMIF(Out!$D$6:$D$75,"P4",(Out!$G$6:$G$75)) -> 0 | M63: =SUMIF(Nov!$D$6:$D$75,"P4",(Nov!$G$6:$G$75)) -> 0 | N63: =SUMIF(Dez!$D$6:$D$75,"P4",(Dez!$G$6:$G$75)) -> 0 | O63: =SUM(C63:N63) -> 0
B64: =+Codigo!C54 -> Lazer | C64: =SUM(C65:C69) -> 0 | D64: =SUM(D65:D69) -> 0 | E64: =SUM(E65:E69) -> 0 | F64: =SUM(F65:F69) -> 0 | G64: =SUM(G65:G69) -> 0 | H64: =SUM(H65:H69) -> 0 | I64: =SUM(I65:I69) -> 0 | J64: =SUM(J65:J69) -> 0 | ... O64: =SUM(O65:O69) -> 0
B65: =+Codigo!D54 -> Cinema / Teatro / Shows | C65: =SUMIF(Jan!$D$6:$D$75,"l1",(Jan!$G$6:$G$75)) -> 0 | D65: =SUMIF(Fev!$D$6:$D$75,"l1",(Fev!$G$6:$G$75)) -> 0 | E65: =SUMIF(Mar!$D$6:$D$75,"L1",(Mar!$G$6:$G$75)) -> 0 | F65: =SUMIF(Abr!$D$6:$D$75,"L1",(Abr!G$6:$G$75)) -> 0 | G65: =SUMIF(Mai!$D$6:$D$75,"L1",(Mai!$G$6:$G$75)) -> 0 | H65: =SUMIF(Jun!$D$6:$D$75,"L1",(Jun!$G$6:$G$75)) -> 0 | I65: =SUMIF(Jul!$D$6:$D$75,"L1",(Jul!$G$6:$G$75)) -> 0 | J65: =SUMIF(Ago!$D$6:$D$75,"L1",(Ago!$G$6:$G$75)) -> 0 | K65: =SUMIF(Set!$D$6:$D$75,"L1",(Set!$G$6:$G$75)) -> 0 | L65: =SUMIF(Out!$D$6:$D$75,"L1",(Out!$G$6:$G$75)) -> 0 | M65: =SUMIF(Nov!$D$6:$D$75,"L1",(Nov!$G$6:$G$75)) -> 0 | N65: =SUMIF(Dez!$D$6:$D$75,"L1",(Dez!$G$6:$G$75)) -> 0 | O65: =SUM(C65:N65) -> 0
B66: =+Codigo!D55 -> Livros / Revistas / Cd´s | C66: =SUMIF(Jan!$D$6:$D$75,"l2",(Jan!$G$6:$G$75)) -> 0 | D66: =SUMIF(Fev!$D$6:$D$75,"l2",(Fev!$G$6:$G$75)) -> 0 | E66: =SUMIF(Mar!$D$6:$D$75,"L2",(Mar!$G$6:$G$75)) -> 0 | F66: =SUMIF(Abr!$D$6:$D$75,"L2",(Abr!G$6:$G$75)) -> 0 | G66: =SUMIF(Mai!$D$6:$D$75,"L2",(Mai!$G$6:$G$75)) -> 0 | H66: =SUMIF(Jun!$D$6:$D$75,"L2",(Jun!$G$6:$G$75)) -> 0 | I66: =SUMIF(Jul!$D$6:$D$75,"L2",(Jul!$G$6:$G$75)) -> 0 | J66: =SUMIF(Ago!$D$6:$D$75,"L2",(Ago!$G$6:$G$75)) -> 0 | K66: =SUMIF(Set!$D$6:$D$75,"L2",(Set!$G$6:$G$75)) -> 0 | L66: =SUMIF(Out!$D$6:$D$75,"L2",(Out!$G$6:$G$75)) -> 0 | M66: =SUMIF(Nov!$D$6:$D$75,"L2",(Nov!$G$6:$G$75)) -> 0 | N66: =SUMIF(Dez!$D$6:$D$75,"L2",(Dez!$G$6:$G$75)) -> 0 | O66: =SUM(C66:N66) -> 0
B67: =+Codigo!D56 -> Clube / Parques / Casa Noturna | C67: =SUMIF(Jan!$D$6:$D$75,"l3",(Jan!$G$6:$G$75)) -> 0 | D67: =SUMIF(Fev!$D$6:$D$75,"l3",(Fev!$G$6:$G$75)) -> 0 | E67: =SUMIF(Mar!$D$6:$D$75,"L3",(Mar!$G$6:$G$75)) -> 0 | F67: =SUMIF(Abr!$D$6:$D$75,"L3",(Abr!G$6:$G$75)) -> 0 | G67: =SUMIF(Mai!$D$6:$D$75,"L3",(Mai!$G$6:$G$75)) -> 0 | H67: =SUMIF(Jun!$D$6:$D$75,"L3",(Jun!$G$6:$G$75)) -> 0 | I67: =SUMIF(Jul!$D$6:$D$75,"L3",(Jul!$G$6:$G$75)) -> 0 | J67: =SUMIF(Ago!$D$6:$D$75,"L3",(Ago!$G$6:$G$75)) -> 0 | K67: =SUMIF(Set!$D$6:$D$75,"L3",(Set!$G$6:$G$75)) -> 0 | L67: =SUMIF(Out!$D$6:$D$75,"L3",(Out!$G$6:$G$75)) -> 0 | M67: =SUMIF(Nov!$D$6:$D$75,"L3",(Nov!$G$6:$G$75)) -> 0 | N67: =SUMIF(Dez!$D$6:$D$75,"L3",(Dez!$G$6:$G$75)) -> 0 | O67: =SUM(C67:N67) -> 0
B68: =+Codigo!D57 -> Viagens | C68: =SUMIF(Jan!$D$6:$D$75,"l4",(Jan!$G$6:$G$75)) -> 0 | D68: =SUMIF(Fev!$D$6:$D$75,"l4",(Fev!$G$6:$G$75)) -> 0 | E68: =SUMIF(Mar!$D$6:$D$75,"L4",(Mar!$G$6:$G$75)) -> 0 | F68: =SUMIF(Abr!$D$6:$D$75,"L4",(Abr!G$6:$G$75)) -> 0 | G68: =SUMIF(Mai!$D$6:$D$75,"L4",(Mai!$G$6:$G$75)) -> 0 | H68: =SUMIF(Jun!$D$6:$D$75,"L4",(Jun!$G$6:$G$75)) -> 0 | I68: =SUMIF(Jul!$D$6:$D$75,"L4",(Jul!$G$6:$G$75)) -> 0 | J68: =SUMIF(Ago!$D$6:$D$75,"L4",(Ago!$G$6:$G$75)) -> 0 | K68: =SUMIF(Set!$D$6:$D$75,"L4",(Set!$G$6:$G$75)) -> 0 | L68: =SUMIF(Out!$D$6:$D$75,"L4",(Out!$G$6:$G$75)) -> 0 | M68: =SUMIF(Nov!$D$6:$D$75,"L4",(Nov!$G$6:$G$75)) -> 0 | N68: =SUMIF(Dez!$D$6:$D$75,"L4",(Dez!$G$6:$G$75)) -> 0 | O68: =SUM(C68:N68) -> 0
B69: =+Codigo!D58 -> Restaurantes / Bares / Festas | C69: =SUMIF(Jan!$D$6:$D$75,"l5",(Jan!$G$6:$G$75)) -> 0 | D69: =SUMIF(Fev!$D$6:$D$75,"l5",(Fev!$G$6:$G$75)) -> 0 | E69: =SUMIF(Mar!$D$6:$D$75,"L5",(Mar!$G$6:$G$75)) -> 0 | F69: =SUMIF(Abr!$D$6:$D$75,"L5",(Abr!G$6:$G$75)) -> 0 | G69: =SUMIF(Mai!$D$6:$D$75,"L5",(Mai!$G$6:$G$75)) -> 0 | H69: =SUMIF(Jun!$D$6:$D$75,"L5",(Jun!$G$6:$G$75)) -> 0 | I69: =SUMIF(Jul!$D$6:$D$75,"L5",(Jul!$G$6:$G$75)) -> 0 | J69: =SUMIF(Ago!$D$6:$D$75,"L5",(Ago!$G$6:$G$75)) -> 0 | K69: =SUMIF(Set!$D$6:$D$75,"L5",(Set!$G$6:$G$75)) -> 0 | L69: =SUMIF(Out!$D$6:$D$75,"L5",(Out!$G$6:$G$75)) -> 0 | M69: =SUMIF(Nov!$D$6:$D$75,"L5",(Nov!$G$6:$G$75)) -> 0 | N69: =SUMIF(Dez!$D$6:$D$75,"L5",(Dez!$G$6:$G$75)) -> 0 | O69: =SUM(C69:N69) -> 0
B70: =+Codigo!C59 -> Serviços Financeiros | C70: =SUM(C71:C77) -> 500 | D70: =SUM(D71:D77) -> 0 | E70: =SUM(E71:E77) -> 0 | F70: =SUM(F71:F77) -> 0 | G70: =SUM(G71:G77) -> 0 | H70: =SUM(H71:H77) -> 0 | I70: =SUM(I71:I77) -> 0 | J70: =SUM(J71:J77) -> 0 | ... O70: =SUM(O71:O77) -> 500
B71: =+Codigo!D59 -> Empréstimos | C71: =SUMIF(Jan!$D$6:$D$75,"f1",(Jan!$G$6:$G$75)) -> 0 | D71: =SUMIF(Fev!$D$6:$D$75,"f1",(Fev!$G$6:$G$75)) -> 0 | E71: =SUMIF(Mar!$D$6:$D$75,"F1",(Mar!$G$6:$G$75)) -> 0 | F71: =SUMIF(Abr!$D$6:$D$75,"F1",(Abr!G$6:$G$75)) -> 0 | G71: =SUMIF(Mai!$D$6:$D$75,"F1",(Mai!$G$6:$G$75)) -> 0 | H71: =SUMIF(Jun!$D$6:$D$75,"F1",(Jun!$G$6:$G$75)) -> 0 | I71: =SUMIF(Jul!$D$6:$D$75,"F1",(Jul!$G$6:$G$75)) -> 0 | J71: =SUMIF(Ago!$D$6:$D$75,"F1",(Ago!$G$6:$G$75)) -> 0 | K71: =SUMIF(Set!$D$6:$D$75,"F1",(Set!$G$6:$G$75)) -> 0 | L71: =SUMIF(Out!$D$6:$D$75,"F1",(Out!$G$6:$G$75)) -> 0 | M71: =SUMIF(Nov!$D$6:$D$75,"F1",(Nov!$G$6:$G$75)) -> 0 | N71: =SUMIF(Dez!$D$6:$D$75,"F1",(Dez!$G$6:$G$75)) -> 0 | O71: =SUM(C71:N71) -> 0
B72: =+Codigo!D60 -> Seguros (vida/residencial) | C72: =SUMIF(Jan!$D$6:$D$75,"f2",(Jan!$G$6:$G$75)) -> 0 | D72: =SUMIF(Fev!$D$6:$D$75,"f2",(Fev!$G$6:$G$75)) -> 0 | E72: =SUMIF(Mar!$D$6:$D$75,"F2",(Mar!$G$6:$G$75)) -> 0 | F72: =SUMIF(Abr!$D$6:$D$75,"F2",(Abr!G$6:$G$75)) -> 0 | G72: =SUMIF(Mai!$D$6:$D$75,"F2",(Mai!$G$6:$G$75)) -> 0 | H72: =SUMIF(Jun!$D$6:$D$75,"F2",(Jun!$G$6:$G$75)) -> 0 | I72: =SUMIF(Jul!$D$6:$D$75,"F2",(Jul!$G$6:$G$75)) -> 0 | J72: =SUMIF(Ago!$D$6:$D$75,"F2",(Ago!$G$6:$G$75)) -> 0 | K72: =SUMIF(Set!$D$6:$D$75,"F2",(Set!$G$6:$G$75)) -> 0 | L72: =SUMIF(Out!$D$6:$D$75,"F2",(Out!$G$6:$G$75)) -> 0 | M72: =SUMIF(Nov!$D$6:$D$75,"F2",(Nov!$G$6:$G$75)) -> 0 | N72: =SUMIF(Dez!$D$6:$D$75,"F2",(Dez!$G$6:$G$75)) -> 0 | O72: =SUM(C72:N72) -> 0
B73: =+Codigo!D61 -> Previdência privada | C73: =SUMIF(Jan!$D$6:$D$75,"f3",(Jan!$G$6:$G$75)) -> 500 | D73: =SUMIF(Fev!$D$6:$D$75,"f3",(Fev!$G$6:$G$75)) -> 0 | E73: =SUMIF(Mar!$D$6:$D$75,"F3",(Mar!$G$6:$G$75)) -> 0 | F73: =SUMIF(Abr!$D$6:$D$75,"F3",(Abr!G$6:$G$75)) -> 0 | G73: =SUMIF(Mai!$D$6:$D$75,"F3",(Mai!$G$6:$G$75)) -> 0 | H73: =SUMIF(Jun!$D$6:$D$75,"F3",(Jun!$G$6:$G$75)) -> 0 | I73: =SUMIF(Jul!$D$6:$D$75,"F3",(Jul!$G$6:$G$75)) -> 0 | J73: =SUMIF(Ago!$D$6:$D$75,"F3",(Ago!$G$6:$G$75)) -> 0 | K73: =SUMIF(Set!$D$6:$D$75,"F3",(Set!$G$6:$G$75)) -> 0 | L73: =SUMIF(Out!$D$6:$D$75,"F3",(Out!$G$6:$G$75)) -> 0 | M73: =SUMIF(Nov!$D$6:$D$75,"F3",(Nov!$G$6:$G$75)) -> 0 | N73: =SUMIF(Dez!$D$6:$D$75,"F3",(Dez!$G$6:$G$75)) -> 0 | O73: =SUM(C73:N73) -> 500
B74: =+Codigo!D62 -> Juros Cheque Especial | C74: =SUMIF(Jan!$D$6:$D$75,"f4",(Jan!$G$6:$G$75)) -> 0 | D74: =SUMIF(Fev!$D$6:$D$75,"f4",(Fev!$G$6:$G$75)) -> 0 | E74: =SUMIF(Mar!$D$6:$D$75,"F4",(Mar!$G$6:$G$75)) -> 0 | F74: =SUMIF(Abr!$D$6:$D$75,"F4",(Abr!G$6:$G$75)) -> 0 | G74: =SUMIF(Mai!$D$6:$D$75,"F4",(Mai!$G$6:$G$75)) -> 0 | H74: =SUMIF(Jun!$D$6:$D$75,"F4",(Jun!$G$6:$G$75)) -> 0 | I74: =SUMIF(Jul!$D$6:$D$75,"F4",(Jul!$G$6:$G$75)) -> 0 | J74: =SUMIF(Ago!$D$6:$D$75,"F4",(Ago!$G$6:$G$75)) -> 0 | K74: =SUMIF(Set!$D$6:$D$75,"F4",(Set!$G$6:$G$75)) -> 0 | L74: =SUMIF(Out!$D$6:$D$75,"F4",(Out!$G$6:$G$75)) -> 0 | M74: =SUMIF(Nov!$D$6:$D$75,"F4",(Nov!$G$6:$G$75)) -> 0 | N74: =SUMIF(Dez!$D$6:$D$75,"F4",(Dez!$G$6:$G$75)) -> 0 | O74: =SUM(C74:N74) -> 0
B75: =+Codigo!D63 -> Tarifas bancárias | C75: =SUMIF(Jan!$D$6:$D$75,"f5",(Jan!$G$6:$G$75)) -> 0 | D75: =SUMIF(Fev!$D$6:$D$75,"f5",(Fev!$G$6:$G$75)) -> 0 | E75: =SUMIF(Mar!$D$6:$D$75,"F5",(Mar!$G$6:$G$75)) -> 0 | F75: =SUMIF(Abr!$D$6:$D$75,"F5",(Abr!G$6:$G$75)) -> 0 | G75: =SUMIF(Mai!$D$6:$D$75,"F5",(Mai!$G$6:$G$75)) -> 0 | H75: =SUMIF(Jun!$D$6:$D$75,"F5",(Jun!$G$6:$G$75)) -> 0 | I75: =SUMIF(Jul!$D$6:$D$75,"F5",(Jul!$G$6:$G$75)) -> 0 | J75: =SUMIF(Ago!$D$6:$D$75,"F5",(Ago!$G$6:$G$75)) -> 0 | K75: =SUMIF(Set!$D$6:$D$75,"F5",(Set!$G$6:$G$75)) -> 0 | L75: =SUMIF(Out!$D$6:$D$75,"F5",(Out!$G$6:$G$75)) -> 0 | M75: =SUMIF(Nov!$D$6:$D$75,"F5",(Nov!$G$6:$G$75)) -> 0 | N75: =SUMIF(Dez!$D$6:$D$75,"F5",(Dez!$G$6:$G$75)) -> 0 | O75: =SUM(C75:N75) -> 0
B76: =+Codigo!D64 -> Financiamento de veículo | C76: =SUMIF(Jan!$D$6:$D$75,"f6",(Jan!$G$6:$G$75)) -> 0 | D76: =SUMIF(Fev!$D$6:$D$75,"f6",(Fev!$G$6:$G$75)) -> 0 | E76: =SUMIF(Mar!$D$6:$D$75,"F6",(Mar!$G$6:$G$75)) -> 0 | F76: =SUMIF(Abr!$D$6:$D$75,"F6",(Abr!G$6:$G$75)) -> 0 | G76: =SUMIF(Mai!$D$6:$D$75,"F6",(Mai!$G$6:$G$75)) -> 0 | H76: =SUMIF(Jun!$D$6:$D$75,"F6",(Jun!$G$6:$G$75)) -> 0 | I76: =SUMIF(Jul!$D$6:$D$75,"F6",(Jul!$G$6:$G$75)) -> 0 | J76: =SUMIF(Ago!$D$6:$D$75,"F6",(Ago!$G$6:$G$75)) -> 0 | K76: =SUMIF(Set!$D$6:$D$75,"F6",(Set!$G$6:$G$75)) -> 0 | L76: =SUMIF(Out!$D$6:$D$75,"F6",(Out!$G$6:$G$75)) -> 0 | M76: =SUMIF(Nov!$D$6:$D$75,"F6",(Nov!$G$6:$G$75)) -> 0 | N76: =SUMIF(Dez!$D$6:$D$75,"F6",(Dez!$G$6:$G$75)) -> 0 | O76: =SUM(C76:N76) -> 0
B77: =+Codigo!D66 -> Imposto de Renda a Pagar | C77: =SUMIF(Jan!$D$6:$D$75,"f8",(Jan!$G$6:$G$75)) -> 0 | D77: =SUMIF(Fev!$D$6:$D$75,"f8",(Fev!$G$6:$G$75)) -> 0 | E77: =SUMIF(Mar!$D$6:$D$75,"F8",(Mar!$G$6:$G$75)) -> 0 | F77: =SUMIF(Abr!$D$6:$D$75,"F8",(Abr!G$6:$G$75)) -> 0 | G77: =SUMIF(Mai!$D$6:$D$75,"F8",(Mai!$G$6:$G$75)) -> 0 | H77: =SUMIF(Jun!$D$6:$D$75,"F8",(Jun!$G$6:$G$75)) -> 0 | I77: =SUMIF(Jul!$D$6:$D$75,"F8",(Jul!$G$6:$G$75)) -> 0 | J77: =SUMIF(Ago!$D$6:$D$75,"F8",(Ago!$G$6:$G$75)) -> 0 | K77: =SUMIF(Set!$D$6:$D$75,"F8",(Set!$G$6:$G$75)) -> 0 | L77: =SUMIF(Out!$D$6:$D$75,"F8",(Out!$G$6:$G$75)) -> 0 | M77: =SUMIF(Nov!$D$6:$D$75,"F8",(Nov!$G$6:$G$75)) -> 0 | N77: =SUMIF(Dez!$D$6:$D$75,"F8",(Dez!$G$6:$G$75)) -> 0 | O77: =SUM(C77:N77) -> 0
B78: Total das despesas | C78: =+C13+C19+C32+C37+C42+C49+C59+C64+C70 -> 1650 | D78: =+D13+D19+D32+D37+D42+D49+D59+D64+D70 -> 0 | E78: =+E13+E19+E32+E37+E42+E49+E59+E64+E70 -> 0 | F78: =+F13+F19+F32+F37+F42+F49+F59+F64+F70 -> 0 | G78: =+G13+G19+G32+G37+G42+G49+G59+G64+G70 -> 0 | H78: =+H13+H19+H32+H37+H42+H49+H59+H64+H70 -> 0 | I78: =+I13+I19+I32+I37+I42+I49+I59+I64+I70 -> 0 | J78: =+J13+J19+J32+J37+J42+J49+J59+J64+J70 -> 0 | ... O78: =+O13+O19+O32+O37+O42+O49+O59+O64+O70 -> 1665
B80: Saldo Mensal Receitas (-) Despesas | C80: =+C10-C78 -> -650 | D80: =+D10-D78 -> 0 | E80: =+E10-E78 -> 0 | F80: =+F10-F78 -> 0 | G80: =+G10-G78 -> 0 | H80: =+H10-H78 -> 0 | I80: =+I10-I78 -> 0 | J80: =+J10-J78 -> 0 | ... O80: =+O10-O78 -> 85
B82: Saldo acumulado no ano | C82: =+C10-C78 -> -650 | D82: =+D80+C82 -> -650 | E82: =+E80+D82 -> -650 | F82: =+F80+E82 -> -650 | G82: =+G80+F82 -> -650 | H82: =+H80+G82 -> -650 | I82: =+I80+H82 -> -650 | J82: =+J80+I82 -> -650 | K82: =+K80+J82 -> -650 | ... N82: =+N80+M82 -> 85
B84: Resumo mensal das receitas e despesas realizadas no ano
B85: Total de Receitas | C85: Janeiro | D85: Fevereiro | E85: Março | F85: Abril | G85: Maio | H85: Junho | I85: Julho | J85: Agosto | K85: Setembro | L85: Outubro | M85: Novembro | N85: Dezembro | O85: Total
B86: =+B3 -> Receita | C86: =+C10 -> 1000 | D86: =+D10 -> 0 | E86: =+E10 -> 0 | F86: =+F10 -> 0 | G86: =+G10 -> 0 | H86: =+H10 -> 0 | I86: =+I10 -> 0 | J86: =+J10 -> 0 | ... N86: =+N10 -> 750 | O86: =SUM(C86:N86) -> 1750
B88: Total de Despesas | C88: =SUM(C89:C97) -> 1650 | D88: =SUM(D89:D97) -> 0 | E88: =SUM(E89:E97) -> 0 | F88: =SUM(F89:F97) -> 0 | G88: =SUM(G89:G97) -> 0 | H88: =SUM(H89:H97) -> 0 | I88: =SUM(I89:I97) -> 0 | J88: =SUM(J89:J97) -> 0 | ... O88: =SUM(O89:O97) -> 1665
B89: =+B13 -> Alimentação | C89: =+C13 -> 1150 | D89: =+D13 -> 0 | E89: =+E13 -> 0 | F89: =+F13 -> 0 | G89: =+G13 -> 0 | H89: =+H13 -> 0 | I89: =+I13 -> 0 | ... N89: =+N13 -> 0 | O89: =SUM(C89:N89) -> 1150
B90: =+B19 -> Moradia | C90: =+C19 -> 0 | D90: =+D19 -> 0 | E90: =+E19 -> 0 | F90: =+F19 -> 0 | G90: =+G19 -> 0 | H90: =+H19 -> 0 | I90: =+I19 -> 0 | ... N90: =+N19 -> 0 | O90: =SUM(C90:N90) -> 0
B91: =+B32 -> Educação | C91: =+C32 -> 0 | D91: =+D32 -> 0 | E91: =+E32 -> 0 | F91: =+F32 -> 0 | G91: =+G32 -> 0 | H91: =+H32 -> 0 | I91: =+I32 -> 0 | ... N91: =+N32 -> 0 | O91: =SUM(C91:N91) -> 0
B92: =+B37 -> Animal de Estimação | C92: =+C37 -> 0 | D92: =+D37 -> 0 | E92: =+E37 -> 0 | F92: =+F37 -> 0 | G92: =+G37 -> 0 | H92: =+H37 -> 0 | I92: =+I37 -> 0 | ... N92: =+N37 -> 0 | O92: =SUM(C92:N92) -> 0
B93: =+B42 -> Saúde | C93: =+C42 -> 0 | D93: =+D42 -> 0 | E93: =+E42 -> 0 | F93: =+F42 -> 0 | G93: =+G42 -> 0 | H93: =+H42 -> 0 | I93: =+I42 -> 0 | ... N93: =+N42 -> 0 | O93: =SUM(C93:N93) -> 0
B94: =+B49 -> Transporte | C94: =+C49 -> 0 | D94: =+D49 -> 0 | E94: =+E49 -> 0 | F94: =+F49 -> 0 | G94: =+G49 -> 0 | H94: =+H49 -> 0 | I94: =+I49 -> 0 | ... N94: =+N49 -> 0 | O94: =SUM(C94:N94) -> 0
B95: =+B59 -> Pessoais | C95: =+C59 -> 0 | D95: =+D59 -> 0 | E95: =+E59 -> 0 | F95: =+F59 -> 0 | G95: =+G59 -> 0 | H95: =+H59 -> 0 | I95: =+I59 -> 0 | ... N95: =+N59 -> 15 | O95: =SUM(C95:N95) -> 15
B96: =+B64 -> Lazer | C96: =+C64 -> 0 | D96: =+D64 -> 0 | E96: =+E64 -> 0 | F96: =+F64 -> 0 | G96: =+G64 -> 0 | H96: =+H64 -> 0 | I96: =+I64 -> 0 | ... N96: =+N64 -> 0 | O96: =SUM(C96:N96) -> 0
B97: =+B70 -> Serviços Financeiros | C97: =+C70 -> 500 | D97: =+D70 -> 0 | E97: =+E70 -> 0 | F97: =+F70 -> 0 | G97: =+G70 -> 0 | H97: =+H70 -> 0 | I97: =+I70 -> 0 | ... N97: =+N70 -> 0 | O97: =SUM(C97:N97) -> 500
B98: Saldo Mensal Receitas (-) Despesas | C98: =+C86-C88 -> -650 | D98: =+D86-D88 -> 0 | E98: =+E86-E88 -> 0 | F98: =+F86-F88 -> 0 | G98: =+G86-G88 -> 0 | H98: =+H86-H88 -> 0 | I98: =+I86-I88 -> 0 | J98: =+J86-J88 -> 0 | ... O98: =+O86-O88 -> 85
B100: Saldo Acumulado no ano | C100: =+C98 -> -650 | D100: =+D98+C100 -> -650 | E100: =+E98+D100 -> -650 | F100: =+F98+E100 -> -650 | G100: =+G98+F100 -> -650 | H100: =+H98+G100 -> -650 | I100: =+I98+H100 -> -650 | J100: =+J98+I100 -> -650 | K100: =+K98+J100 -> -650 | ... N100: =+N98+M100 -> 85
B102: Resumo do fluxo dos meios de pagamentos (entradas e saídas)
B103: Fluxo de caixa | C103: Janeiro | D103: Fevereiro | E103: Março | F103: Abril | G103: Maio | H103: Junho | I103: Julho | J103: Agosto | K103: Setembro | L103: Outubro | M103: Novembro | N103: Dezembro | O103: Total
B104: Receita | C104: =SUMIF(Jan!H6:H75,"DP",(Jan!G6:G75))+SUMIF(Jan!H6:H75,"RD",(Jan!G6:G75)) -> 1000 | D104: =SUMIF(Fev!$H$6:$H$75,"DP",(Fev!$G$6:$G$75))+SUMIF(Fev!$H$6:$H$75,"RD",(Fev!$G$6:$G$75)) -> 0 | E104: =SUMIF(Mar!$H$6:$H$75,"DP",(Mar!$G$6:$G$75))+SUMIF(Mar!$H$6:$H$75,"RD",(Mar!$G$6:$G$75)) -> 0 | F104: =SUMIF(Abr!$H$6:$H$75,"DP",(Abr!$G$6:$G$75))+SUMIF(Abr!$H$6:$H$75,"RD",(Abr!$G$6:$G$75)) -> 0 | G104: =SUMIF(Mai!$H$6:$H$75,"DP",(Mai!$G$6:$G$75))+SUMIF(Mai!$H$6:$H$75,"RD",(Mai!$G$6:$G$75)) -> 0 | H104: =SUMIF(Jun!$H$6:$H$75,"DP",(Jun!$G$6:$G$75))+SUMIF(Jun!$H$6:$H$75,"RD",(Jun!$G$6:$G$75)) -> 0 | I104: =SUMIF(Jul!$H$6:$H$75,"DP",(Jul!$G$6:$G$75))+SUMIF(Jul!$H$6:$H$75,"RD",(Jul!$G$6:$G$75)) -> 0 | J104: =SUMIF(Ago!$H$6:$H$75,"DP",(Ago!$G$6:$G$75))+SUMIF(Ago!$H$6:$H$75,"RD",(Ago!$G$6:$G$75)) -> 0 | K104: =SUMIF(Set!$H$6:$H$75,"DP",(Set!$G$6:$G$75))+SUMIF(Set!$H$6:$H$75,"RD",(Set!$G$6:$G$75)) -> 0 | L104: =SUMIF(Out!$H$6:$H$75,"DP",(Out!$G$6:$G$75))+SUMIF(Out!$H$6:$H$75,"RD",(Out!$G$6:$G$75)) -> 0 | M104: =SUMIF(Nov!$H$6:$H$75,"DP",(Nov!$G$6:$G$75))+SUMIF(Nov!$H$6:$H$75,"RD",(Nov!$G$6:$G$75)) -> 0 | N104: =SUMIF(Dez!$H$6:$H$75,"DP",(Dez!$G$6:$G$75))+SUMIF(Dez!$H$6:$H$75,"RD",(Dez!$G$6:$G$75)) -> 750 | O104: =SUM(C104:N104) -> 1750
B105: Saldo Anterior (conta corrente + dinheiro) | C105: =+Jan!$J$5+Jan!$K$5 -> -92.8 | D105: =+Fev!$J$5+Fev!$K$5 -> 0 | E105: =+Mar!$J$5+Mar!$K$5 -> 0 | F105: =+Abr!$J$5+Abr!$K$5 -> 0 | G105: =+Mai!$J$5+Mai!$K$5 -> 0 | H105: =+Jun!$J$5+Jun!$K$5 -> 0 | I105: =+Jul!$J$5+Jul!$K$5 -> 0 | J105: =+Ago!$J$5+Ago!$K$5 -> 0 | K105: =+Set!$J$5+Set!$K$5 -> 0 | L105: =+Out!$J$5+Out!$K$5 -> 0 | M105: =+Nov!$J$5+Nov!$K$5 -> 0 | N105: =+Dez!$J$5+Dez!$K$5 -> -165 | O105: =SUM(C105:N105) -> -257.8
B106: Pagamentos no cartão de débito | C106: =SUMIF(Jan!$H$6:$H$100,"DB",(Jan!$G$6:$G$100))+SUMIF(Jan!$H$6:$H$100,"TR",(Jan!$G$6:$G$100))+SUMIF(Jan!$H$6:$H$100,"SQ",(Jan!$G$6:$G$100)) -> 1000 | D106: =SUMIF(Fev!$H$6:$H$100,"DB",(Fev!$G$6:$G$100))+SUMIF(Fev!$H$6:$H$100,"TR",(Fev!$G$6:$G$100))+SUMIF(Fev!$H$6:$H$100,"SQ",(Fev!$G$6:$G$100)) -> 0 | E106: =SUMIF(Mar!$H$6:$H$100,"DB",(Mar!$G$6:$G$100))+SUMIF(Mar!$H$6:$H$100,"TR",(Mar!$G$6:$G$100))+SUMIF(Mar!$H$6:$H$100,"SQ",(Mar!$G$6:$G$100)) -> 0 | F106: =SUMIF(Abr!$H$6:$H$100,"DB",(Abr!$G$6:$G$100))+SUMIF(Abr!$H$6:$H$100,"TR",(Abr!$G$6:$G$100))+SUMIF(Abr!$H$6:$H$100,"SQ",(Abr!$G$6:$G$100)) -> 0 | G106: =SUMIF(Mai!$H$6:$H$100,"DB",(Mai!$G$6:$G$100))+SUMIF(Mai!$H$6:$H$100,"TR",(Mai!$G$6:$G$100))+SUMIF(Mai!$H$6:$H$100,"SQ",(Mai!$G$6:$G$100)) -> 0 | H106: =SUMIF(Jun!$H$6:$H$100,"DB",(Jun!$G$6:$G$100))+SUMIF(Jun!$H$6:$H$100,"TR",(Jun!$G$6:$G$100))+SUMIF(Jun!$H$6:$H$100,"SQ",(Jun!$G$6:$G$100)) -> 0 | I106: =SUMIF(Jul!$H$6:$H$100,"DB",(Jul!$G$6:$G$100))+SUMIF(Jul!$H$6:$H$100,"TR",(Jul!$G$6:$G$100))+SUMIF(Jul!$H$6:$H$100,"SQ",(Jul!$G$6:$G$100)) -> 0 | J106: =SUMIF(Ago!$H$6:$H$100,"DB",(Ago!$G$6:$G$100))+SUMIF(Ago!$H$6:$H$100,"TR",(Ago!$G$6:$G$100))+SUMIF(Ago!$H$6:$H$100,"SQ",(Ago!$G$6:$G$100)) -> 0 | K106: =SUMIF(Set!$H$6:$H$100,"DB",(Set!$G$6:$G$100))+SUMIF(Set!$H$6:$H$100,"TR",(Set!$G$6:$G$100))+SUMIF(Set!$H$6:$H$100,"SQ",(Set!$G$6:$G$100)) -> 0 | L106: =SUMIF(Out!$H$6:$H$100,"DB",(Out!$G$6:$G$100))+SUMIF(Out!$H$6:$H$100,"TR",(Out!$G$6:$G$100))+SUMIF(Out!$H$6:$H$100,"SQ",(Out!$G$6:$G$100)) -> 0 | M106: =SUMIF(Nov!$H$6:$H$100,"DB",(Nov!$G$6:$G$100))+SUMIF(Nov!$H$6:$H$100,"TR",(Nov!$G$6:$G$100))+SUMIF(Nov!$H$6:$H$100,"SQ",(Nov!$G$6:$G$100)) -> 0 | N106: =SUMIF(Dez!$H$6:$H$100,"DB",(Dez!$G$6:$G$100))+SUMIF(Dez!$H$6:$H$100,"TR",(Dez!$G$6:$G$100))+SUMIF(Dez!$H$6:$H$100,"SQ",(Dez!$G$6:$G$100)) -> 15 | O106: =SUM(C106:N106) -> 1015
B107: Pagamentos em dinheiro | C107: =SUMIF(Jan!$H$6:$H$75,"DI",(Jan!$G$6:$G$75)) -> 0 | D107: =SUMIF(Fev!$H$6:$H$75,"DI",(Fev!$G$6:$G$75)) -> 0 | E107: =SUMIF(Mar!$H$6:$H$75,"DI",(Mar!$G$6:$G$75)) -> 0 | F107: =SUMIF(Abr!$H$6:$H$75,"DI",(Abr!$G$6:$G$75)) -> 0 | G107: =SUMIF(Mai!$H$6:$H$75,"DI",(Mai!$G$6:$G$75)) -> 0 | H107: =SUMIF(Jun!$H$6:$H$75,"DI",(Jun!$G$6:$G$75)) -> 0 | I107: =SUMIF(Jul!$H$6:$H$75,"DI",(Jul!$G$6:$G$75)) -> 0 | J107: =SUMIF(Ago!$H$6:$H$75,"DI",(Ago!$G$6:$G$75)) -> 0 | K107: =SUMIF(Set!$H$6:$H$75,"DI",(Set!$G$6:$G$75)) -> 0 | L107: =SUMIF(Out!$H$6:$H$75,"DI",(Out!$G$6:$G$75)) -> 0 | M107: =SUMIF(Nov!$H$6:$H$75,"DI",(Nov!$G$6:$G$75)) -> 0 | N107: =SUMIF(Dez!$H$6:$H$75,"DI",(Dez!$G$6:$G$75)) -> 0 | O107: =SUM(C107:N107) -> 0
...

Sheet Previsão
C1: Orçamento Doméstico
B2: Composição mensal das receita e despesas previstas para o ano | I2: =+Instruções!I19 -> 2026
B3: =+Codigo!C4 -> Receita | C3: Janeiro | D3: Fevereiro | E3: Março | F3: Abril | G3: Maio | H3: Junho | I3: Julho | J3: Agosto | K3: Setembro | L3: Outubro | M3: Novembro | N3: Dezembro | O3: Total
B4: =+Codigo!D4 -> Salário / Adiantamento | C4: 10 | O4: =SUM(C4:N4) -> 10
B5: =+Codigo!D5 -> Férias | C5: 100 | O5: =SUM(C5:N5) -> 100
B6: =+Codigo!D6 -> 13º salário | C6: 100 | O6: =SUM(C6:N6) -> 100
B7: =+Codigo!D7 -> Aposentadoria | C7: 100 | O7: =SUM(C7:N7) -> 100
B8: =+Codigo!D8 -> Receita extra (aluguel, restituição IR) | C8: 100 | O8: =SUM(C8:N8) -> 100
B9: =+Codigo!D9 -> Outras Receitas | C9: 150 | O9: =SUM(C9:N9) -> 150
B10: Total da Receita Líquida | C10: =SUM(C4:C9) -> 560 | D10: =SUM(D4:D9) -> 0 | E10: =SUM(E4:E9) -> 0 | F10: =SUM(F4:F9) -> 0 | G10: =SUM(G4:G9) -> 0 | H10: =SUM(H4:H9) -> 0 | I10: =SUM(I4:I9) -> 0 | J10: =SUM(J4:J9) -> 0 | ... O10: =SUM(O4:O9) -> 560
B12: 2 - Detalhamento de despesas | C12: Janeiro | D12: Fevereiro | E12: Março | F12: Abril | G12: Maio | H12: Junho | I12: Julho | J12: Agosto | K12: Setembro | L12: Outubro | M12: Novembro | N12: Dezembro | O12: Total
B13: =+Codigo!C10 -> Alimentação | C13: =SUM(C14:C18) -> 50 | D13: =SUM(D14:D18) -> 0 | E13: =SUM(E14:E18) -> 0 | F13: =SUM(F14:F18) -> 0 | G13: =SUM(G14:G18) -> 0 | H13: =SUM(H14:H18) -> 0 | I13: =SUM(I14:I18) -> 0 | J13: =SUM(J14:J18) -> 0 | ... O13: =SUM(O14:O18) -> 50
B14: =+Codigo!D10 -> Supermercado | C14: 10 | O14: =SUM(C14:N14) -> 10
B15: =+Codigo!D11 -> Feira / Sacolão | C15: 10 | O15: =SUM(C15:N15) -> 10
B16: =+Codigo!D12 -> Padaria | C16: 10 | O16: =SUM(C16:N16) -> 10
B17: =+Codigo!D13 -> Refeição fora de casa | C17: 10 | O17: =SUM(C17:N17) -> 10
B18: =+Codigo!D14 -> Outros (café, água, sorvetes, etc) | C18: 10 | O18: =SUM(C18:N18) -> 10
B19: =+Codigo!C15 -> Moradia | C19: =SUM(C20:C31) -> 120 | D19: =SUM(D20:D31) -> 0 | E19: =SUM(E20:E31) -> 0 | F19: =SUM(F20:F31) -> 0 | G19: =SUM(G20:G31) -> 0 | H19: =SUM(H20:H31) -> 0 | I19: =SUM(I20:I31) -> 0 | J19: =SUM(J20:J31) -> 0 | ... O19: =SUM(O20:O31) -> 120
B20: =+Codigo!D15 -> Prestação /Aluguel de imóvel | C20: 10 | O20: =SUM(C20:N20) -> 10
B21: =+Codigo!D16 -> Condomínio | C21: 10 | O21: =SUM(C21:N21) -> 10
B22: =+Codigo!D17 -> Consumo de água | C22: 10 | O22: =SUM(C22:N22) -> 10
B23: =+Codigo!D18 -> Serviço de limpeza( diarista ou mensalista) | C23: 10 | O23: =SUM(C23:N23) -> 10
B24: =+Codigo!D19 -> Energia Elétrica | C24: 10 | O24: =SUM(C24:N24) -> 10
B25: =+Codigo!D20 -> Gás | C25: 10 | O25: =SUM(C25:N25) -> 10
B26: =+Codigo!D21 -> IPTU | C26: 10 | O26: =SUM(C26:N26) -> 10
B27: =+Codigo!D22 -> Decoração da casa | C27: 10 | O27: =SUM(C27:N27) -> 10
B28: =+Codigo!D23 -> Manutenção / Reforma da casa | C28: 10 | O28: =SUM(C28:N28) -> 10
B29: =+Codigo!D24 -> Celular | C29: 10 | O29: =SUM(C29:N29) -> 10
B30: =+Codigo!D25 -> Telefone fixo | C30: 10 | O30: =SUM(C30:N30) -> 10
B31: =+Codigo!D26 -> Internet / TV a cabo | C31: 10 | O31: =SUM(C31:N31) -> 10
B32: =+Codigo!C27 -> Educação | C32: =SUM(C33:C36) -> 40 | D32: =SUM(D33:D36) -> 0 | E32: =SUM(E33:E36) -> 0 | F32: =SUM(F33:F36) -> 0 | G32: =SUM(G33:G36) -> 0 | H32: =SUM(H33:H36) -> 0 | I32: =SUM(I33:I36) -> 0 | J32: =SUM(J33:J36) -> 0 | ... O32: =SUM(O33:O36) -> 40
B33: =+Codigo!D27 -> Matricula Escolar/ Mensalidade | C33: 10 | O33: =SUM(C33:N33) -> 10
B34: =+Codigo!D28 -> Material Escolar | C34: 10 | O34: =SUM(C34:N34) -> 10
B35: =+Codigo!D29 -> Outros cursos | C35: 10 | O35: =SUM(C35:N35) -> 10
B36: =+Codigo!D30 -> Transporte escolar | C36: 10 | O36: =SUM(C36:N36) -> 10
B37: =+Codigo!C31 -> Animal de Estimação | C37: =SUM(C38:C41) -> 40 | D37: =SUM(D38:D41) -> 0 | E37: =SUM(E38:E41) -> 0 | F37: =SUM(F38:F41) -> 0 | G37: =SUM(G38:G41) -> 0 | H37: =SUM(H38:H41) -> 0 | I37: =SUM(I38:I41) -> 0 | J37: =SUM(J38:J41) -> 0 | ... O37: =SUM(O38:O41) -> 40
B38: =+Codigo!D31 -> Ração | C38: 10 | O38: =SUM(C38:N38) -> 10
B39: =+Codigo!D32 -> Banho / Tosa | C39: 10 | O39: =SUM(C39:N39) -> 10
B40: =+Codigo!D33 -> Veterinário / medicamento | C40: 10 | O40: =SUM(C40:N40) -> 10
B41: =+Codigo!D34 -> Outros (acessórios, brinquedos, hotel, dog walker) | C41: 10 | O41: =SUM(C41:N41) -> 10
B42: =+Codigo!C35 -> Saúde | C42: =SUM(C43:C48) -> 60 | D42: =SUM(D43:D48) -> 0 | E42: =SUM(E43:E48) -> 0 | F42: =SUM(F43:F48) -> 0 | G42: =SUM(G43:G48) -> 0 | H42: =SUM(H43:H48) -> 0 | I42: =SUM(I43:I48) -> 0 | J42: =SUM(J43:J48) -> 0 | ... O42: =SUM(O43:O48) -> 60
B43: =+Codigo!D35 -> Plano de saúde | C43: 10 | O43: =SUM(C43:N43) -> 10
B44: =+Codigo!D36 -> Medicamentos | C44: 10 | O44: =SUM(C44:N44) -> 10
B45: =+Codigo!D37 -> Dentista | C45: 10 | O45: =SUM(C45:N45) -> 10
B46: =+Codigo!D38 -> Terapia / Psicólogo / Acupuntura | C46: 10 | O46: =SUM(C46:N46) -> 10
B47: =+Codigo!D39 -> Médicos/Exames fora do plano de saúde | C47: 10 | O47: =SUM(C47:N47) -> 10
B48: =+Codigo!D40 -> Academia / Tratamento Estético | C48: 10 | O48: =SUM(C48:N48) -> 10
B49: =+Codigo!C41 -> Transporte | C49: =SUM(C50:C58) -> 90 | D49: =SUM(D50:D58) -> 0 | E49: =SUM(E50:E58) -> 0 | F49: =SUM(F50:F58) -> 0 | G49: =SUM(G50:G58) -> 0 | H49: =SUM(H50:H58) -> 0 | I49: =SUM(I50:I58) -> 0 | J49: =SUM(J50:J58) -> 0 | ... O49: =SUM(O50:O58) -> 90
B50: =+Codigo!D41 -> Ônibus / Metrô | C50: 10 | O50: =SUM(C50:N50) -> 10
B51: =+Codigo!D42 -> Taxi | C51: 10 | O51: =SUM(C51:N51) -> 10
B52: =+Codigo!D43 -> Combustível | C52: 10 | O52: =SUM(C52:N52) -> 10
B53: =+Codigo!D44 -> Estacionamento | C53: 10 | O53: =SUM(C53:N53) -> 10
B54: =+Codigo!D45 -> Seguro Auto | C54: 10 | O54: =SUM(C54:N54) -> 10
B55: =+Codigo!D46 -> Manutenção / Lavagem / Troca de óleo | C55: 10 | O55: =SUM(C55:N55) -> 10
B56: =+Codigo!D47 -> Licenciamento | C56: 10 | O56: =SUM(C56:N56) -> 10
B57: =+Codigo!D48 -> Pedágio | C57: 10 | O57: =SUM(C57:N57) -> 10
B58: =+Codigo!D49 -> IPVA | C58: 10 | O58: =SUM(C58:N58) -> 10
B59: =+Codigo!C50 -> Pessoais | C59: =SUM(C60:C63) -> 40 | D59: =SUM(D60:D63) -> 0 | E59: =SUM(E60:E63) -> 0 | F59: =SUM(F60:F63) -> 0 | G59: =SUM(G60:G63) -> 0 | H59: =SUM(H60:H63) -> 0 | I59: =SUM(I60:I63) -> 0 | J59: =SUM(J60:J63) -> 0 | ... O59: =SUM(O60:O63) -> 40
B60: =+Codigo!D50 -> Vestuário / Calçados / Acessórios | C60: 10 | O60: =SUM(C60:N60) -> 10
B61: =+Codigo!D51 -> Cabeleireiro / Manicure / Higiene pessoal | C61: 10 | O61: =SUM(C61:N61) -> 10
B62: =+Codigo!D52 -> Presentes | C62: 10 | O62: =SUM(C62:N62) -> 10
B63: =+Codigo!D53 -> Outros | C63: 10 | O63: =SUM(C63:N63) -> 10
B64: =+Codigo!C54 -> Lazer | C64: =SUM(C65:C69) -> 40 | D64: =SUM(D65:D69) -> 0 | E64: =SUM(E65:E69) -> 0 | F64: =SUM(F65:F69) -> 0 | G64: =SUM(G65:G69) -> 0 | H64: =SUM(H65:H69) -> 0 | I64: =SUM(I65:I69) -> 0 | J64: =SUM(J65:J69) -> 0 | ... O64: =SUM(O65:O69) -> 40
B65: =+Codigo!D54 -> Cinema / Teatro / Shows | C65: 10 | O65: =SUM(C65:N65) -> 10
B66: =+Codigo!D55 -> Livros / Revistas / Cd´s | C66: 10 | O66: =SUM(C66:N66) -> 10
B67: =+Codigo!D56 -> Clube / Parques / Casa Noturna | C67: 10 | O67: =SUM(C67:N67) -> 10
B68: =+Codigo!D57 -> Viagens | O68: =SUM(C68:N68) -> 0
B69: =+Codigo!D58 -> Restaurantes / Bares / Festas | C69: 10 | O69: =SUM(C69:N69) -> 10
B70: =+Codigo!C59 -> Serviços Financeiros | C70: =SUM(C71:C77) -> 70 | D70: =SUM(D71:D77) -> 0 | E70: =SUM(E71:E77) -> 0 | F70: =SUM(F71:F77) -> 0 | G70: =SUM(G71:G77) -> 0 | H70: =SUM(H71:H77) -> 0 | I70: =SUM(I71:I77) -> 0 | J70: =SUM(J71:J77) -> 0 | ... O70: =SUM(O71:O77) -> 70
B71: =+Codigo!D59 -> Empréstimos | C71: 10 | O71: =SUM(C71:N71) -> 10
B72: =+Codigo!D60 -> Seguros (vida/residencial) | C72: 10 | O72: =SUM(C72:N72) -> 10
B73: =+Codigo!D61 -> Previdência privada | C73: 10 | O73: =SUM(C73:N73) -> 10
B74: =+Codigo!D62 -> Juros Cheque Especial | C74: 10 | O74: =SUM(C74:N74) -> 10
B75: =+Codigo!D63 -> Tarifas bancárias | C75: 10 | O75: =SUM(C75:N75) -> 10
B76: =+Codigo!D64 -> Financiamento de veículo | C76: 10 | O76: =SUM(C76:N76) -> 10
B77: =+Codigo!D66 -> Imposto de Renda a Pagar | C77: 10 | O77: =SUM(C77:N77) -> 10
B78: Total das despesas | C78: =+C13+C19+C32+C37+C42+C49+C59+C64+C70 -> 550 | D78: =+D13+D19+D32+D37+D42+D49+D59+D64+D70 -> 0 | E78: =+E13+E19+E32+E37+E42+E49+E59+E64+E70 -> 0 | F78: =+F13+F19+F32+F37+F42+F49+F59+F64+F70 -> 0 | G78: =+G13+G19+G32+G37+G42+G49+G59+G64+G70 -> 0 | H78: =+H13+H19+H32+H37+H42+H49+H59+H64+H70 -> 0 | I78: =+I13+I19+I32+I37+I42+I49+I59+I64+I70 -> 0 | J78: =+J13+J19+J32+J37+J42+J49+J59+J64+J70 -> 0 | ... O78: =+O13+O19+O32+O37+O42+O49+O59+O64+O70 -> 550
B80: Saldo Mensal Receitas (-) Despesas | C80: =+C10-C78 -> 10 | D80: =+D10-D78 -> 0 | E80: =+E10-E78 -> 0 | F80: =+F10-F78 -> 0 | G80: =+G10-G78 -> 0 | H80: =+H10-H78 -> 0 | I80: =+I10-I78 -> 0 | J80: =+J10-J78 -> 0 | ... O80: =+O10-O78 -> 10
B82: Saldo acumulado no ano | C82: =+C10-C78 -> 10 | D82: =+D80+C82 -> 10 | E82: =+E80+D82 -> 10 | F82: =+F80+E82 -> 10 | G82: =+G80+F82 -> 10 | H82: =+H80+G82 -> 10 | I82: =+I80+H82 -> 10 | J82: =+J80+I82 -> 10 | K82: =+K80+J82 -> 10 | ... N82: =+N80+M82 -> 10
B84: Resumo mensal das receitas e despesas previstas no ano
B85: Total de Receitas | C85: Janeiro | D85: Fevereiro | E85: Março | F85: Abril | G85: Maio | H85: Junho | I85: Julho | J85: Agosto | K85: Setembro | L85: Outubro | M85: Novembro | N85: Dezembro | O85: Total
B86: =+B3 -> Receita | C86: =+C10 -> 560 | D86: =+D10 -> 0 | E86: =+E10 -> 0 | F86: =+F10 -> 0 | G86: =+G10 -> 0 | H86: =+H10 -> 0 | I86: =+I10 -> 0 | J86: =+J10 -> 0 | ... N86: =+N10 -> 0 | O86: =SUM(C86:N86) -> 560
B88: Total de Despesas | C88: =SUM(C89:C97) -> 550 | D88: =SUM(D89:D97) -> 0 | E88: =SUM(E89:E97) -> 0 | F88: =SUM(F89:F97) -> 0 | G88: =SUM(G89:G97) -> 0 | H88: =SUM(H89:H97) -> 0 | I88: =SUM(I89:I97) -> 0 | J88: =SUM(J89:J97) -> 0 | ... N88: =SUM(N89:N97) -> 0 | O88: =SUM(C88:N88) -> 550
B89: =+B13 -> Alimentação | C89: =+C13 -> 50 | D89: =+D13 -> 0 | E89: =+E13 -> 0 | F89: =+F13 -> 0 | G89: =+G13 -> 0 | H89: =+H13 -> 0 | I89: =+I13 -> 0 | ... N89: =+N13 -> 0 | O89: =SUM(C89:N89) -> 50
B90: =+B19 -> Moradia | C90: =+C19 -> 120 | D90: =+D19 -> 0 | E90: =+E19 -> 0 | F90: =+F19 -> 0 | G90: =+G19 -> 0 | H90: =+H19 -> 0 | I90: =+I19 -> 0 | ... N90: =+N19 -> 0 | O90: =SUM(C90:N90) -> 120
B91: =+B32 -> Educação | C91: =+C32 -> 40 | D91: =+D32 -> 0 | E91: =+E32 -> 0 | F91: =+F32 -> 0 | G91: =+G32 -> 0 | H91: =+H32 -> 0 | I91: =+I32 -> 0 | ... N91: =+N32 -> 0 | O91: =SUM(C91:N91) -> 40
B92: =+B37 -> Animal de Estimação | C92: =+C37 -> 40 | D92: =+D37 -> 0 | E92: =+E37 -> 0 | F92: =+F37 -> 0 | G92: =+G37 -> 0 | H92: =+H37 -> 0 | I92: =+I37 -> 0 | ... N92: =+N37 -> 0 | O92: =SUM(C92:N92) -> 40
B93: =+B42 -> Saúde | C93: =+C42 -> 60 | D93: =+D42 -> 0 | E93: =+E42 -> 0 | F93: =+F42 -> 0 | G93: =+G42 -> 0 | H93: =+H42 -> 0 | I93: =+I42 -> 0 | ... N93: =+N42 -> 0 | O93: =SUM(C93:N93) -> 60
B94: =+B49 -> Transporte | C94: =+C49 -> 90 | D94: =+D49 -> 0 | E94: =+E49 -> 0 | F94: =+F49 -> 0 | G94: =+G49 -> 0 | H94: =+H49 -> 0 | I94: =+I49 -> 0 | ... N94: =+N49 -> 0 | O94: =SUM(C94:N94) -> 90
B95: =+B59 -> Pessoais | C95: =+C59 -> 40 | D95: =+D59 -> 0 | E95: =+E59 -> 0 | F95: =+F59 -> 0 | G95: =+G59 -> 0 | H95: =+H59 -> 0 | I95: =+I59 -> 0 | ... N95: =+N59 -> 0 | O95: =SUM(C95:N95) -> 40
B96: =+B64 -> Lazer | C96: =+C64 -> 40 | D96: =+D64 -> 0 | E96: =+E64 -> 0 | F96: =+F64 -> 0 | G96: =+G64 -> 0 | H96: =+H64 -> 0 | I96: =+I64 -> 0 | ... N96: =+N64 -> 0 | O96: =SUM(C96:N96) -> 40
B97: =+B70 -> Serviços Financeiros | C97: =+C70 -> 70 | D97: =+D70 -> 0 | E97: =+E70 -> 0 | F97: =+F70 -> 0 | G97: =+G70 -> 0 | H97: =+H70 -> 0 | I97: =+I70 -> 0 | ... N97: =+N70 -> 0 | O97: =SUM(C97:N97) -> 70
B98: Saldo Mensal Receitas (-) Despesas | C98: =+C86-C88 -> 10 | D98: =+D86-D88 -> 0 | E98: =+E86-E88 -> 0 | F98: =+F86-F88 -> 0 | G98: =+G86-G88 -> 0 | H98: =+H86-H88 -> 0 | I98: =+I86-I88 -> 0 | J98: =+J86-J88 -> 0 | ... O98: =+O86-O88 -> 10
B100: Saldo Acumulado no ano | C100: =+C98 -> 10 | D100: =+D98+C100 -> 10 | E100: =+E98+D100 -> 10 | F100: =+F98+E100 -> 10 | G100: =+G98+F100 -> 10 | H100: =+H98+G100 -> 10 | I100: =+I98+H100 -> 10 | J100: =+J98+I100 -> 10 | K100: =+K98+J100 -> 10 | ... N100: =+N98+M100 -> 10
B102: Resumo do fuxo dos meios de pagamentos (entradas e saídas)
B103: Fluxo de caixa | C103: Janeiro | D103: Fevereiro | E103: Março | F103: Abril | G103: Maio | H103: Junho | I103: Julho | J103: Agosto | K103: Setembro | L103: Outubro | M103: Novembro | N103: Dezembro | O103: Total
B104: Receita | C104: =+C10 -> 560 | D104: =+D10 -> 0 | E104: =+E10 -> 0 | F104: =+F10 -> 0 | G104: =+G10 -> 0 | H104: =+H10 -> 0 | I104: =+I10 -> 0 | J104: =+J10 -> 0 | ... N104: =+N10 -> 0 | O104: =SUM(C104:N104) -> 560
B105: Saldo Anterior (conta corrente + dinheiro) | C105: 0 | D105: 0 | E105: 0 | F105: 0 | G105: 0 | H105: 0 | I105: 0 | J105: 0 | K105: 0 | L105: 0 | M105: 0 | N105: 0 | O105: =SUM(C105:N105) -> 0
B106: Pagamentos no cartão de débito | C106: =+C78 -> 550 | D106: =+D78 -> 0 | E106: =+E78 -> 0 | F106: =+F78 -> 0 | G106: =+G78 -> 0 | H106: =+H78 -> 0 | I106: =+I78 -> 0 | J106: =+J78 -> 0 | ... N106: =+N78 -> 0 | O106: =SUM(C106:N106) -> 550
B107: Pagamentos em dinheiro | C107: 0 | D107: 0 | E107: 0 | F107: 0 | G107: 0 | H107: 0 | I107: 0 | J107: 0 | K107: 0 | L107: 0 | M107: 0 | N107: 0 | O107: =SUM(C107:N107) -> 0
...

Sheet Real x Previsto
B1: Orçamento Doméstico
C2: =+Instruções!I19 -> 2026
B3: Comparativo Mês Real x Previsto - | D3: No mês: | E3: Janeiro
B4: Total de Receitas Líquida | C4: Real | D4: Previsto | E4: Dif | H4: Part. % da despesa sobre a receita
B5: =+Codigo!$C$4 -> Receita | C5: =+Real!C86 -> 1000 | D5: =+Previsão!C86 -> 560 | E5: =+C5-D5 -> 440
H6: Real
B7: Total de Despesas | C7: =SUM(C8:C16) -> 1650 | D7: =SUM(D8:D16) -> 550 | E7: =+D7-C7 -> -1100 | H7: =+C7/$C$5 -> 1.65
B8: =+Codigo!$C$10 -> Alimentação | C8: =+Real!C89 -> 1150 | D8: =+Previsão!C89 -> 50 | E8: =+D8-C8 -> -1100 | H8: =+C8/$C$5 -> 1.15
B9: =+Codigo!$C$15 -> Moradia | C9: =+Real!C90 -> 0 | D9: =+Previsão!C90 -> 120 | E9: =+D9-C9 -> 120 | H9: =+C9/$C$5 -> 0
B10: =+Codigo!$C$27 -> Educação | C10: =+Real!C91 -> 0 | D10: =+Previsão!C91 -> 40 | E10: =+D10-C10 -> 40 | H10: =+C10/$C$5 -> 0
B11: =+Codigo!$C$31 -> Animal de Estimação | C11: =+Real!C92 -> 0 | D11: =+Previsão!C92 -> 40 | E11: =+D11-C11 -> 40 | H11: =+C11/$C$5 -> 0
B12: =+Codigo!$C$35 -> Saúde | C12: =+Real!C93 -> 0 | D12: =+Previsão!C93 -> 60 | E12: =+D12-C12 -> 60 | H12: =+C12/$C$5 -> 0
B13: =+Codigo!$C$41 -> Transporte | C13: =+Real!C94 -> 0 | D13: =+Previsão!C94 -> 90 | E13: =+D13-C13 -> 90 | H13: =+C13/$C$5 -> 0
B14: =+Codigo!$C$50 -> Pessoais | C14: =+Real!C95 -> 0 | D14: =+Previsão!C95 -> 40 | E14: =+D14-C14 -> 40 | H14: =+C14/$C$5 -> 0
B15: =+Codigo!$C$54 -> Lazer | C15: =+Real!C96 -> 0 | D15: =+Previsão!C96 -> 40 | E15: =+D15-C15 -> 40 | H15: =+C15/$C$5 -> 0
B16: =+Codigo!$C$59 -> Serviços Financeiros | C16: =+Real!C97 -> 500 | D16: =+Previsão!C97 -> 70 | E16: =+D16-C16 -> -430 | H16: =+C16/$C$5 -> 0.5
B17: Saldo Mensal Receitas (-) Despesas | C17: =+C5-C7 -> -650 | D17: =+D5-D7 -> 10 | E17: =+C17-D17 -> -660
B19: Comparativo Mês Real x Previsto - 2º semestre | D19: Mês: | E19: Fevereiro
B20: Total de Receitas | C20: Real | D20: Previsto | E20: Dif | H20: Part % da despesa sobre a receita
B21: =+Codigo!$C$4 -> Receita | C21: =+Real!D86 -> 0 | D21: =+Previsão!D86 -> 0 | E21: =+C21-D21 -> 0
H22: Real
B23: Total de Despesas | C23: =SUM(C24:C32) -> 0 | D23: =SUM(D24:D32) -> 0 | E23: =+D23-C23 -> 0 | H23: =+C23/$C$21 -> #DIV/0!
B24: =+Codigo!$C$10 -> Alimentação | C24: =+Real!D89 -> 0 | D24: =+Previsão!D89 -> 0 | E24: =+D24-C24 -> 0 | H24: =+C24/$C$21 -> #DIV/0!
B25: =+Codigo!$C$15 -> Moradia | C25: =+Real!D90 -> 0 | D25: =+Previsão!D90 -> 0 | E25: =+D25-C25 -> 0 | H25: =+C25/$C$21 -> #DIV/0!
B26: =+Codigo!$C$27 -> Educação | C26: =+Real!D91 -> 0 | D26: =+Previsão!D91 -> 0 | E26: =+D26-C26 -> 0 | H26: =+C26/$C$21 -> #DIV/0!
B27: =+Codigo!$C$31 -> Animal de Estimação | C27: =+Real!D92 -> 0 | D27: =+Previsão!D92 -> 0 | E27: =+D27-C27 -> 0 | H27: =+C27/$C$21 -> #DIV/0!
B28: =+Codigo!$C$35 -> Saúde | C28: =+Real!D93 -> 0 | D28: =+Previsão!D93 -> 0 | E28: =+D28-C28 -> 0 | H28: =+C28/$C$21 -> #DIV/0!
B29: =+Codigo!$C$41 -> Transporte | C29: =+Real!D94 -> 0 | D29: =+Previsão!D94 -> 0 | E29: =+D29-C29 -> 0 | H29: =+C29/$C$21 -> #DIV/0!
B30: =+Codigo!$C$50 -> Pessoais | C30: =+Real!D95 -> 0 | D30: =+Previsão!D95 -> 0 | E30: =+D30-C30 -> 0 | H30: =+C30/$C$21 -> #DIV/0!
B31: =+Codigo!$C$54 -> Lazer | C31: =+Real!D96 -> 0 | D31: =+Previsão!D96 -> 0 | E31: =+D31-C31 -> 0 | H31: =+C31/$C$21 -> #DIV/0!
B32: =+Codigo!$C$59 -> Serviços Financeiros | C32: =+Real!D97 -> 0 | D32: =+Previsão!D97 -> 0 | E32: =+D32-C32 -> 0 | H32: =+C32/$C$21 -> #DIV/0!
B33: Saldo Mensal Receitas (-) Despesas | C33: =+C21-C23 -> 0 | D33: =+D21-D23 -> 0 | E33: =+C33-D33 -> 0
B35: Comparativo Mês Real x Previsto - 2º semestre | D35: Mês: | E35: Março
B36: Total de Receitas | C36: Real | D36: Previsto | E36: Dif | H36: Part % da despesa sobre a receita
B37: =+Codigo!$C$4 -> Receita | C37: =+Real!E86 -> 0 | D37: =+Previsão!E86 -> 0 | E37: =+C37-D37 -> 0
H38: Real
B39: Total de Despesas | C39: =SUM(C40:C48) -> 0 | D39: =SUM(D40:D48) -> 0 | E39: =+D39-C39 -> 0 | H39: =+C39/$C$37 -> #DIV/0!
B40: =+Codigo!$C$10 -> Alimentação | C40: =+Real!E89 -> 0 | D40: =+Previsão!E89 -> 0 | E40: =+D40-C40 -> 0 | H40: =+C40/$C$37 -> #DIV/0!
B41: =+Codigo!$C$15 -> Moradia | C41: =+Real!E90 -> 0 | D41: =+Previsão!E90 -> 0 | E41: =+D41-C41 -> 0 | H41: =+C41/$C$37 -> #DIV/0!
B42: =+Codigo!$C$27 -> Educação | C42: =+Real!E91 -> 0 | D42: =+Previsão!E91 -> 0 | E42: =+D42-C42 -> 0 | H42: =+C42/$C$37 -> #DIV/0!
B43: =+Codigo!$C$31 -> Animal de Estimação | C43: =+Real!E92 -> 0 | D43: =+Previsão!E92 -> 0 | E43: =+D43-C43 -> 0 | H43: =+C43/$C$37 -> #DIV/0!
B44: =+Codigo!$C$35 -> Saúde | C44: =+Real!E93 -> 0 | D44: =+Previsão!E93 -> 0 | E44: =+D44-C44 -> 0 | H44: =+C44/$C$37 -> #DIV/0!
B45: =+Codigo!$C$41 -> Transporte | C45: =+Real!E94 -> 0 | D45: =+Previsão!E94 -> 0 | E45: =+D45-C45 -> 0 | H45: =+C45/$C$37 -> #DIV/0!
B46: =+Codigo!$C$50 -> Pessoais | C46: =+Real!E95 -> 0 | D46: =+Previsão!E95 -> 0 | E46: =+D46-C46 -> 0 | H46: =+C46/$C$37 -> #DIV/0!
B47: =+Codigo!$C$54 -> Lazer | C47: =+Real!E96 -> 0 | D47: =+Previsão!E96 -> 0 | E47: =+D47-C47 -> 0 | H47: =+C47/$C$37 -> #DIV/0!
B48: =+Codigo!$C$59 -> Serviços Financeiros | C48: =+Real!E97 -> 0 | D48: =+Previsão!E97 -> 0 | E48: =+D48-C48 -> 0 | H48: =+C48/$C$37 -> #DIV/0!
B49: Saldo Mensal Receitas (-) Despesas | C49: =+C37-C39 -> 0 | D49: =+D37-D39 -> 0 | E49: =+C49-D49 -> 0
B51: Comparativo Mês Real x Previsto - 2º semestre | D51: Mês: | E51: Abril
B52: Total de Receitas | C52: Real | D52: Previsto | E52: Dif | H52: Part % da despesa sobre a receita
B53: =+Codigo!$C$4 -> Receita | C53: =+Real!F86 -> 0 | D53: =+Previsão!F86 -> 0 | E53: =+C53-D53 -> 0
H54: Real
B55: Total de Despesas | C55: =SUM(C56:C64) -> 0 | D55: =SUM(D56:D64) -> 0 | E55: =+D55-C55 -> 0 | H55: =+C55/$C$53 -> #DIV/0!
B56: =+Codigo!$C$10 -> Alimentação | C56: =+Real!F89 -> 0 | D56: =+Previsão!F89 -> 0 | E56: =+D56-C56 -> 0 | H56: =+C56/$C$53 -> #DIV/0!
B57: =+Codigo!$C$15 -> Moradia | C57: =+Real!F90 -> 0 | D57: =+Previsão!F90 -> 0 | E57: =+D57-C57 -> 0 | H57: =+C57/$C$53 -> #DIV/0!
B58: =+Codigo!$C$27 -> Educação | C58: =+Real!F91 -> 0 | D58: =+Previsão!F91 -> 0 | E58: =+D58-C58 -> 0 | H58: =+C58/$C$53 -> #DIV/0!
B59: =+Codigo!$C$31 -> Animal de Estimação | C59: =+Real!F92 -> 0 | D59: =+Previsão!F92 -> 0 | E59: =+D59-C59 -> 0 | H59: =+C59/$C$53 -> #DIV/0!
B60: =+Codigo!$C$35 -> Saúde | C60: =+Real!F93 -> 0 | D60: =+Previsão!F93 -> 0 | E60: =+D60-C60 -> 0 | H60: =+C60/$C$53 -> #DIV/0!
B61: =+Codigo!$C$41 -> Transporte | C61: =+Real!F94 -> 0 | D61: =+Previsão!F94 -> 0 | E61: =+D61-C61 -> 0 | H61: =+C61/$C$53 -> #DIV/0!
B62: =+Codigo!$C$50 -> Pessoais | C62: =+Real!F95 -> 0 | D62: =+Previsão!F95 -> 0 | E62: =+D62-C62 -> 0 | H62: =+C62/$C$53 -> #DIV/0!
